Workbook
Name _____________OPT1: #REF!
Name _____________OPT1: #REF!
Name _____________OPT2: #REF!
Name _____________OPT2: #REF!
Name _____________OPT3: #REF!
Name _____________OPT3: #REF!
Name _____________OPT4: #REF!
Name _____________OPT4: #REF!
Name ___________OPT1: #REF!
Name ___________OPT1: #REF!
Name ___________OPT2: #REF!
Name ___________OPT2: #REF!
Name ___________OPT3: #REF!
Name ___________OPT3: #REF!
Name ___________OPT4: #REF!
Name ___________OPT4: #REF!
Name _________OPT1: #REF!
Name _________OPT1: #REF!
Name _________OPT2: #REF!
Name _________OPT2: #REF!
Name _________OPT3: #REF!
Name _________OPT3: #REF!
Name _________OPT4: #REF!
Name _________OPT4: #REF!
Name _______OPT1: #REF!
Name _______OPT1: #REF!
Name _______OPT2: #REF!
Name _______OPT2: #REF!
Name _______OPT3: #REF!
Name _______OPT3: #REF!
Name _______OPT4: #REF!
Name _______OPT4: #REF!
Name _____OPT1: #REF!
Name _____OPT1: #REF!
Name _____OPT2: #REF!
Name _____OPT2: #REF!
Name _____OPT3: #REF!
Name _____OPT3: #REF!
Name _____OPT4: #REF!
Name _____OPT4: #REF!
Name ___OPT1: #REF!
Name ___OPT1: #REF!
Name ___OPT1: #REF!
Name ___OPT2: #REF!
Name ___OPT2: #REF!
Name ___OPT2: #REF!
Name ___OPT3: #REF!
Name ___OPT3: #REF!
Name ___OPT3: #REF!
Name ___OPT4: #REF!
Name ___OPT4: #REF!
Name ___OPT4: #REF!
Name __OPT1: #REF!
Name __OPT1: #REF!
Name __OPT2: #REF!
Name __OPT2: #REF!
Name __OPT3: #REF!
Name __OPT3: #REF!
Name __OPT4: #REF!
Name __OPT4: #REF!

Sheet 1(短期適用)
C1: １ 組合員数、被扶養者数及び標準報酬等に関する調 | U1: 組合員数 人
T2: 単位 | U2: 被扶養者数 人
D3: （短期適用） | U3: 金額 千円
K4: 地方職員共済組合 | M4: 公立学校共済組合 | N4: 警察共済組合 | Q4: 東京都職員 共済組合 | R4: 指定都市職員 共済組合 | S4: 市町村職員 共済組合 | T4: 都市職員 共済組合 | U4: 合計
L5: （再掲）団体共済部
D6: 一般組合員 | F6: 組合員数 | H6: 男 | J6: 1 | K6: 188583 | L6: - | M6: 493249 | N6: 27004 | Q6: 57770 | R6: 89021 | S6: 471808 | T6: 24985 | U6: 1352420 | V6: 1
H7: 女 | J7: 2 | K7: 126670 | L7: - | M7: 567506 | N7: 16471 | Q7: 49269 | R7: 60940 | S7: 415656 | T7: 24773 | U7: 1261285 | V7: 2
H8: 計 | J8: 3 | K8: 315253 | L8: - | M8: 1060755 | N8: 43475 | Q8: 107039 | R8: 149961 | S8: 887464 | T8: 49758 | U8: 2613705 | V8: 3
G9: 被扶養者数 | J9: 4 | K9: 268321 | L9: - | M9: 722910 | N9: 35895 | Q9: 64901 | R9: 123109 | S9: 715978 | T9: 37245 | U9: 1968359 | V9: 4
G10: 標準報酬の月額 | J10: 5 | K10: 136473924 | L10: - | M10: 430044748 | N10: 19671764 | Q10: 47559276 | R10: 64958016 | S10: 339868646 | T10: 20327594 | U10: 1058903968 | V10: 5
G11: 標準期末手当等の額 | J11: 6 | K11: 479632119 | L11: - | M11: 1678809151 | N11: 74527028 | Q11: 177449647 | R11: 235863222 | S11: 1265460408 | T11: 70958688 | U11: 3982700263 | V11: 6
D12: 地方公共団体の 長である組合員 | F12: 組合員数 | H12: 男 | J12: 7 | K12: 45 | L12: - | M12: - | N12: - | Q12: 22 | R12: 10 | S12: 1640 | T12: 24 | U12: 1741 | V12: 7
H13: 女 | J13: 8 | K13: 1 | L13: - | M13: - | N13: - | Q13: 2 | R13: - | S13: 40 | T13: 1 | U13: 44 | V13: 8
H14: 計 | J14: 9 | K14: 46 | L14: - | M14: - | N14: - | Q14: 24 | R14: 10 | S14: 1680 | T14: 25 | U14: 1785 | V14: 9
G15: 被扶養者数 | J15: 10 | K15: 61 | L15: - | M15: - | N15: - | Q15: 15 | R15: 9 | S15: 1558 | T15: 31 | U15: 1674 | V15: 10
G16: 標準報酬の月額 | J16: 11 | K16: 55880 | L16: - | M16: - | N16: - | Q16: 29970 | R16: 11880 | S16: 1334398 | T16: 24830 | U16: 1456958 | V16: 11
G17: 標準期末手当等の額 | J17: 12 | K17: 220585 | L17: - | M17: - | N17: - | Q17: 134298 | R17: 47564 | S17: 5387672 | T17: 113702 | U17: 5903821 | V17: 12
D18: 特定消防組合員 | F18: 組合員数 | H18: 男 | J18: 13 | K18: - | L18: - | M18: - | N18: - | Q18: 17034 | R18: 17837 | S18: 108259 | T18: 5303 | U18: 148433 | V18: 13
H19: 女 | J19: 14 | K19: - | L19: - | M19: - | N19: - | Q19: 1272 | R19: 781 | S19: 2994 | T19: 149 | U19: 5196 | V19: 14
H20: 計 | J20: 15 | K20: - | L20: - | M20: - | N20: - | Q20: 18306 | R20: 18618 | S20: 111253 | T20: 5452 | U20: 153629 | V20: 15
G21: 被扶養者数 | J21: 16 | K21: - | L21: - | M21: - | N21: - | Q21: 25049 | R21: 26536 | S21: 167422 | T21: 8220 | U21: 227227 | V21: 16
G22: 標準報酬の月額 | J22: 17 | K22: - | L22: - | M22: - | N22: - | Q22: 9105970 | R22: 8094750 | S22: 43149052 | T22: 2180270 | U22: 62530042 | V22: 17
G23: 標準期末手当等の額 | J23: 18 | K23: - | L23: - | M23: - | N23: - | Q23: 31580023 | R23: 28591928 | S23: 160167441 | T23: 7898425 | U23: 228237817 | V23: 18
D24: 船員一般組合員 | F24: 組合員数 | H24: 男 | J24: 19 | K24: 900 | L24: - | M24: 558 | N24: - | Q24: 38 | R24: - | S24: 435 | T24: - | U24: 1931 | V24: 19
H25: 女 | J25: 20 | K25: 16 | L25: - | M25: 1 | N25: - | Q25: - | R25: - | S25: 6 | T25: - | U25: 23 | V25: 20
H26: 計 | J26: 21 | K26: 916 | L26: - | M26: 559 | N26: - | Q26: 38 | R26: - | S26: 441 | T26: - | U26: 1954 | V26: 21
G27: 被扶養者数 | J27: 22 | K27: 1256 | L27: - | M27: 604 | N27: - | Q27: 51 | R27: - | S27: 661 | T27: - | U27: 2572 | V27: 22
G28: 標準報酬の月額 | J28: 23 | K28: 370820 | L28: - | M28: 205470 | N28: - | Q28: 14470 | R28: - | S28: 163630 | T28: - | U28: 754390 | V28: 23
G29: 標準期末手当等の額 | J29: 24 | K29: 1419425 | L29: - | M29: 763141 | N29: - | Q29: 44587 | R29: - | S29: 571589 | T29: - | U29: 2798742 | V29: 24
D30: 特定警察組合員 | F30: 組合員数 | H30: 男 | J30: 25 | K30: - | L30: - | M30: - | N30: 226187 | Q30: - | R30: - | S30: - | T30: - | U30: 226187 | V30: 25
H31: 女 | J31: 26 | K31: - | L31: - | M31: - | N31: 27986 | Q31: - | R31: - | S31: - | T31: - | U31: 27986 | V31: 26
H32: 計 | J32: 27 | K32: - | L32: - | M32: - | N32: 254173 | Q32: - | R32: - | S32: - | T32: - | U32: 254173 | V32: 27
G33: 被扶養者数 | J33: 28 | K33: - | L33: - | M33: - | N33: 350420 | Q33: - | R33: - | S33: - | T33: - | U33: 350420 | V33: 28
G34: 標準報酬の月額 | J34: 29 | K34: - | L34: - | M34: - | N34: 118828704 | Q34: - | R34: - | S34: - | T34: - | U34: 118828704 | V34: 29
G35: 標準期末手当等の額 | J35: 30 | K35: - | L35: - | M35: - | N35: 405210028 | Q35: - | R35: - | S35: - | T35: - | U35: 405210028 | V35: 30
D36: 短期組合員 | F36: 組合員数 | H36: 男 | J36: 31 | K36: - | L36: - | M36: - | N36: - | Q36: - | R36: - | S36: - | T36: - | U36: - | V36: 31
H37: 女 | J37: 32 | K37: - | L37: - | M37: - | N37: - | Q37: - | R37: - | S37: - | T37: - | U37: - | V37: 32
H38: 計 | J38: 33 | K38: - | L38: - | M38: - | N38: - | Q38: - | R38: - | S38: - | T38: - | U38: - | V38: 33
G39: 被扶養者数 | J39: 34 | K39: - | L39: - | M39: - | N39: - | Q39: - | R39: - | S39: - | T39: - | U39: - | V39: 34
G40: 標準報酬の月額 | J40: 35 | K40: - | L40: - | M40: - | N40: - | Q40: - | R40: - | S40: - | T40: - | U40: - | V40: 35
G41: 標準期末手当等の額 | J41: 36 | K41: - | L41: - | M41: - | N41: - | Q41: - | R41: - | S41: - | T41: - | U41: - | V41: 36
D42: 任意継続組合員 | F42: 組合員数 | H42: 男 | J42: 31 | K42: 2036 | L42: - | M42: 10246 | N42: 1561 | Q42: 730 | R42: 1124 | S42: 6980 | T42: 311 | U42: 22988 | V42: 31
H43: 女 | J43: 32 | K43: 777 | L43: - | M43: 8168 | N43: 204 | Q43: 487 | R43: 465 | S43: 3229 | T43: 157 | U43: 13487 | V43: 32
H44: 計 | J44: 33 | K44: 2813 | L44: - | M44: 18414 | N44: 1765 | Q44: 1217 | R44: 1589 | S44: 10209 | T44: 468 | U44: 36475 | V44: 33
G45: 被扶養者数 | J45: 34 | K45: 1763 | L45: - | M45: 8964 | N45: 1168 | Q45: 469 | R45: 911 | S45: 5732 | T45: 281 | U45: 19288 | V45: 34
G46: 標準報酬の月額 | J46: 35 | K46: 1073250 | L46: - | M46: 6882040 | N46: 631534 | Q46: 477600 | R46: 596430 | S46: 3624018 | T46: 163050 | U46: 13447922 | V46: 35
G47: 標準期末手当等の額 | J47: 36 | K47: - | L47: - | M47: - | N47: - | Q47: - | R47: - | S47: - | T47: - | U47: - | V47: 36
D48: 合 計 | F48: 組合員数 | H48: 男 | J48: 37 | K48: 191564 | L48: - | M48: 504053 | N48: 254752 | Q48: 75594 | R48: 107992 | S48: 589122 | T48: 30623 | U48: 1753700 | V48: 37
H49: 女 | J49: 38 | K49: 127464 | L49: - | M49: 575675 | N49: 44661 | Q49: 51030 | R49: 62186 | S49: 421925 | T49: 25080 | U49: 1308021 | V49: 38
H50: 計 | J50: 39 | K50: 319028 | L50: - | M50: 1079728 | N50: 299413 | Q50: 126624 | R50: 170178 | S50: 1011047 | T50: 55703 | U50: 3061721 | V50: 39
G51: 被扶養者数 | J51: 40 | K51: 271401 | L51: - | M51: 732478 | N51: 387483 | Q51: 90485 | R51: 150565 | S51: 891351 | T51: 45777 | U51: 2569540 | V51: 40
G52: 標準報酬の月額 | J52: 41 | K52: 137973874 | L52: - | M52: 437132258 | N52: 139132002 | Q52: 57187286 | R52: 73661076 | S52: 388139744 | T52: 22695744 | U52: 1255921984 | V52: 41
G53: 標準期末手当等の額 | J53: 42 | K53: 481272129 | L53: - | M53: 1679572292 | N53: 479737056 | Q53: 209208555 | R53: 264502714 | S53: 1431587110 | T53: 78970815 | U53: 4624850671 | V53: 42
D54: 育児休業等に係る 掛金免除者数 | F54: 組合員数 | H54: 男 | J54: 43 | K54: 430 | L54: - | M54: 1106 | N54: 194 | Q54: 919 | R54: 339 | S54: 953 | T54: 60 | U54: 4001 | V54: 43
H55: 女 | J55: 44 | K55: 8381 | L55: - | M55: 46197 | N55: 4851 | Q55: 2294 | R55: 4592 | S55: 30385 | T55: 2209 | U55: 98909 | V55: 44
H56: 計 | J56: 45 | K56: 8811 | L56: - | M56: 47303 | N56: 5045 | Q56: 3213 | R56: 4931 | S56: 31338 | T56: 2269 | U56: 102910 | V56: 45
G57: 標準報酬の月額 | J57: 46 | K57: 2822824 | L57: - | M57: 16254674 | N57: 1571700 | Q57: 1108300 | R57: 1587620 | S57: 8976798 | T57: 695190 | U57: 33017106 | V57: 46
G58: 標準期末手当等の額 | J58: 47 | K58: 3423049 | L58: - | M58: 15787456 | N58: 1296396 | Q58: 1868783 | R58: 3159205 | S58: 19049962 | T58: 1255604 | U58: 45840455 | V58: 47
D59: 介護保険第２号 被保険者数 | F59: 組合員数 | H59: 男 | J59: 48 | K59: 123749 | L59: - | M59: 292351 | N59: 128161 | Q59: 41137 | R59: 69438 | S59: 349165 | T59: 17657 | U59: 1021658 | V59: 48
H60: 女 | J60: 49 | K60: 64477 | L60: - | M60: 323820 | N60: 15443 | Q60: 27520 | R60: 32053 | S60: 226130 | T60: 11691 | U60: 701134 | V60: 49
H61: 計 | J61: 50 | K61: 188226 | L61: - | M61: 616171 | N61: 143604 | Q61: 68657 | R61: 101491 | S61: 575295 | T61: 29348 | U61: 1722792 | V61: 50
G62: 被扶養者数 | J62: 51 | K62: 54431 | L62: - | M62: 112826 | N62: 68477 | Q62: 63362 | R62: 32523 | S62: 140594 | T62: 8512 | U62: 480725 | V62: 51
G63: 標準報酬の月額 | J63: 52 | K63: 92682606 | L63: - | M63: 282164322 | N63: 79149152 | Q63: 35442272 | R63: 49873732 | S63: 252975456 | T63: 13779960 | U63: 806067500 | V63: 52
D64: 令和２年度 合 計 | F64: 組合員数 | H64: 男 | J64: 53 | K64: 191632 | L64: - | M64: 505587 | N64: 256316 | Q64: 75551 | R64: 108441 | S64: 587963 | T64: 30513 | U64: 1756003 | V64: 53
H65: 女 | J65: 54 | K65: 122491 | L65: - | M65: 570136 | N65: 43280 | Q65: 50989 | R65: 59893 | S65: 395369 | T65: 23536 | U65: 1265694 | V65: 54
H66: 計 | J66: 55 | K66: 314123 | L66: - | M66: 1075723 | N66: 299596 | Q66: 126540 | R66: 168334 | S66: 983332 | T66: 54049 | U66: 3021697 | V66: 55
G67: 被扶養者数 | J67: 56 | K67: 276782 | L67: - | M67: 738026 | N67: 385298 | Q67: 91142 | R67: 152923 | S67: 894023 | T67: 45742 | U67: 2583936 | V67: 56
G68: 標準報酬の月額 | J68: 57 | K68: 135444804 | L68: - | M68: 434557284 | N68: 138508538 | Q68: 56516254 | R68: 72715090 | S68: 379590238 | T68: 21978826 | U68: 1239311034 | V68: 57
G69: 標準期末手当等の額 | J69: 58 | K69: 492535826 | L69: - | M69: 1729932542 | N69: 491962729 | Q69: 215858881 | R69: 273293474 | S69: 1437109515 | T69: 78486771 | U69: 4719179738 | V69: 58
D70: 令和元年度 合 計 | F70: 組合員数 | H70: 男 | J70: 59 | K70: 190437 | L70: - | M70: 466807 | N70: 257804 | Q70: 75065 | R70: 107443 | S70: 586622 | T70: 30179 | U70: 1714357 | V70: 59
H71: 女 | J71: 60 | K71: 114597 | L71: - | M71: 502171 | N71: 41606 | Q71: 50228 | R71: 57616 | S71: 378147 | T71: 22826 | U71: 1167191 | V71: 60
H72: 計 | J72: 61 | K72: 305034 | L72: - | M72: 968978 | N72: 299410 | Q72: 125293 | R72: 165059 | S72: 964769 | T72: 53005 | U72: 2881548 | V72: 61
G73: 被扶養者数 | J73: 62 | K73: 281825 | L73: - | M73: 724440 | N73: 385599 | Q73: 91158 | R73: 153867 | S73: 900580 | T73: 45698 | U73: 2583167 | V73: 62
G74: 標準報酬の月額 | J74: 63 | K74: 134651052 | L74: - | M74: 407796364 | N74: 141662034 | Q74: 57952802 | R74: 73555722 | S74: 381312030 | T74: 22101226 | U74: 1219031230 | V74: 63
G75: 標準期末手当等の額 | J75: 64 | K75: 494768017 | L75: - | M75: 1648964181 | N75: 492950046 | Q75: 219912505 | R75: 276269905 | S75: 1448513059 | T75: 78919559 | U75: 4660297272 | V75: 64

Sheet 1(長期適用)
R2: 単位 | S2: 組合員数 人
D3: （長期適用） | S3: 金額 千円
K4: 地方職員共済組合 | M4: 公立学校共済組合 | P4: 警察共済組合 | Q4: 東京都職員 共済組合 | R4: 全国市町村職員 共済組合連合会 | S4: 合計
L5: （再掲）団体共済部
D6: 一般組合員 | F6: 組合員数 | H6: 男 | J6: 1 | K6: 188609 | L6: - | M6: 493249 | P6: 27004 | Q6: 57770 | R6: 585814 | S6: 1352446 | T6: 1
H7: 女 | J7: 2 | K7: 126674 | L7: - | M7: 567506 | P7: 16471 | Q7: 49269 | R7: 501369 | S7: 1261289 | T7: 2
H8: 計 | J8: 3 | K8: 315283 | L8: - | M8: 1060755 | P8: 43475 | Q8: 107039 | R8: 1087183 | S8: 2613735 | T8: 3
G9: 標準報酬の月額 | J9: 4 | K9: 130950874 | L9: - | M9: 429088948 | P9: 19339604 | Q9: 46570556 | R9: 414570756 | S9: 1040520738 | T9: 4
G10: 標準期末手当等の額 | J10: 5 | K10: 476584838 | L10: - | M10: 1677690433 | P10: 73717205 | Q10: 175747933 | R10: 1566240404 | S10: 3969980813 | T10: 5
D11: 地方公共団体の 長である組合員 | F11: 組合員数 | H11: 男 | J11: 6 | K11: 45 | L11: - | M11: - | P11: - | Q11: 22 | R11: 1674 | S11: 1741 | T11: 6
H12: 女 | J12: 7 | K12: 1 | L12: - | M12: - | P12: - | Q12: 2 | R12: 41 | S12: 44 | T12: 7
H13: 計 | J13: 8 | K13: 46 | L13: - | M13: - | P13: - | Q13: 24 | R13: 1715 | S13: 1785 | T13: 8
G14: 標準報酬の月額 | J14: 9 | K14: 29900 | L14: - | M14: - | P14: - | Q14: 15600 | R14: 1102408 | S14: 1147908 | T14: 9
G15: 標準期末手当等の額 | J15: 10 | K15: 119483 | L15: - | M15: - | P15: - | Q15: 78267 | R15: 4546755 | S15: 4744505 | T15: 10
D16: 特定消防組合員 | F16: 組合員数 | H16: 男 | J16: 11 | K16: - | L16: - | M16: - | P16: - | Q16: 17034 | R16: 131399 | S16: 148433 | T16: 11
H17: 女 | J17: 12 | K17: - | L17: - | M17: - | P17: - | Q17: 1272 | R17: 3924 | S17: 5196 | T17: 12
H18: 計 | J18: 13 | K18: - | L18: - | M18: - | P18: - | Q18: 18306 | R18: 135323 | S18: 153629 | T18: 13
G19: 標準報酬の月額 | J19: 14 | K19: - | L19: - | M19: - | P19: - | Q19: 9030570 | R19: 53414822 | S19: 62445392 | T19: 14
G20: 標準期末手当等の額 | J20: 15 | K20: - | L20: - | M20: - | P20: - | Q20: 31573741 | R20: 196657241 | S20: 228230982 | T20: 15
D21: 長期組合員 | F21: 組合員数 | H21: 男 | J21: 16 | K21: 7093 | L21: 7093 | M21: - | P21: - | Q21: - | R21: 132 | S21: 7225 | T21: 16
H22: 女 | J22: 17 | K22: 6715 | L22: 6715 | M22: - | P22: - | Q22: - | R22: 17 | S22: 6732 | T22: 17
H23: 計 | J23: 18 | K23: 13808 | L23: 13808 | M23: - | P23: - | Q23: - | R23: 149 | S23: 13957 | T23: 18
G24: 標準報酬の月額 | J24: 19 | K24: 5504350 | L24: 5504350 | M24: - | P24: - | Q24: - | R24: 66140 | S24: 5570490 | T24: 19
G25: 標準期末手当等の額 | J25: 20 | K25: 19875505 | L25: 19875505 | M25: - | P25: - | Q25: - | R25: 240938 | S25: 20116443 | T25: 20
D26: 特定消防 長期組合員 | F26: 組合員数 | H26: 男 | J26: 21 | K26: - | L26: - | M26: - | P26: - | Q26: - | R26: - | S26: - | T26: 21
H27: 女 | J27: 22 | K27: - | L27: - | M27: - | P27: - | Q27: - | R27: - | S27: - | T27: 22
H28: 計 | J28: 23 | K28: - | L28: - | M28: - | P28: - | Q28: - | R28: - | S28: - | T28: 23
G29: 標準報酬の月額 | J29: 24 | K29: - | L29: - | M29: - | P29: - | Q29: - | R29: - | S29: - | T29: 24
G30: 標準期末手当等の額 | J30: 25 | K30: - | L30: - | M30: - | P30: - | Q30: - | R30: - | S30: - | T30: 25
D31: 船員一般組合員 | F31: 組合員数 | H31: 男 | J31: 21 | K31: 900 | L31: - | M31: 558 | P31: - | Q31: 38 | R31: 435 | S31: 1931 | T31: 21
H32: 女 | J32: 22 | K32: 16 | L32: - | M32: 1 | P32: - | Q32: - | R32: 6 | S32: 23 | T32: 22
H33: 計 | J33: 23 | K33: 916 | L33: - | M33: 559 | P33: - | Q33: 38 | R33: 441 | S33: 1954 | T33: 23
G34: 標準報酬の月額 | J34: 24 | K34: 370790 | L34: - | M34: 205370 | P34: - | Q34: 14470 | R34: 163630 | S34: 754260 | T34: 24
G35: 標準期末手当等の額 | J35: 25 | K35: 1419425 | L35: - | M35: 763141 | P35: - | Q35: 44587 | R35: 571589 | S35: 2798742 | T35: 25
D36: 継続長期組合員 | F36: 組合員数 | H36: 男 | J36: 26 | K36: 187 | L36: - | M36: 3 | P36: 89 | Q36: 433 | R36: 303 | S36: 1015 | T36: 26
H37: 女 | J37: 27 | K37: 7 | L37: - | M37: 1 | P37: 2 | Q37: 47 | R37: 21 | S37: 78 | T37: 27
H38: 計 | J38: 28 | K38: 194 | L38: - | M38: 4 | P38: 91 | Q38: 480 | R38: 324 | S38: 1093 | T38: 28
G39: 標準報酬の月額 | J39: 29 | K39: 89740 | L39: - | M39: 1660 | P39: 50190 | Q39: 233650 | R39: 164360 | S39: 539600 | T39: 29
G40: 標準期末手当等の額 | J40: 30 | K40: 314611 | L40: - | M40: 7014 | P40: 206371 | Q40: 932196 | R40: 653741 | S40: 2113933 | T40: 30
D41: 特定警察組合員 | F41: 組合員数 | H41: 男 | J41: 31 | K41: - | L41: - | M41: - | P41: 226187 | Q41: - | R41: - | S41: 226187 | T41: 31
H42: 女 | J42: 32 | K42: - | L42: - | M42: - | P42: 27986 | Q42: - | R42: - | S42: 27986 | T42: 32
H43: 計 | J43: 33 | K43: - | L43: - | M43: - | P43: 254173 | Q43: - | R43: - | S43: 254173 | T43: 33
G44: 標準報酬の月額 | J44: 34 | K44: - | L44: - | M44: - | P44: 117976674 | Q44: - | R44: - | S44: 117976674 | T44: 34
G45: 標準期末手当等の額 | J45: 35 | K45: - | L45: - | M45: - | P45: 405192351 | Q45: - | R45: - | S45: 405192351 | T45: 35
D46: 特例継続組合員 | F46: 組合員数 | H46: 男 | J46: 36 | K46: - | L46: - | M46: - | P46: - | Q46: - | R46: - | S46: - | T46: 36
H47: 女 | J47: 37 | K47: - | L47: - | M47: - | P47: - | Q47: - | R47: - | S47: - | T47: 37
H48: 計 | J48: 38 | K48: - | L48: - | M48: - | P48: - | Q48: - | R48: - | S48: - | T48: 38
G49: 標準報酬の月額 | J49: 39 | K49: - | L49: - | M49: - | P49: - | Q49: - | R49: - | S49: - | T49: 39
D50: 合計 | F50: 組合員数 | H50: 男 | J50: 36 | K50: 196834 | L50: 7093 | M50: 493810 | P50: 253280 | Q50: 75297 | R50: 719757 | S50: 1738978 | T50: 36
H51: 女 | J51: 37 | K51: 133413 | L51: 6715 | M51: 567508 | P51: 44459 | Q51: 50590 | R51: 505378 | S51: 1301348 | T51: 37
H52: 計 | J52: 38 | K52: 330247 | L52: 13808 | M52: 1061318 | P52: 297739 | Q52: 125887 | R52: 1225135 | S52: 3040326 | T52: 38
G53: 標準報酬の月額 | J53: 39 | K53: 136945654 | L53: 5504350 | M53: 429295978 | P53: 137366468 | Q53: 55864846 | R53: 469482116 | S53: 1228955062 | T53: 39
G54: 標準期末手当等の額 | J54: 40 | K54: 498313862 | L54: 19875505 | M54: 1678460588 | P54: 479115927 | Q54: 208376724 | R54: 1768910668 | S54: 4633177769 | T54: 40
D55: 育児休業等に係る 掛金免除者数 | F55: 組合員数 | H55: 男 | J55: 41 | K55: 440 | L55: 10 | M55: 1106 | P55: 194 | Q55: 919 | R55: 1350 | S55: 4009 | T55: 41
H56: 女 | J56: 42 | K56: 8717 | L56: 336 | M56: 46197 | P56: 4851 | Q56: 2294 | R56: 37184 | S56: 99243 | T56: 42
H57: 計 | J57: 43 | K57: 9157 | L57: 346 | M57: 47303 | P57: 5045 | Q57: 3213 | R57: 38534 | S57: 103252 | T57: 43
G58: 標準報酬の月額 | J58: 44 | K58: 2898196 | L58: 105462 | M58: 16253394 | P58: 1571520 | Q58: 1105090 | R58: 11209088 | S58: 33037288 | T58: 44
D59: 令和２年度 合 計 | F59: 組合員数 | H59: 男 | J59: 45 | K59: 196956 | L59: 7079 | M59: 495840 | P59: 254760 | Q59: 75330 | R59: 719298 | S59: 1742184 | T59: 45
H60: 女 | J60: 46 | K60: 128263 | L60: 6553 | M60: 562204 | P60: 43072 | Q60: 50557 | R60: 474857 | S60: 1258953 | T60: 46
H61: 計 | J61: 47 | K61: 325219 | L61: 13632 | M61: 1058044 | P61: 297832 | Q61: 125887 | R61: 1194155 | S61: 3001137 | T61: 47
G62: 標準報酬の月額 | J62: 48 | K62: 134571374 | L62: 5427874 | M62: 426995284 | P62: 136806618 | Q62: 55320688 | R62: 459720008 | S62: 1213413972 | T62: 48
G63: 標準期末手当等の額 | J63: 49 | K63: 509820411 | L63: 20122992 | M63: 1728570102 | P63: 491189368 | Q63: 214813769 | R63: 1782163487 | S63: 4726557137 | T63: 49
D64: 令和元年度 合 計 | F64: 組合員数 | H64: 男 | J64: 50 | K64: 195634 | L64: 7040 | M64: 456574 | P64: 256265 | Q64: 74921 | R64: 715868 | S64: 1699262 | T64: 50
H65: 女 | J65: 51 | K65: 120224 | L65: 6426 | M65: 493579 | P65: 41443 | Q65: 49803 | R65: 454368 | S65: 1159417 | T65: 51
H66: 計 | J66: 52 | K66: 315858 | L66: 13466 | M66: 950153 | P66: 297708 | Q66: 124724 | R66: 1170236 | S66: 2858679 | T66: 52
G67: 標準報酬の月額 | J67: 53 | K67: 133136460 | L67: 5387796 | M67: 399316484 | P67: 138905514 | Q67: 56188742 | R67: 460636916 | S67: 1188184116 | T67: 53
G68: 標準期末手当等の額 | J68: 54 | K68: 511826414 | L68: 20060458 | M68: 1647393153 | P68: 492096752 | Q68: 219071206 | R68: 1796360639 | S68: 4666748164 | T68: 54
D71: ３．平成27年10月1日より、指定都市職員共済組合の長期給付事業は全国市町村職員共済組合連合会で一元的に行っている。

Sheet 2
D1: ２ 福祉施設に関する調
M4: 地方職員共済組合 | N4: 公立学校共済組合 | O4: 警察共済組合 | R4: 東京都職員 共済組合 | S4: 指定都市職員 共済組合 | T4: 市町村職員 共済組合 | U4: 都市職員共済組合 | V4: 合計
G6: 数 | L6: 1 | M6: - | N6: 8 | O6: - | R6: - | S6: - | T6: - | U6: - | V6: 8 | W6: 1
D7: 医療機関 | G7: 病床数 | J7: 普通 | L7: 2 | M7: - | N7: 2537 | O7: - | R7: - | S7: - | T7: - | U7: - | V7: 2537 | W7: 2
D8: (病院) | J8: 結核 | L8: 3 | M8: - | N8: 6 | O8: - | R8: - | S8: - | T8: - | U8: - | V8: 6 | W8: 3
J9: 計 | L9: 4 | M9: - | N9: 2543 | O9: - | R9: - | S9: - | T9: - | U9: - | V9: 2543 | W9: 4
G10: 数 | L10: 5 | M10: - | N10: - | O10: - | R10: - | S10: - | T10: - | U10: - | V10: - | W10: 5
D11: 医療機関 | G11: 病床数 | J11: 普通 | L11: 6 | M11: - | N11: - | O11: - | R11: - | S11: - | T11: - | U11: - | V11: - | W11: 6
D12: (療養所) | J12: 結核 | L12: 7 | M12: - | N12: - | O12: - | R12: - | S12: - | T12: - | U12: - | V12: - | W12: 7
J13: 計 | L13: 8 | M13: - | N13: - | O13: - | R13: - | S13: - | T13: - | U13: - | V13: - | W13: 8
D14: 医療機関(直営診療所) 数 | L14: 9 | M14: 20 | N14: - | O14: 5 | R14: 1 | S14: - | T14: - | U14: - | V14: 26 | W14: 9
G15: 数 | L15: 10 | M15: 20 | N15: 8 | O15: 5 | R15: 1 | S15: - | T15: - | U15: - | V15: 34 | W15: 10
D16: 医療機関 | G16: 病床数 | J16: 普通 | L16: 11 | M16: - | N16: 2537 | O16: - | R16: - | S16: - | T16: - | U16: - | V16: 2537 | W16: 11
D17: (合計) | J17: 結核 | L17: 12 | M17: - | N17: 6 | O17: - | R17: - | S17: - | T17: - | U17: - | V17: 6 | W17: 12
J18: 計 | L18: 13 | M18: - | N18: 2543 | O18: - | R18: - | S18: - | T18: - | U18: - | V18: 2543 | W18: 13
D19: 保養所 | G19: 数 | L19: 14 | M19: 3 | N19: 8 | O19: 1 | R19: 1 | S19: 1 | T19: 20 | U19: - | V19: 34 | W19: 14
G20: 収容人員 | L20: 15 | M20: 258 | N20: 2214 | O20: 97 | R20: 138 | S20: 15 | T20: 1808 | U20: - | V20: 4530 | W20: 15
D21: 宿泊所 | G21: 数 | L21: 16 | M21: 13 | N21: 28 | O21: 4 | R21: 1 | S21: - | T21: 17 | U21: 1 | V21: 64 | W21: 16
G22: 収容人員 | L22: 17 | M22: 1105 | N22: 27060 | O22: 499 | R22: 244 | S22: - | T22: 2112 | U22: 155 | V22: 31175 | W22: 17

Sheet 3
C1: ３ 短期法定給付支給状況調
Z3: 単位 | AA3: 件 数 件
AA4: 日 数 日
AA5: 金 額 千円
AA6: 回 数 回
AA7: 処方せん枚数 枚
AA8: 高額療養件数 件
R10: 地方職員共済組合 | S10: 公立学校共済組合 | T10: 警察共済組合 | W10: 東京都職員 共済組合 | X10: 指定都市職員 共済組合 | Y10: 市町村職員 共済組合 | Z10: 都市職員 共済組合 | AA10: 合計
C12: 保健給付 | E12: 療養の給付 | G12: 一般 | K12: 入院 | O12: 件数 | Q12: 1 | R12: 25415 | S12: 88671 | T12: 18635 | W12: 9517 | X12: 13801 | Y12: 81309 | Z12: 4623 | AA12: 241971 | AB12: 1
O13: 日数 | Q13: 2 | R13: 196475 | S13: 648705 | T13: 144583 | W13: 72623 | X13: 105993 | Y13: 635511 | Z13: 33741 | AA13: 1837631 | AB13: 2
O14: 金額 | Q14: 3 | R14: 8751171 | S14: 29052709 | T14: 6784992 | W14: 3507141 | X14: 5191672 | Y14: 27599611 | Z14: 1462633 | AA14: 82349930 | AB14: 3
K15: 外来 | O15: 件数 | Q15: 4 | R15: 1960836 | S15: 6653897 | T15: 1406269 | W15: 807211 | X15: 1108283 | Y15: 5944115 | Z15: 329219 | AA15: 18209830 | AB15: 4
O16: 日数 | Q16: 5 | R16: 2622767 | S16: 8937147 | T16: 1831826 | W16: 1128413 | X16: 1545063 | Y16: 7961922 | Z16: 439775 | AA16: 24466913 | AB16: 5
O17: 金額 | Q17: 6 | R17: 16936710 | S17: 54905739 | T17: 11838700 | W17: 7199431 | X17: 9524034 | Y17: 49985682 | Z17: 2763827 | AA17: 153154124 | AB17: 6
H18: 歯科 | O18: 件数 | Q18: 7 | R18: 565056 | S18: 2040564 | T18: 427639 | W18: 238933 | X18: 316669 | Y18: 1746644 | Z18: 96645 | AA18: 5432150 | AB18: 7
O19: 日数 | Q19: 8 | R19: 872890 | S19: 3227700 | T19: 703351 | W19: 379818 | X19: 501506 | Y19: 2752795 | Z19: 150165 | AA19: 8588225 | AB19: 8
O20: 金額 | Q20: 9 | R20: 4818238 | S20: 17337849 | T20: 3953722 | W20: 2011663 | X20: 2846891 | Y20: 14809665 | Z20: 848911 | AA20: 46626939 | AB20: 9
H21: 小計 | O21: 件数 | Q21: 10 | R21: 2551307 | S21: 8783132 | T21: 1852543 | W21: 1055661 | X21: 1438753 | Y21: 7772068 | Z21: 430487 | AA21: 23883951 | AB21: 10
O22: 日数 | Q22: 11 | R22: 3692132 | S22: 12813552 | T22: 2679760 | W22: 1580854 | X22: 2152562 | Y22: 11350228 | Z22: 623681 | AA22: 34892769 | AB22: 11
O23: 金額 | Q23: 12 | R23: 30506119 | S23: 101296297 | T23: 22577414 | W23: 12718235 | X23: 17562597 | Y23: 92394958 | Z23: 5075372 | AA23: 282130992 | AB23: 12
H24: 一般 | O24: 件数 | Q24: 13 | R24: 21813 | S24: 74640 | T24: 16551 | W24: 8061 | X24: 11723 | Y24: 70870 | Z24: 3835 | AA24: 207493 | AB24: 13
O25: 回数 | Q25: 14 | R25: 434921 | S25: 1403217 | T25: 323932 | W25: 159266 | X25: 231321 | Y25: 1404938 | Z25: 71091 | AA25: 4028686 | AB25: 14
O26: 金額 | Q26: 15 | R26: 90284 | S26: 283937 | T26: 67943 | W26: 32985 | X26: 49207 | Y26: 291173 | Z26: 14562 | AA26: 830091 | AB26: 15
H27: 歯科 | O27: 件数 | Q27: 16 | R27: 600 | S27: 1663 | T27: 417 | W27: 110 | X27: 253 | Y27: 1895 | Z27: 209 | AA27: 5147 | AB27: 16
O28: 回数 | Q28: 17 | R28: 4174 | S28: 11959 | T28: 2901 | W28: 1167 | X28: 2072 | Y28: 12549 | Z28: 1152 | AA28: 35974 | AB28: 17
O29: 金額 | Q29: 18 | R29: 832 | S29: 2360 | T29: 564 | W29: 227 | X29: 401 | Y29: 2506 | Z29: 234 | AA29: 7123 | AB29: 18
H30: 小計 | O30: 件数 | Q30: 19 | R30: 22413 | S30: 76303 | T30: 16968 | W30: 8171 | X30: 11976 | Y30: 72765 | Z30: 4044 | AA30: 212640 | AB30: 19
O31: 回数 | Q31: 20 | R31: 439095 | S31: 1415176 | T31: 326833 | W31: 160433 | X31: 233393 | Y31: 1417487 | Z31: 72243 | AA31: 4064660 | AB31: 20
O32: 金額 | Q32: 21 | R32: 91116 | S32: 286297 | T32: 68508 | W32: 33212 | X32: 49608 | Y32: 293680 | Z32: 14796 | AA32: 837215 | AB32: 21
F33: 訪問看護 療養の給付 | O33: 件数 | Q33: 22 | R33: 1095 | S33: 2457 | T33: 459 | W33: 506 | X33: 614 | Y33: 2592 | Z33: 99 | AA33: 7822 | AB33: 22
O34: 日数 | Q34: 23 | R34: 9277 | S34: 15372 | T34: 3789 | W34: 3297 | X34: 3776 | Y34: 16706 | Z34: 700 | AA34: 52917 | AB34: 23
O35: 金額 | Q35: 24 | R35: 86183 | S35: 130037 | T35: 31054 | W35: 28403 | X35: 30184 | Y35: 142775 | Z35: 5996 | AA35: 454632 | AB35: 24
E36: 家族療養の給付 | G36: 一般 | K36: 入院 | O36: 件数 | Q36: 25 | R36: 22402 | S36: 64480 | T36: 33626 | W36: 7247 | X36: 12048 | Y36: 78751 | Z36: 4200 | AA36: 222754 | AB36: 25
O37: 日数 | Q37: 26 | R37: 204102 | S37: 574281 | T37: 245440 | W37: 61344 | X37: 99342 | Y37: 694467 | Z37: 34008 | AA37: 1912984 | AB37: 26
O38: 金額 | Q38: 27 | R38: 8259357 | S38: 23655618 | T38: 11056789 | W38: 2699620 | X38: 4600058 | Y38: 28117762 | Z38: 1591748 | AA38: 79980952 | AB38: 27
K39: 外来 | O39: 件数 | Q39: 28 | R39: 1694216 | S39: 4642864 | T39: 2548959 | W39: 620321 | X39: 981469 | Y39: 5540104 | Z39: 292389 | AA39: 16320322 | AB39: 28
O40: 日数 | Q40: 29 | R40: 2353043 | S40: 6522575 | T40: 3553171 | W40: 868027 | X40: 1402469 | Y40: 7697979 | Z40: 405418 | AA40: 22802682 | AB40: 29
O41: 金額 | Q41: 30 | R41: 13394521 | S41: 37010711 | T41: 19755598 | W41: 4898470 | X41: 7983418 | Y41: 43161868 | Z41: 2359202 | AA41: 128563788 | AB41: 30
H42: 歯科 | O42: 件数 | Q42: 31 | R42: 473146 | S42: 1273374 | T42: 705932 | W42: 161678 | X42: 274551 | Y42: 1490072 | Z42: 84200 | AA42: 4462953 | AB42: 31
O43: 日数 | Q43: 32 | R43: 660381 | S43: 1771584 | T43: 961154 | W43: 225094 | X43: 385996 | Y43: 2083677 | Z43: 114603 | AA43: 6202489 | AB43: 32
O44: 金額 | Q44: 33 | R44: 3642582 | S44: 9893444 | T44: 5369938 | W44: 1215142 | X44: 2261926 | Y44: 11364380 | Z44: 668649 | AA44: 34416061 | AB44: 33
H45: 小計 | O45: 件数 | Q45: 34 | R45: 2189764 | S45: 5980718 | T45: 3288517 | W45: 789246 | X45: 1268068 | Y45: 7108927 | Z45: 380789 | AA45: 21006029 | AB45: 34
O46: 日数 | Q46: 35 | R46: 3217526 | S46: 8868440 | T46: 4759765 | W46: 1154465 | X46: 1887807 | Y46: 10476123 | Z46: 554029 | AA46: 30918155 | AB46: 35
O47: 金額 | Q47: 36 | R47: 25296460 | S47: 70559773 | T47: 36182326 | W47: 8813233 | X47: 14845402 | Y47: 82644010 | Z47: 4619599 | AA47: 242960801 | AB47: 36
H48: 一般 | O48: 件数 | Q48: 37 | R48: 18488 | S48: 52043 | T48: 26280 | W48: 5755 | X48: 9740 | Y48: 63746 | Z48: 3244 | AA48: 179296 | AB48: 37
O49: 回数 | Q49: 38 | R49: 464731 | S49: 1287827 | T49: 493970 | W49: 129597 | X49: 218268 | Y49: 1535080 | Z49: 66117 | AA49: 4195590 | AB49: 38
O50: 金額 | Q50: 39 | R50: 96841 | S50: 272407 | T50: 103070 | W50: 26018 | X50: 46631 | Y50: 326536 | Z50: 13814 | AA50: 885319 | AB50: 39
H51: 歯科 | O51: 件数 | Q51: 40 | R51: 536 | S51: 1322 | T51: 575 | W51: 72 | X51: 284 | Y51: 1702 | Z51: 126 | AA51: 4617 | AB51: 40
O52: 回数 | Q52: 41 | R52: 3931 | S52: 11062 | T52: 3392 | W52: 581 | X52: 1650 | Y52: 11573 | Z52: 658 | AA52: 32847 | AB52: 41
O53: 金額 | Q53: 42 | R53: 793 | S53: 2147 | T53: 663 | W53: 112 | X53: 328 | Y53: 2246 | Z53: 130 | AA53: 6418 | AB53: 42
H54: 小計 | O54: 件数 | Q54: 43 | R54: 19024 | S54: 53365 | T54: 26855 | W54: 5827 | X54: 10024 | Y54: 65448 | Z54: 3370 | AA54: 183913 | AB54: 43
O55: 回数 | Q55: 44 | R55: 468662 | S55: 1298889 | T55: 497362 | W55: 130178 | X55: 219918 | Y55: 1546653 | Z55: 66775 | AA55: 4228437 | AB55: 44
O56: 金額 | Q56: 45 | R56: 97634 | S56: 274554 | T56: 103733 | W56: 26130 | X56: 46959 | Y56: 328783 | Z56: 13943 | AA56: 891737 | AB56: 45
F57: 家族訪問看護 療養の給付 | O57: 件数 | Q57: 46 | R57: 5102 | S57: 13921 | T57: 6378 | W57: 2225 | X57: 3701 | Y57: 12983 | Z57: 672 | AA57: 44982 | AB57: 46
O58: 日数 | Q58: 47 | R58: 29359 | S58: 84035 | T58: 33098 | W58: 12468 | X58: 21916 | Y58: 80029 | Z58: 4036 | AA58: 264941 | AB58: 47
O59: 金額 | Q59: 48 | R59: 259876 | S59: 746844 | T59: 299630 | W59: 112362 | X59: 187680 | Y59: 719477 | Z59: 36834 | AA59: 2362704 | AB59: 48
E60: 高額療養の給付 | G60: 一般 | K60: 入院 | O60: 件数 | Q60: 49 | R60: 19222 | S60: 60571 | T60: 17857 | W60: 6203 | X60: 10667 | Y60: 67543 | Z60: 3129 | AA60: 185192 | AB60: 49
O61: 金額 | Q61: 50 | R61: 3438744 | S61: 10844808 | T61: 3159378 | W61: 1191069 | X61: 2071451 | Y61: 11684671 | Z61: 586504 | AA61: 32976625 | AB61: 50
K62: 外来 | O62: 件数 | Q62: 51 | R62: 10978 | S62: 46166 | T62: 10832 | W62: 6302 | X62: 7362 | Y62: 49039 | Z62: 2483 | AA62: 133162 | AB62: 51
O63: 金額 | Q63: 52 | R63: 1816318 | S63: 5086548 | T63: 1392271 | W63: 720392 | X63: 924090 | Y63: 5467986 | Z63: 310173 | AA63: 15717778 | AB63: 52
H64: 歯科 | O64: 件数 | Q64: 53 | R64: 293 | S64: 837 | T64: 150 | W64: 53 | X64: 137 | Y64: 1558 | Z64: 62 | AA64: 3090 | AB64: 53
O65: 金額 | Q65: 54 | R65: 33062 | S65: 89321 | T65: 18324 | W65: 7628 | X65: 31234 | Y65: 128063 | Z65: 5900 | AA65: 313533 | AB65: 54
H66: 小計 | O66: 件数 | Q66: 55 | R66: 30493 | S66: 107574 | T66: 28839 | W66: 12558 | X66: 18166 | Y66: 118140 | Z66: 5674 | AA66: 321444 | AB66: 55
O67: 金額 | Q67: 56 | R67: 5288124 | S67: 16020678 | T67: 4569973 | W67: 1919089 | X67: 3026776 | Y67: 17280720 | Z67: 902577 | AA67: 49007936 | AB67: 56
Z70: 単位 | AA70: 件 数 件
AA71: 日 数 日
AA72: 金 額 千円
AA73: 回 数 回
AA74: 処方せん枚数 枚
AA75: 高額療養件数 件
R77: 地方職員共済組合 | S77: 公立学校共済組合 | T77: 警察共済組合 | W77: 東京都職員 共済組合 | X77: 指定都市職員 共済組合 | Y77: 市町村職員 共済組合 | Z77: 都市職員 共済組合 | AA77: 合計
C79: 保健給付 | E79: 療養費 | G79: 一般 | K79: 入院 | O79: 件数 | Q79: 57 | R79: 242 | S79: 546 | T79: 172 | W79: 3 | X79: 125 | Y79: 721 | Z79: 33 | AA79: 1842 | AB79: 57
O80: 日数 | Q80: 58 | R80: 421 | S80: 169 | T80: 102 | W80: - | X80: 60 | Y80: 246 | Z80: 3 | AA80: 1001 | AB80: 58
O81: 金額 | Q81: 59 | R81: 3720 | S81: 24477 | T81: 7496 | W81: 37 | X81: 4955 | Y81: 26398 | Z81: 1115 | AA81: 68198 | AB81: 59
K82: 外来 | O82: 件数 | Q82: 60 | R82: 88518 | S82: 599264 | T82: 74589 | W82: 57214 | X82: 72958 | Y82: 411837 | Z82: 19287 | AA82: 1323667 | AB82: 60
O83: 日数 | Q83: 61 | R83: 310744 | S83: 2192688 | T83: 256666 | W83: 57903 | X83: 183068 | Y83: 1464078 | Z83: 68099 | AA83: 4533246 | AB83: 61
O84: 金額 | Q84: 62 | R84: 365028 | S84: 2439414 | T84: 294717 | W84: 274047 | X84: 319116 | Y84: 1634016 | Z84: 76281 | AA84: 5402619 | AB84: 62
H85: 歯科 | O85: 件数 | Q85: 63 | R85: 39 | S85: 578 | T85: 5 | W85: 5 | X85: 36 | Y85: 87 | Z85: 2 | AA85: 752 | AB85: 63
O86: 日数 | Q86: 64 | R86: 49 | S86: 983 | T86: 6 | W86: 7 | X86: 44 | Y86: 118 | Z86: 5 | AA86: 1212 | AB86: 64
O87: 金額 | Q87: 65 | R87: 305 | S87: 4982 | T87: 34 | W87: 22 | X87: 247 | Y87: 743 | Z87: 33 | AA87: 6366 | AB87: 65
H88: 小計 | O88: 件数 | Q88: 66 | R88: 88799 | S88: 600388 | T88: 74766 | W88: 57222 | X88: 73119 | Y88: 412645 | Z88: 19322 | AA88: 1326261 | AB88: 66
O89: 日数 | Q89: 67 | R89: 311214 | S89: 2193840 | T89: 256774 | W89: 57910 | X89: 183172 | Y89: 1464442 | Z89: 68107 | AA89: 4535459 | AB89: 67
O90: 金額 | Q90: 68 | R90: 369053 | S90: 2468873 | T90: 302247 | W90: 274105 | X90: 324318 | Y90: 1661157 | Z90: 77430 | AA90: 5477184 | AB90: 68
H91: 一般 | O91: 件数 | Q91: 69 | R91: 1 | S91: 41 | T91: 1 | W91: 12 | X91: - | Y91: 26 | Z91: - | AA91: 81 | AB91: 69
O92: 回数 | Q92: 70 | R92: 48 | S92: 680 | T92: 9 | W92: 459 | X92: - | Y92: 124 | Z92: - | AA92: 1320 | AB92: 70
O93: 金額 | Q93: 71 | R93: 1 | S93: 183 | T93: 2 | W93: 42 | X93: - | Y93: 93 | Z93: - | AA93: 321 | AB93: 71
H94: 歯科 | O94: 件数 | Q94: 72 | R94: - | S94: - | T94: - | W94: - | X94: - | Y94: - | Z94: - | AA94: - | AB94: 72
O95: 回数 | Q95: 73 | R95: - | S95: - | T95: - | W95: - | X95: - | Y95: - | Z95: - | AA95: - | AB95: 73
O96: 金額 | Q96: 74 | R96: - | S96: - | T96: - | W96: - | X96: - | Y96: - | Z96: - | AA96: - | AB96: 74
H97: 小計 | O97: 件数 | Q97: 75 | R97: 1 | S97: 41 | T97: 1 | W97: 12 | X97: - | Y97: 26 | Z97: - | AA97: 81 | AB97: 75
O98: 回数 | Q98: 76 | R98: 48 | S98: 680 | T98: 9 | W98: 459 | X98: - | Y98: 124 | Z98: - | AA98: 1320 | AB98: 76
O99: 金額 | Q99: 77 | R99: 1 | S99: 183 | T99: 2 | W99: 42 | X99: - | Y99: 93 | Z99: - | AA99: 321 | AB99: 77
E100: 家族療養費 | G100: 一般 | K100: 入院 | O100: 件数 | Q100: 78 | R100: 113 | S100: 465 | T100: 205 | W100: 65 | X100: 132 | Y100: 633 | Z100: 25 | AA100: 1638 | AB100: 78
O101: 日数 | Q101: 79 | R101: 159 | S101: 798 | T101: 301 | W101: 245 | X101: 181 | Y101: 735 | Z101: 18 | AA101: 2437 | AB101: 79
O102: 金額 | Q102: 80 | R102: 5623 | S102: 33639 | T102: 8405 | W102: 5332 | X102: 5687 | Y102: 31517 | Z102: 1091 | AA102: 91294 | AB102: 80
K103: 外来 | O103: 件数 | Q103: 81 | R103: 52727 | S103: 188834 | T103: 72545 | W103: 20986 | X103: 37471 | Y103: 210225 | Z103: 10285 | AA103: 593073 | AB103: 81
O104: 日数 | Q104: 82 | R104: 190706 | S104: 686082 | T104: 259917 | W104: 20805 | X104: 94825 | Y104: 749984 | Z104: 37456 | AA104: 2039775 | AB104: 82
O105: 金額 | Q105: 83 | R105: 277709 | S105: 972086 | T105: 386701 | W105: 122777 | X105: 211546 | Y105: 1067057 | Z105: 54496 | AA105: 3092371 | AB105: 83
H106: 歯科 | O106: 件数 | Q106: 84 | R106: 74 | S106: 693 | T106: 71 | W106: 47 | X106: 29 | Y106: 194 | Z106: 1 | AA106: 1109 | AB106: 84
O107: 日数 | Q107: 85 | R107: 88 | S107: 924 | T107: 49 | W107: 69 | X107: 40 | Y107: 238 | Z107: 3 | AA107: 1411 | AB107: 85
...

Sheet 4
C1: ４ 短期附加給付支給状況調
T2: 単位 | U2: 件数 件
U3: 金額 千円
L4: 地方職員共済組合 | M4: 公立学校共済組合 | N4: 警察共済組合 | Q4: 東京都職員 共済組合 | R4: 指定都市職員 共済組合 | S4: 市町村職員 共済組合 | T4: 都市職員 共済組合 | U4: 合計
C6: 保健給付 | F6: 家族療養費 | I6: 件数 | K6: 1 | L6: 13455 | M6: 54735 | N6: 18267 | Q6: 3623 | R6: 6751 | S6: 41960 | T6: 2297 | U6: 141088 | V6: 1
I7: 金額 | K7: 2 | L7: 528050 | M7: 1481831 | N7: 718535 | Q7: 154808 | R7: 278030 | S7: 1458332 | T7: 84019 | U7: 4703605 | V7: 2
F8: 家族訪問看護 療養費 | I8: 件数 | K8: 3 | L8: 24 | M8: 662 | N8: 82 | Q8: 3 | R8: 14 | S8: 57 | T8: - | U8: 842 | V8: 3
I9: 金額 | K9: 4 | L9: 234 | M9: 3754 | N9: 1111 | Q9: 16 | R9: 174 | S9: 668 | T9: - | U9: 5957 | V9: 4
F10: 出産費 | I10: 件数 | K10: 5 | L10: 5178 | M10: 23289 | N10: 2409 | Q10: 1896 | R10: 2063 | S10: 6068 | T10: 809 | U10: 41712 | V10: 5
I11: 金額 | K11: 6 | L11: 155370 | M11: 1164450 | N11: 125380 | Q11: 96050 | R11: 46452 | S11: 120945 | T11: 16180 | U11: 1724827 | V11: 6
F12: 家族出産費 | I12: 件数 | K12: 7 | L12: 1676 | M12: 5853 | N12: 6322 | Q12: 711 | R12: 840 | S12: 2465 | T12: 204 | U12: 18071 | V12: 7
I13: 金額 | K13: 8 | L13: 50280 | M13: 292650 | N13: 369550 | Q13: 35900 | R13: 17808 | S13: 49010 | T13: 4080 | U13: 819278 | V13: 8
F14: 埋葬料 | I14: 件数 | K14: 9 | L14: - | M14: 634 | N14: 81 | Q14: 110 | R14: 93 | S14: 449 | T14: 35 | U14: 1402 | V14: 9
I15: 金額 | K15: 10 | L15: - | M15: 18206 | N15: 4050 | Q15: 5473 | R15: 4260 | S15: 20810 | T15: 1490 | U15: 54289 | V15: 10
F16: 家族埋葬料 | I16: 件数 | K16: 11 | L16: - | M16: 415 | N16: 132 | Q16: 37 | R16: 60 | S16: 362 | T16: 28 | U16: 1034 | V16: 11
I17: 金額 | K17: 12 | L17: - | M17: 11042 | N17: 6600 | Q17: 1850 | R17: 2850 | S17: 16610 | T17: 1140 | U17: 40092 | V17: 12
F18: 小計 | I18: 件数 | K18: 13 | L18: 20333 | M18: 85588 | N18: 27293 | Q18: 6380 | R18: 9821 | S18: 51361 | T18: 3373 | U18: 204149 | V18: 13
I19: 金額 | K19: 14 | L19: 733934 | M19: 2971932 | N19: 1225226 | Q19: 294097 | R19: 349575 | S19: 1666376 | T19: 106909 | U19: 7348048 | V19: 14
F20: 直営保健給付 家族療養費 | I20: 件数 | K20: 15 | L20: - | M20: 144 | N20: - | Q20: - | R20: - | S20: - | T20: - | U20: 144 | V20: 15
I21: 金額 | K21: 16 | L21: - | M21: 4541 | N21: - | Q21: - | R21: - | S21: - | T21: - | U21: 4541 | V21: 16
F22: 計 | I22: 件数 | K22: 17 | L22: 20333 | M22: 85732 | N22: 27293 | Q22: 6380 | R22: 9821 | S22: 51361 | T22: 3373 | U22: 204293 | V22: 17
I23: 金額 | K23: 18 | L23: 733934 | M23: 2976473 | N23: 1225226 | Q23: 294097 | R23: 349575 | S23: 1666376 | T23: 106909 | U23: 7352589 | V23: 18
C24: 休業給付 | F24: 傷病手当金 | I24: 件数 | K24: 19 | L24: 953 | M24: 2037 | N24: 672 | Q24: 667 | R24: 175 | S24: 489 | T24: - | U24: 4993 | V24: 19
I25: 金額 | K25: 20 | L25: 208250 | M25: 434197 | N25: 141722 | Q25: 153894 | R25: 47526 | S25: 101764 | T25: - | U25: 1087353 | V25: 20
F26: 出産手当金 | I26: 件数 | K26: 21 | L26: - | M26: - | N26: - | Q26: - | R26: - | S26: - | T26: - | U26: - | V26: 21
I27: 金額 | K27: 22 | L27: - | M27: - | N27: - | Q27: - | R27: - | S27: - | T27: - | U27: - | V27: 22
F28: 休業手当金 | I28: 件数 | K28: 23 | L28: - | M28: - | N28: - | Q28: - | R28: - | S28: - | T28: - | U28: - | V28: 23
I29: 金額 | K29: 24 | L29: - | M29: - | N29: - | Q29: - | R29: - | S29: - | T29: - | U29: - | V29: 24
F30: 小計 | I30: 件数 | K30: 25 | L30: 953 | M30: 2037 | N30: 672 | Q30: 667 | R30: 175 | S30: 489 | T30: - | U30: 4993 | V30: 25
I31: 金額 | K31: 26 | L31: 208250 | M31: 434197 | N31: 141722 | Q31: 153894 | R31: 47526 | S31: 101764 | T31: - | U31: 1087353 | V31: 26
C32: 災害給付 | F32: 弔慰金 | I32: 件数 | K32: 27 | L32: - | M32: - | N32: - | Q32: - | R32: - | S32: - | T32: - | U32: - | V32: 27
I33: 金額 | K33: 28 | L33: - | M33: - | N33: - | Q33: - | R33: - | S33: - | T33: - | U33: - | V33: 28
F34: 家族弔慰金 | I34: 件数 | K34: 29 | L34: - | M34: - | N34: - | Q34: - | R34: - | S34: - | T34: - | U34: - | V34: 29
I35: 金額 | K35: 30 | L35: - | M35: - | N35: - | Q35: - | R35: - | S35: - | T35: - | U35: - | V35: 30
F36: 災害見舞金 | I36: 件数 | K36: 31 | L36: - | M36: - | N36: - | Q36: - | R36: - | S36: - | T36: - | U36: - | V36: 31
I37: 金額 | K37: 32 | L37: - | M37: - | N37: - | Q37: - | R37: - | S37: - | T37: - | U37: - | V37: 32
F38: 小計 | I38: 件数 | K38: 33 | L38: - | M38: - | N38: - | Q38: - | R38: - | S38: - | T38: - | U38: - | V38: 33
I39: 金額 | K39: 34 | L39: - | M39: - | N39: - | Q39: - | R39: - | S39: - | T39: - | U39: - | V39: 34
D40: 入院附加金 | I40: 件数 | K40: 35 | L40: - | M40: - | N40: - | Q40: - | R40: - | S40: - | T40: - | U40: - | V40: 35
I41: 金額 | K41: 36 | L41: - | M41: - | N41: - | Q41: - | R41: - | S41: - | T41: - | U41: - | V41: 36
D42: 結婚手当金 | I42: 件数 | K42: 37 | L42: - | M42: - | N42: - | Q42: - | R42: - | S42: - | T42: - | U42: - | V42: 37
I43: 金額 | K43: 38 | L43: - | M43: - | N43: - | Q43: - | R43: - | S43: - | T43: - | U43: - | V43: 38
D44: 合計 | I44: 件数 | K44: 37 | L44: 21286 | M44: 87769 | N44: 27965 | Q44: 7047 | R44: 9996 | S44: 51850 | T44: 3373 | U44: 209286 | V44: 37
I45: 金額 | K45: 38 | L45: 942183 | M45: 3410670 | N45: 1366949 | Q45: 447991 | R45: 397101 | S45: 1768140 | T45: 106909 | U45: 8439942 | V45: 38
D46: 一部負担金の 額等の払戻し | I46: 件数 | K46: 39 | L46: 31028 | M46: 137833 | N46: 24204 | Q46: 11331 | R46: 16431 | S46: 98486 | T46: 5285 | U46: 324598 | V46: 39
I47: 金額 | K47: 40 | L47: 1076703 | M47: 4033106 | N47: 930043 | Q47: 419517 | R47: 590180 | S47: 3156997 | T47: 179701 | U47: 10386248 | V47: 40
D48: 総計 | I48: 件数 | K48: 41 | L48: 52314 | M48: 225602 | N48: 52169 | Q48: 18378 | R48: 26427 | S48: 150336 | T48: 8658 | U48: 533884 | V48: 41
I49: 金額 | K49: 42 | L49: 2018886 | M49: 7443776 | N49: 2296992 | Q49: 867508 | R49: 987281 | S49: 4925137 | T49: 286610 | U49: 18826190 | V49: 42
D50: 令和２年度総計 | I50: 件数 | K50: 43 | L50: 50953 | M50: 215007 | N50: 51893 | Q50: 17478 | R50: 26032 | S50: 145874 | T50: 8031 | U50: 515268 | V50: 43
I51: 金額 | K51: 44 | L51: 1929510 | M51: 7227360 | N51: 2304137 | Q51: 830033 | R51: 973681 | S51: 4783567 | T51: 267103 | U51: 18315391 | V51: 44
D52: 令和元年度総計 | I52: 件数 | K52: 45 | L52: 51492 | M52: 210938 | N52: 54338 | Q52: 18129 | R52: 26372 | S52: 151507 | T52: 8310 | U52: 521086 | V52: 45
I53: 金額 | K53: 46 | L53: 1958326 | M53: 7162041 | N53: 2405736 | Q53: 863501 | R53: 1036175 | S53: 5062421 | T53: 281806 | U53: 18770006 | V53: 46

Sheet 5
C1: ５ 長期給付支給状況調
X2: 単位 | Y2: 件数 件
Y3: 金額 千円
Q4: 地方職員共済組合 | S4: 公立学校共済組合 | V4: 警察共済組合 | W4: 東京都職員 共済組合 | X4: 全国市町村職員 共済組合連合会 | Y4: 合計
R5: (再掲)団体共済部
F6: 老齢厚生年金 | M6: 65歳以上 | O6: 件数 | P6: 1 | Q6: 466874 | R6: 27769 | S6: 1523013 | V6: 366186 | W6: 208430 | X6: 1968916 | Y6: 4533419 | Z6: 1
C7: 厚生年金保険給付 | O7: 金額 | P7: 2 | Q7: 82447206 | R7: 3526881 | S7: 295361735 | V7: 76338542 | W7: 35598547 | X7: 342554570 | Y7: 832300601 | Z7: 2
M8: 65歳未満 | O8: 件数 | P8: 3 | Q8: 68841 | R8: 6824 | S8: 548054 | V8: 171561 | W8: 55193 | X8: 561444 | Y8: 1405093 | Z8: 3
O9: 金額 | P9: 4 | Q9: 8473334 | R9: 501979 | S9: 86578929 | V9: 22585679 | W9: 6533750 | X9: 73982966 | Y9: 198154659 | Z9: 4
M10: 繰上げ 支給 | O10: 件数 | P10: 5 | Q10: 12 | R10: - | S10: 78 | V10: 336 | W10: - | X10: 131 | Y10: 557 | Z10: 5
O11: 金額 | P11: 6 | Q11: 531 | R11: - | S11: 7889 | V11: 41066 | W11: - | X11: 9030 | Y11: 58516 | Z11: 6
M12: 小計 | O12: 件数 | P12: 7 | Q12: 535727 | R12: 34593 | S12: 2071145 | V12: 538083 | W12: 263623 | X12: 2530491 | Y12: 5939069 | Z12: 7
O13: 金額 | P13: 8 | Q13: 90921072 | R13: 4028860 | S13: 381948553 | V13: 98965287 | W13: 42132298 | X13: 416546566 | Y13: 1030513776 | Z13: 8
F14: 障害厚生年金 | O14: 件数 | P14: 9 | Q14: 6093 | R14: 295 | S14: 19445 | V14: 6597 | W14: 2436 | X14: 22172 | Y14: 56743 | Z14: 9
O15: 金額 | P15: 10 | Q15: 1107417 | R15: 53695 | S15: 3889904 | V15: 998707 | W15: 377051 | X15: 3855241 | Y15: 10228320 | Z15: 10
F16: 障害手当金 | O16: 件数 | P16: 11 | Q16: 1 | R16: - | S16: 1 | V16: 1 | W16: 1 | X16: 4 | Y16: 8 | Z16: 11
O17: 金額 | P17: 12 | Q17: 2530 | R17: - | S17: 1614 | V17: 1528 | W17: 1606 | X17: 6897 | Y17: 14175 | Z17: 12
F18: 遺族厚生年金 | O18: 件数 | P18: 13 | Q18: 63416 | R18: 3314 | S18: 114659 | V18: 51031 | W18: 27114 | X18: 242663 | Y18: 498883 | Z18: 13
O19: 金額 | P19: 14 | Q19: 9463812 | R19: 317706 | S19: 16960036 | V19: 8249725 | W19: 4014867 | X19: 33145638 | Y19: 71834078 | Z19: 14
F20: 脱退一時金 | O20: 件数 | P20: 15 | Q20: 4 | R20: 4 | S20: 2 | V20: - | W20: - | X20: - | Y20: 6 | Z20: 15
O21: 金額 | P21: 16 | Q21: 7397 | R21: 7397 | S21: 2127 | V21: - | W21: - | X21: - | Y21: 9524 | Z21: 16
F22: 退職年金 | M22: 終身 | O22: 件数 | P22: 17 | Q22: 83380 | R22: 5404 | S22: 269426 | V22: 62108 | W22: 31899 | X22: 315073 | Y22: 761886 | Z22: 17
C23: 退職等年金給付 | O23: 金額 | P23: 18 | Q23: 42271 | R23: 3442 | S23: 149772 | V23: 27495 | W23: 19297 | X23: 166211 | Y23: 405045 | Z23: 18
M24: 有期 （240月） | O24: 件数 | P24: 19 | Q24: 16215 | R24: 836 | S24: 99226 | V24: 10058 | W24: 9672 | X24: 195513 | Y24: 330684 | Z24: 19
O25: 金額 | P25: 20 | Q25: 8202 | R25: 503 | S25: 51860 | V25: 5116 | W25: 6243 | X25: 106337 | Y25: 177758 | Z25: 20
M26: 有期 （120月） | O26: 件数 | P26: 21 | Q26: 38633 | R26: 3321 | S26: 139999 | V26: 33308 | W26: 19727 | X26: 65653 | Y26: 297320 | Z26: 21
O27: 金額 | P27: 22 | Q27: 46092 | R27: 4938 | S27: 171067 | V27: 35389 | W27: 28003 | X27: 86025 | Y27: 366576 | Z27: 22
M28: 小計 | O28: 件数 | P28: 23 | Q28: 138228 | R28: 9561 | S28: 508651 | V28: 105474 | W28: 61298 | X28: 576239 | Y28: 1389890 | Z28: 23
O29: 金額 | P29: 24 | Q29: 96565 | R29: 8882 | S29: 372699 | V29: 68000 | W29: 53543 | X29: 358573 | Y29: 949379 | Z29: 24
F30: 有期退職年金一時金 | O30: 件数 | P30: 25 | Q30: 2269 | R30: 76 | S30: 2629 | V30: 1982 | W30: 182 | X30: 3455 | Y30: 10517 | Z30: 25
O31: 金額 | P31: 26 | Q31: 270437 | R31: 9248 | S31: 309433 | V31: 164810 | W31: 23559 | X31: 414713 | Y31: 1182951 | Z31: 26
F32: 整理退職一時金 | O32: 件数 | P32: 27 | Q32: - | R32: - | S32: - | V32: 1 | W32: - | X32: 2 | Y32: 3 | Z32: 27
O33: 金額 | P33: 28 | Q33: - | R33: - | S33: - | V33: 283 | W33: - | X33: 483 | Y33: 766 | Z33: 28
F34: 遺族に対する一時金 | O34: 件数 | P34: 29 | Q34: 354 | R34: 14 | S34: 1012 | V34: 252 | W34: 131 | X34: 1618 | Y34: 3367 | Z34: 29
O35: 金額 | P35: 30 | Q35: 84013 | R35: 1991 | S35: 174708 | V35: 59981 | W35: 29861 | X35: 257767 | Y35: 606329 | Z35: 30
F36: 公務障害年金 | O36: 件数 | P36: 31 | Q36: - | R36: - | S36: 24 | V36: 21 | W36: - | X36: 20 | Y36: 65 | Z36: 31
O37: 金額 | P37: 32 | Q37: - | R37: - | S37: 6779 | V37: 5346 | W37: - | X37: 12760 | Y37: 24885 | Z37: 32
F38: 公務遺族年金 | O38: 件数 | P38: 33 | Q38: 53 | R38: - | S38: 81 | V38: 214 | W38: 10 | X38: 330 | Y38: 688 | Z38: 33
O39: 金額 | P39: 34 | Q39: 6467 | R39: - | S39: 11406 | V39: 14710 | W39: 659 | X39: 45975 | Y39: 79217 | Z39: 34
F40: 既裁定 | I40: 65歳以上 | O40: 件数 | P40: 35 | Q40: 981526 | R40: 89701 | S40: 2540991 | V40: 557051 | W40: 460162 | X40: 3506933 | Y40: 8046663 | Z40: 35
C41: 退職共済年金 | O41: 金額 | P41: 36 | Q41: 239180742 | R41: 8772535 | S41: 705253149 | V41: 151629574 | W41: 111360053 | X41: 786491754 | Y41: 1993915273 | Z41: 36
I42: 65歳未満 | O42: 件数 | P42: 37 | Q42: - | R42: - | S42: - | V42: - | W42: - | X42: - | Y42: - | Z42: 37
O43: 金額 | P43: 38 | Q43: - | R43: - | S43: - | V43: - | W43: - | X43: - | Y43: - | Z43: 38
I44: 繰上げ支給 | O44: 件数 | P44: 39 | Q44: 18250 | R44: 794 | S44: 95910 | V44: 13486 | W44: 3440 | X44: 80799 | Y44: 211885 | Z44: 39
O45: 金額 | P45: 40 | Q45: 4104731 | R45: 90232 | S45: 21804194 | V45: 3180181 | W45: 735246 | X45: 17148779 | Y45: 46973131 | Z45: 40
I46: 小計 | O46: 件数 | P46: 41 | Q46: 999776 | R46: 90495 | S46: 2636901 | V46: 570537 | W46: 463602 | X46: 3587732 | Y46: 8258548 | Z46: 41
O47: 金額 | P47: 42 | Q47: 243285473 | R47: 8862767 | S47: 727057343 | V47: 154809755 | W47: 112095299 | X47: 803640533 | Y47: 2040888403 | Z47: 42
F48: 職域 | I48: 65歳以上 | O48: 件数 | P48: 43 | Q48: 451420 | R48: 25330 | S48: 1461031 | V48: 352418 | W48: 204419 | X48: 1902403 | Y48: 4371691 | Z48: 43
O49: 金額 | P49: 44 | Q49: 15564102 | R49: 610807 | S49: 53939694 | V49: 13793218 | W49: 6639348 | X49: 62741970 | Y49: 152678332 | Z49: 44
I50: 65歳未満 | O50: 件数 | P50: 45 | Q50: 72970 | R50: 6524 | S50: 510433 | V50: 168225 | W50: 57447 | X50: 548498 | Y50: 1357573 | Z50: 45
O51: 金額 | P51: 46 | Q51: 2204558 | R51: 120407 | S51: 17039311 | V51: 6000485 | W51: 1630546 | X51: 15910135 | Y51: 42785035 | Z51: 46
I52: 繰上げ支給 | O52: 件数 | P52: 47 | Q52: 12 | R52: - | S52: 78 | V52: 336 | W52: - | X52: 133 | Y52: 559 | Z52: 47
O53: 金額 | P53: 48 | Q53: 99 | R53: - | S53: 1602 | V53: 7536 | W53: - | X53: 1871 | Y53: 11108 | Z53: 48
I54: 小計 | O54: 件数 | P54: 49 | Q54: 524402 | R54: 31854 | S54: 1971542 | V54: 520979 | W54: 261866 | X54: 2451034 | Y54: 5729823 | Z54: 49
O55: 金額 | P55: 50 | Q55: 17768759 | R55: 731214 | S55: 70980607 | V55: 19801239 | W55: 8269894 | X55: 78653976 | Y55: 195474475 | Z55: 50
F56: 追加費用 | I56: 65歳以上 | O56: 件数 | P56: 51 | Q56: 204 | R56: 120 | S56: 89 | V56: - | W56: 22 | X56: 393 | Y56: 708 | Z56: 51
O57: 金額 | P57: 52 | Q57: 38401 | R57: 21443 | S57: 8424 | V57: - | W57: 1128 | X57: 32786 | Y57: 80739 | Z57: 52
I58: 65歳未満 | O58: 件数 | P58: 53 | Q58: - | R58: - | S58: - | V58: - | W58: - | X58: - | Y58: - | Z58: 53
O59: 金額 | P59: 54 | Q59: - | R59: - | S59: - | V59: - | W59: - | X59: - | Y59: - | Z59: 54
I60: 繰上げ支給 | O60: 件数 | P60: 55 | Q60: - | R60: - | S60: - | V60: - | W60: - | X60: - | Y60: - | Z60: 55
O61: 金額 | P61: 56 | Q61: - | R61: - | S61: - | V61: - | W61: - | X61: - | Y61: - | Z61: 56
I62: 小計 | O62: 件数 | P62: 57 | Q62: 204 | R62: 120 | S62: 89 | V62: - | W62: 22 | X62: 393 | Y62: 708 | Z62: 57
O63: 金額 | P63: 58 | Q63: 38401 | R63: 21443 | S63: 8424 | V63: - | W63: 1128 | X63: 32786 | Y63: 80739 | Z63: 58
D64: 退職年金 | O64: 件数 | P64: 59 | Q64: 46333 | R64: 1174 | S64: 269634 | V64: 30654 | W64: 12731 | X64: 120020 | Y64: 479372 | Z64: 59
O65: 金額 | P65: 60 | Q65: 18082149 | R65: 163454 | S65: 94853704 | V65: 12222774 | W65: 4757747 | X65: 38493417 | Y65: 168409791 | Z65: 60
D66: 減額退職年金 | O66: 件数 | P66: 61 | Q66: 6965 | R66: 378 | S66: 24444 | V66: 1342 | W66: 1289 | X66: 20032 | Y66: 54072 | Z66: 61
O67: 金額 | P67: 62 | Q67: 1452234 | R67: 37121 | S67: 6031146 | V67: 295154 | W67: 319285 | X67: 4573746 | Y67: 12671565 | Z67: 62
D68: 通算退職年金 | O68: 件数 | P68: 63 | Q68: 1313 | R68: 454 | S68: 2812 | V68: 176 | W68: 694 | X68: 14860 | Y68: 19855 | Z68: 63
O69: 金額 | P69: 64 | Q69: 130983 | R69: 13989 | S69: 338704 | V69: 27066 | W69: 110013 | X69: 1432368 | Y69: 2039134 | Z69: 64
D70: 退職一時金 | O70: 件数 | P70: 65 | Q70: 4 | R70: 4 | S70: - | V70: - | W70: - | X70: - | Y70: 4 | Z70: 65
O71: 金額 | P71: 66 | Q71: 55 | R71: 55 | S71: - | V71: - | W71: - | X71: - | Y71: 55 | Z71: 66
D72: 脱退一時金 | O72: 件数 | P72: 67 | Q72: - | R72: - | S72: - | V72: - | W72: - | X72: 2 | Y72: 2 | Z72: 67
O73: 金額 | P73: 68 | Q73: - | R73: - | S73: - | V73: - | W73: - | X73: 3120 | Y73: 3120 | Z73: 68
D74: 返還一時金 | O74: 件数 | P74: 69 | Q74: - | R74: - | S74: - | V74: 1 | W74: - | X74: - | Y74: 1 | Z74: 69
O75: 金額 | P75: 70 | Q75: - | R75: - | S75: - | V75: 298 | W75: - | X75: - | Y75: 298 | Z75: 70
X78: 単位 | Y78: 件数 件
Y79: 金額 千円
Q80: 地方職員共済組合 | S80: 公立学校共済組合 | V80: 警察共済組合 | W80: 東京都職員 共済組合 | X80: 全国市町村職員 共済組合連合会 | Y80: 合計
R81: (再掲)団体共済部
F82: 既裁定 | I82: 公務等 | O82: 件数 | P82: 71 | Q82: 373 | R82: 12 | S82: 1109 | V82: 1021 | W82: 146 | X82: 1419 | Y82: 4068 | Z82: 71
C83: 障害共済年金 | O83: 金額 | P83: 72 | Q83: 135516 | R83: 1943 | S83: 479222 | V83: 296445 | W83: 56030 | X83: 533299 | Y83: 1500512 | Z83: 72
I84: 公務外 | O84: 件数 | P84: 73 | Q84: 14494 | R84: 1424 | S84: 45231 | V84: 9361 | W84: 4940 | X84: 50732 | Y84: 124758 | Z84: 73
O85: 金額 | P85: 74 | Q85: 2351014 | R85: 113128 | S85: 8450313 | V85: 1502656 | W85: 743468 | X85: 8400147 | Y85: 21447599 | Z85: 74
I86: 小計 | O86: 件数 | P86: 75 | Q86: 14867 | R86: 1436 | S86: 46340 | V86: 10382 | W86: 5086 | X86: 52151 | Y86: 128826 | Z86: 75
O87: 金額 | P87: 76 | Q87: 2486530 | R87: 115071 | S87: 8929535 | V87: 1799101 | W87: 799498 | X87: 8933446 | Y87: 22948111 | Z87: 76
F88: 職域 | I88: 公務等 | O88: 件数 | P88: 77 | Q88: 18 | R88: - | S88: 88 | V88: 58 | W88: 18 | X88: 73 | Y88: 255 | Z88: 77
O89: 金額 | P89: 78 | Q89: 3812 | R89: - | S89: 19819 | V89: 8357 | W89: 4583 | X89: 19278 | Y89: 55850 | Z89: 78
I90: 公務外 | O90: 件数 | P90: 79 | Q90: 2941 | R90: 121 | S90: 9641 | V90: 2047 | W90: 1370 | X90: 10539 | Y90: 26538 | Z90: 79
O91: 金額 | P91: 80 | Q91: 77970 | R91: 3166 | S91: 294307 | V91: 53644 | W91: 34709 | X91: 271909 | Y91: 732540 | Z91: 80
I92: 小計 | O92: 件数 | P92: 81 | Q92: 2959 | R92: 121 | S92: 9729 | V92: 2105 | W92: 1388 | X92: 10612 | Y92: 26793 | Z92: 81
O93: 金額 | P93: 82 | Q93: 81783 | R93: 3166 | S93: 314126 | V93: 62001 | W93: 39293 | X93: 291187 | Y93: 788389 | Z93: 82
F94: 追加費用 | O94: 件数 | P94: 83 | Q94: - | R94: - | S94: - | V94: - | W94: - | X94: - | Y94: - | Z94: 83
O95: 金額 | P95: 84 | Q95: - | R95: - | S95: - | V95: - | W95: - | X95: - | Y95: - | Z95: 84
C96: 障害年金 | F96: 公務上 | O96: 件数 | P96: 85 | Q96: 78 | R96: - | S96: 244 | V96: 97 | W96: 98 | X96: 278 | Y96: 795 | Z96: 85
O97: 金額 | P97: 86 | Q97: 38844 | R97: - | S97: 130697 | V97: 52686 | W97: 7877 | X97: 142484 | Y97: 372587 | Z97: 86
F98: 公務外 | O98: 件数 | P98: 87 | Q98: 1291 | R98: 100 | S98: 7475 | V98: 628 | W98: 475 | X98: 5221 | Y98: 15090 | Z98: 87
O99: 金額 | P99: 88 | Q99: 374225 | R99: 13935 | S99: 2275938 | V99: 174588 | W99: 125639 | X99: 1320942 | Y99: 4271333 | Z99: 88
F100: 小計 | O100: 件数 | P100: 89 | Q100: 1369 | R100: 100 | S100: 7719 | V100: 725 | W100: 573 | X100: 5499 | Y100: 15885 | Z100: 89
O101: 金額 | P101: 90 | Q101: 413069 | R101: 13935 | S101: 2406635 | V101: 227274 | W101: 133516 | X101: 1463426 | Y101: 4643920 | Z101: 90
D102: 障害一時金 | O102: 件数 | P102: 91 | Q102: - | R102: - | S102: - | V102: 1 | W102: - | X102: 1 | Y102: 2 | Z102: 91
...

Sheet 6
C1: ６ 年金種類別受給権者状況調
X2: 単位 | Y2: 人員 人
Y3: 金額 千円
Q4: 地方職員共済組合 | S4: 公立学校共済組合 | V4: 警察共済組合 | W4: 東京都職員 共済組合 | X4: 全国市町村職員 共済組合連合会 | Y4: 合計
R5: (再掲)団体共済部
C6: 厚生年金保険給付 | E6: 老齢厚生年金 | J6: 65歳以上 | O6: 人員 | P6: 1 | Q6: 79700 | R6: 5099 | S6: 284167 | V6: 66030 | W6: 38233 | X6: 360567 | Y6: 828697 | Z6: 1
O7: 金額 | P7: 2 | Q7: 89769511 | R7: 4021877 | S7: 338678768 | V7: 85829857 | W7: 40489210 | X7: 387146624 | Y7: 941913969 | Z7: 2
J8: 65歳未満 | O8: 人員 | P8: 3 | Q8: 19298 | R8: 1172 | S8: 88828 | V8: 26217 | W8: 8977 | X8: 89565 | Y8: 232885 | Z8: 3
O9: 金額 | P9: 4 | Q9: 19361235 | R9: 737586 | S9: 97882065 | V9: 32893280 | W9: 8869635 | X9: 87009649 | Y9: 246015864 | Z9: 4
J10: 繰上げ支給 | O10: 人員 | P10: 5 | Q10: 2 | R10: - | S10: 14 | V10: 56 | W10: - | X10: 21 | Y10: 93 | Z10: 5
O11: 金額 | P11: 6 | Q11: 531 | R11: - | S11: 8523 | V11: 40659 | W11: - | X11: 8546 | Y11: 58259 | Z11: 6
J12: 小計 | O12: 人員 | P12: 7 | Q12: 99000 | R12: 6271 | S12: 373009 | V12: 92303 | W12: 47210 | X12: 450153 | Y12: 1061675 | Z12: 7
O13: 金額 | P13: 8 | Q13: 109131277 | R13: 4759462 | S13: 436569356 | V13: 118763795 | W13: 49358844 | X13: 474164820 | Y13: 1187988092 | Z13: 8
F14: 障害厚生年金 | O14: 人員 | P14: 9 | Q14: 1322 | R14: 67 | S14: 4251 | V14: 1188 | W14: 544 | X14: 4830 | Y14: 12135 | Z14: 9
O15: 金額 | P15: 10 | Q15: 1192409 | R15: 58608 | S15: 4410277 | V15: 1198063 | W15: 462742 | X15: 4175833 | Y15: 11439324 | Z15: 10
F16: 遺族厚生年金 | O16: 人員 | P16: 11 | Q16: 12797 | R16: 658 | S16: 25781 | V16: 9451 | W16: 5552 | X16: 50225 | Y16: 103806 | Z16: 11
O17: 金額 | P17: 12 | Q17: 14048568 | R17: 439296 | S17: 30918400 | V17: 10411028 | W17: 6010757 | X17: 50696618 | Y17: 112085371 | Z17: 12
C18: 計 | O18: 人員 | P18: 13 | Q18: 113119 | R18: 6996 | S18: 403041 | V18: 102942 | W18: 53306 | X18: 505208 | Y18: 1177616 | Z18: 13
O19: 金額 | P19: 14 | Q19: 124372255 | R19: 5257366 | S19: 471898033 | V19: 130372886 | W19: 55832343 | X19: 529037271 | Y19: 1311512788 | Z19: 14
C20: 退職等年金給付 | E20: 退職年金 | J20: 終 身 | M20: 10年以上 | O20: 人員 | P20: 15 | Q20: 17119 | R20: 842 | S20: 58825 | V20: 13006 | W20: 6945 | X20: 68554 | Y20: 164449 | Z20: 15
O21: 金額 | P21: 16 | Q21: 64496 | R21: 3806 | S21: 215218 | V21: 41281 | W21: 28238 | X21: 246265 | Y21: 595497 | Z21: 16
M22: 10年未満 | O22: 人員 | P22: 17 | Q22: 981 | R22: 205 | S22: 1490 | V22: 8 | W22: 32 | X22: 1098 | Y22: 3609 | Z22: 17
O23: 金額 | P23: 18 | Q23: 2493 | R23: 409 | S23: 4118 | V23: 23 | W23: 88 | X23: 3165 | Y23: 9887 | Z23: 18
M24: 小計 | O24: 人員 | P24: 19 | Q24: 18100 | R24: 1047 | S24: 60315 | V24: 13014 | W24: 6977 | X24: 69652 | Y24: 168058 | Z24: 19
O25: 金額 | P25: 20 | Q25: 66989 | R25: 4215 | S25: 219336 | V25: 41304 | W25: 28326 | X25: 249430 | Y25: 605385 | Z25: 20
J26: 有 期（240月） | M26: 10年以上 | O26: 人員 | P26: 21 | Q26: 3348 | R26: 135 | S26: 28487 | V26: 2046 | W26: 2107 | X26: 42013 | Y26: 78001 | Z26: 21
O27: 金額 | P27: 22 | Q27: 12576 | R27: 606 | S27: 114859 | V27: 7349 | W27: 9227 | X27: 158370 | Y27: 302380 | Z27: 22
M28: 10年未満 | O28: 人員 | P28: 23 | Q28: 187 | R28: 27 | S28: 509 | V28: 1 | W28: 8 | X28: 531 | Y28: 1236 | Z28: 23
O29: 金額 | P29: 24 | Q29: 434 | R29: 55 | S29: 1728 | V29: 7 | W29: 25 | X29: 1467 | Y29: 3662 | Z29: 24
M30: 小計 | O30: 人員 | P30: 25 | Q30: 3535 | R30: 162 | S30: 28996 | V30: 2047 | W30: 2115 | X30: 42544 | Y30: 79237 | Z30: 25
O31: 金額 | P31: 26 | Q31: 13010 | R31: 660 | S31: 116587 | V31: 7356 | W31: 9252 | X31: 159837 | Y31: 306042 | Z31: 26
J32: 有 期 （120月） | M32: 10年以上 | O32: 人員 | P32: 27 | Q32: 8002 | R32: 525 | S32: 24017 | V32: 7223 | W32: 4298 | X32: 16041 | Y32: 59581 | Z32: 27
O33: 金額 | P33: 28 | Q33: 69814 | R33: 5470 | S33: 208046 | V33: 55397 | W33: 41409 | X33: 145200 | Y33: 519866 | Z33: 28
M34: 10年未満 | O34: 人員 | P34: 29 | Q34: 380 | R34: 112 | S34: 681 | V34: 4 | W34: 16 | X34: 242 | Y34: 1323 | Z34: 29
O35: 金額 | P35: 30 | Q35: 2155 | R35: 482 | S35: 4147 | V35: 10 | W35: 98 | X35: 1323 | Y35: 7733 | Z35: 30
M36: 小計 | O36: 人員 | P36: 31 | Q36: 8382 | R36: 637 | S36: 24698 | V36: 7227 | W36: 4314 | X36: 16283 | Y36: 60904 | Z36: 31
O37: 金額 | P37: 32 | Q37: 71969 | R37: 5951 | S37: 212193 | V37: 55408 | W37: 41507 | X37: 146523 | Y37: 527599 | Z37: 32
J38: 計 | O38: 人員 | P38: 33 | Q38: 30017 | R38: 1846 | S38: 114009 | V38: 22288 | W38: 13406 | X38: 128479 | Y38: 308199 | Z38: 33
O39: 金額 | P39: 34 | Q39: 151968 | R39: 10826 | S39: 548116 | V39: 104067 | W39: 79086 | X39: 555790 | Y39: 1439026 | Z39: 34
F40: 公務障害年金 | O40: 人員 | P40: 35 | Q40: 1 | R40: - | S40: 14 | V40: 9 | W40: 1 | X40: 23 | Y40: 48 | Z40: 35
O41: 金額 | P41: 36 | Q41: 1182 | R41: - | S41: 21169 | V41: 18852 | W41: 1028 | X41: 42668 | Y41: 84899 | Z41: 36
F42: 公務遺族年金 | O42: 人員 | P42: 37 | Q42: 14 | R42: - | S42: 25 | V42: 40 | W42: 1 | X42: 64 | Y42: 144 | Z42: 37
O43: 金額 | P43: 38 | Q43: 6288 | R43: - | S43: 10862 | V43: 16856 | W43: 366 | X43: 31491 | Y43: 65863 | Z43: 38
C44: 計 | O44: 人員 | P44: 39 | Q44: 30032 | R44: 1846 | S44: 114048 | V44: 22337 | W44: 13408 | X44: 128566 | Y44: 308391 | Z44: 39
O45: 金額 | P45: 40 | Q45: 159439 | R45: 10826 | S45: 580147 | V45: 139775 | W45: 80479 | X45: 629948 | Y45: 1589788 | Z45: 40
C46: 退職共済年金 | E46: 既裁定 | G46: 65 歳 以 上 | J46: 20年以上 | O46: 人員 | P46: 41 | Q46: 134320 | R46: 4953 | S46: 383499 | V46: 81265 | W46: 66320 | X46: 482908 | Y46: 1148312 | Z46: 41
O47: 金額 | P47: 42 | Q47: 231678722 | R47: 8060765 | S47: 700022261 | V47: 146836592 | W47: 107174072 | X47: 756469308 | Y47: 1942180955 | Z47: 42
J48: 20年未満 | O48: 人員 | P48: 43 | Q48: 19308 | R48: 2390 | S48: 40600 | V48: 9424 | W48: 8647 | X48: 91415 | Y48: 169394 | Z48: 43
O49: 金額 | P49: 44 | Q49: 4692391 | R49: 627560 | S49: 10274000 | V49: 1939531 | W49: 2209657 | X49: 25060293 | Y49: 44175873 | Z49: 44
J50: 繰上げ支給 | O50: 人員 | P50: 45 | Q50: 2920 | R50: 68 | S50: 16251 | V50: 2177 | W50: 548 | X50: 13195 | Y50: 35091 | Z50: 45
O51: 金額 | P51: 46 | Q51: 4095576 | R51: 92386 | S51: 22860392 | V51: 3093974 | W51: 713667 | X51: 17062139 | Y51: 47825748 | Z51: 46
J52: 小計 | O52: 人員 | P52: 47 | Q52: 156548 | R52: 7411 | S52: 440350 | V52: 92866 | W52: 75515 | X52: 587518 | Y52: 1352797 | Z52: 47
O53: 金額 | P53: 48 | Q53: 240466689 | R53: 8780712 | S53: 733156653 | V53: 151870097 | W53: 110097396 | X53: 798591740 | Y53: 2034182576 | Z53: 48
X56: 単位 | Y56: 人員 人
Y57: 金額 千円
Q58: 地方職員共済組合 | S58: 公立学校共済組合 | V58: 警察共済組合 | W58: 東京都職員 共済組合 | X58: 全国市町村職員 共済組合連合会 | Y58: 合計
R59: (再掲)団体共済部
C60: 退職共済年金 | E60: 既裁定 | G60: 65 歳 未 満 | J60: 20年以上 | O60: 人員 | P60: 49 | Q60: - | R60: - | S60: - | V60: - | W60: - | X60: - | Y60: - | Z60: 49
O61: 金額 | P61: 50 | Q61: - | R61: - | S61: - | V61: - | W61: - | X61: - | Y61: - | Z61: 50
J62: 20年未満 | O62: 人員 | P62: 51 | Q62: - | R62: - | S62: - | V62: - | W62: - | X62: - | Y62: - | Z62: 51
O63: 金額 | P63: 52 | Q63: - | R63: - | S63: - | V63: - | W63: - | X63: - | Y63: - | Z63: 52
J64: 繰上げ支給 | O64: 人員 | P64: 53 | Q64: - | R64: - | S64: - | V64: - | W64: - | X64: - | Y64: - | Z64: 53
O65: 金額 | P65: 54 | Q65: - | R65: - | S65: - | V65: - | W65: - | X65: - | Y65: - | Z65: 54
J66: 小計 | O66: 人員 | P66: 55 | Q66: - | R66: - | S66: - | V66: - | W66: - | X66: - | Y66: - | Z66: 55
O67: 金額 | P67: 56 | Q67: - | R67: - | S67: - | V67: - | W67: - | X67: - | Y67: - | Z67: 56
E68: 計 | O68: 人員 | P68: 57 | Q68: 156548 | R68: 7411 | S68: 440350 | V68: 92866 | W68: 75515 | X68: 587518 | Y68: 1352797 | Z68: 57
O69: 金額 | P69: 58 | Q69: 240466689 | R69: 8780712 | S69: 733156653 | V69: 151870097 | W69: 110097396 | X69: 798591740 | Y69: 2034182576 | Z69: 58
E70: 職域 | G70: 65 歳 以 上 | J70: 20年以上 | O70: 人員 | P70: 59 | Q70: 60856 | R70: 2659 | S70: 226968 | V70: 54057 | W70: 27957 | X70: 276448 | Y70: 646286 | Z70: 59
O71: 金額 | P71: 60 | Q71: 15608865 | R71: 654500 | S71: 60755266 | V71: 14981505 | W71: 7136859 | X71: 67866228 | Y71: 166348723 | Z71: 60
J72: 20年未満 | O72: 人員 | P72: 61 | Q72: 16288 | R72: 2114 | S72: 51907 | V72: 10441 | W72: 9749 | X72: 74763 | Y72: 163148 | Z72: 61
O73: 金額 | P73: 62 | Q73: 320415 | R73: 35668 | S73: 957039 | V73: 236021 | W73: 179719 | X73: 1484131 | Y73: 3177325 | Z73: 62
J74: 繰上げ支給 | O74: 人員 | P74: 63 | Q74: 2 | R74: - | S74: 14 | V74: 56 | W74: - | X74: 21 | Y74: 93 | Z74: 63
O75: 金額 | P75: 64 | Q75: 99 | R75: - | S75: 1729 | V75: 7535 | W75: - | X75: 1648 | Y75: 11011 | Z75: 64
J76: 小計 | O76: 人員 | P76: 65 | Q76: 77146 | R76: 4773 | S76: 278889 | V76: 64554 | W76: 37706 | X76: 351232 | Y76: 809527 | Z76: 65
O77: 金額 | P77: 66 | Q77: 15929379 | R77: 690168 | S77: 61714034 | V77: 15225061 | W77: 7316578 | X77: 69352007 | Y77: 169537059 | Z77: 66
G78: 65 歳 未 満 | J78: 20年以上 | O78: 人員 | P78: 67 | Q78: 14185 | R78: 484 | S78: 70358 | V78: 23030 | W78: 6330 | X78: 66611 | Y78: 180514 | Z78: 67
O79: 金額 | P79: 68 | Q79: 3230786 | R79: 108285 | S79: 17202457 | V79: 5622812 | W79: 1440131 | X79: 14683640 | Y79: 42179825 | Z79: 68
J80: 20年未満 | O80: 人員 | P80: 69 | Q80: 4450 | R80: 609 | S80: 16460 | V80: 2596 | W80: 2521 | X80: 20589 | Y80: 46616 | Z80: 69
O81: 金額 | P81: 70 | Q81: 84768 | R81: 10194 | S81: 265914 | V81: 40927 | W81: 52930 | X81: 411001 | Y81: 855540 | Z81: 70
J82: 繰上げ支給 | O82: 人員 | P82: 71 | Q82: - | R82: - | S82: - | V82: - | W82: - | X82: - | Y82: - | Z82: 71
O83: 金額 | P83: 72 | Q83: - | R83: - | S83: - | V83: - | W83: - | X83: - | Y83: - | Z83: 72
J84: 小計 | O84: 人員 | P84: 73 | Q84: 18635 | R84: 1093 | S84: 86818 | V84: 25626 | W84: 8851 | X84: 87200 | Y84: 227130 | Z84: 73
O85: 金額 | P85: 74 | Q85: 3315554 | R85: 118479 | S85: 17468371 | V85: 5663739 | W85: 1493061 | X85: 15094641 | Y85: 43035365 | Z85: 74
E86: 計 | O86: 人員 | P86: 75 | Q86: 95781 | R86: 5866 | S86: 365707 | V86: 90180 | W86: 46557 | X86: 438432 | Y86: 1036657 | Z86: 75
O87: 金額 | P87: 76 | Q87: 19244933 | R87: 808647 | S87: 79182405 | V87: 20888800 | W87: 8809639 | X87: 84446647 | Y87: 212572424 | Z87: 76
E88: 追加費用 | G88: 65 歳 以 上 | J88: 20年以上 | O88: 人員 | P88: 77 | Q88: 27 | R88: 17 | S88: 1 | V88: - | W88: - | X88: 10 | Y88: 38 | Z88: 77
O89: 金額 | P89: 78 | Q89: 35717 | R89: 20823 | S89: 1482 | V89: - | W89: - | X89: 13447 | Y89: 50647 | Z89: 78
J90: 20年未満 | O90: 人員 | P90: 79 | Q90: 7 | R90: 3 | S90: 15 | V90: - | W90: 4 | X90: 55 | Y90: 81 | Z90: 79
O91: 金額 | P91: 80 | Q91: 1010 | R91: 617 | S91: 7053 | V91: - | W91: 1050 | X91: 12159 | Y91: 21272 | Z91: 80
J92: 繰上げ支給 | O92: 人員 | P92: 81 | Q92: - | R92: - | S92: - | V92: - | W92: - | X92: - | Y92: - | Z92: 81
O93: 金額 | P93: 82 | Q93: - | R93: - | S93: - | V93: - | W93: - | X93: - | Y93: - | Z93: 82
J94: 小計 | O94: 人員 | P94: 83 | Q94: 34 | R94: 20 | S94: 16 | V94: - | W94: 4 | X94: 65 | Y94: 119 | Z94: 83
O95: 金額 | P95: 84 | Q95: 36727 | R95: 21439 | S95: 8535 | V95: - | W95: 1050 | X95: 25606 | Y95: 71919 | Z95: 84
G96: 65 歳 未 満 | J96: 20年以上 | O96: 人員 | P96: 85 | Q96: - | R96: - | S96: - | V96: - | W96: - | X96: - | Y96: - | Z96: 85
O97: 金額 | P97: 86 | Q97: - | R97: - | S97: - | V97: - | W97: - | X97: - | Y97: - | Z97: 86
J98: 20年未満 | O98: 人員 | P98: 87 | Q98: - | R98: - | S98: - | V98: - | W98: - | X98: - | Y98: - | Z98: 87
O99: 金額 | P99: 88 | Q99: - | R99: - | S99: - | V99: - | W99: - | X99: - | Y99: - | Z99: 88
J100: 繰上げ支給 | O100: 人員 | P100: 89 | Q100: - | R100: - | S100: - | V100: - | W100: - | X100: - | Y100: - | Z100: 89
O101: 金額 | P101: 90 | Q101: - | R101: - | S101: - | V101: - | W101: - | X101: - | Y101: - | Z101: 90
J102: 小計 | O102: 人員 | P102: 91 | Q102: - | R102: - | S102: - | V102: - | W102: - | X102: - | Y102: - | Z102: 91
...

Sheet 7
C1: ７ 短期経理貸借対照表
Y2: （単位 千円）
P4: 地方職員共済組合 | Q4: 公立学校共済組合 | R4: 警察共済組合 | S4: 東京都職員 共済組合 | V4: 全国市町村職員 共済組合連合会 | W4: 指定都市職員 共済組合 | X4: 市町村職員 共済組合 | Y4: 都市職員 共済組合 | Z4: 合計
C6: 借方 | F6: 流動資産 | J6: 現金 | O6: 1 | P6: - | Q6: - | R6: - | S6: - | V6: - | W6: - | X6: - | Y6: - | Z6: - | AA6: 1
J7: 当座預金 | O7: 2 | P7: - | Q7: - | R7: - | S7: - | V7: - | W7: 7210 | X7: - | Y7: - | Z7: 7210 | AA7: 2
J8: 普通預金 | O8: 3 | P8: 24540961 | Q8: 163873796 | R8: 22380224 | S8: 33323523 | V8: 13931323 | W8: 17264388 | X8: 73835032 | Y8: 4146471 | Z8: 353295718 | AA8: 3
J9: 通知預金 | O9: 4 | P9: - | Q9: - | R9: - | S9: - | V9: - | W9: - | X9: 511000 | Y9: - | Z9: 511000 | AA9: 4
J10: 定期預金 | O10: 5 | P10: 71518000 | Q10: 100000000 | R10: - | S10: 20000000 | V10: 19180000 | W10: 4205367 | X10: 69498000 | Y10: 4500000 | Z10: 288901367 | AA10: 5
J11: 金銭信託 | O11: 6 | P11: - | Q11: - | R11: 46000000 | S11: - | V11: - | W11: 5143744 | X11: 10402174 | Y11: - | Z11: 61545919 | AA11: 6
J12: 有価証券 | O12: 7 | P12: - | Q12: - | R12: - | S12: - | V12: - | W12: 898740 | X12: 7956357 | Y12: 350000 | Z12: 9205097 | AA12: 7
J13: 貸付信託 | O13: 8 | P13: - | Q13: - | R13: - | S13: - | V13: - | W13: - | X13: - | Y13: - | Z13: - | AA13: 8
J14: 短期運用有価証券 | O14: 9 | P14: - | Q14: - | R14: - | S14: - | V14: - | W14: - | X14: - | Y14: - | Z14: - | AA14: 9
J15: 証券投資信託 | O15: 10 | P15: - | Q15: - | R15: - | S15: - | V15: - | W15: - | X15: - | Y15: - | Z15: - | AA15: 10
J16: 立替金 | O16: 11 | P16: 105 | Q16: 79 | R16: 7718 | S16: - | V16: - | W16: 168 | X16: 420 | Y16: - | Z16: 8491 | AA16: 11
J17: 仮払金 | O17: 12 | P17: - | Q17: - | R17: - | S17: - | V17: - | W17: - | X17: 5604 | Y17: 0 | Z17: 5604 | AA17: 12
J18: 未収収益 | O18: 13 | P18: 240 | Q18: 690 | R18: 1212 | S18: 12256 | V18: 10369 | W18: 803 | X18: 20610 | Y18: 303 | Z18: 46484 | AA18: 13
J19: 短期貸付金 | O19: 14 | P19: - | Q19: - | R19: 8895000 | S19: - | V19: - | W19: - | X19: - | Y19: - | Z19: 8895000 | AA19: 14
J20: 未収金 | O20: 15 | P20: 46744 | Q20: 418826 | R20: 3936088 | S20: 455749 | V20: - | W20: 92027 | X20: 897855 | Y20: 785 | Z20: 5848074 | AA20: 15
J21: 支払基金委託金 | O21: 16 | P21: 924083 | Q21: 2973290 | R21: 1002975 | S21: 334854 | V21: - | W21: 533148 | X21: 2890125 | Y21: 150376 | Z21: 8808851 | AA21: 16
J22: 未達回送金 | O22: 17 | P22: - | Q22: - | R22: - | S22: - | V22: - | W22: - | X22: 332 | Y22: - | Z22: 332 | AA22: 17
F23: 固定資産 | J23: 金銭信託 | O23: 18 | P23: - | Q23: - | R23: - | S23: - | V23: - | W23: - | X23: - | Y23: - | Z23: - | AA23: 18
J24: 投資有価証券 | O24: 19 | P24: - | Q24: - | R24: - | S24: - | V24: 19098535 | W24: - | X24: - | Y24: - | Z24: 19098535 | AA24: 19
J25: 加入金 | O25: 20 | P25: - | Q25: - | R25: - | S25: - | V25: - | W25: 100 | X25: - | Y25: - | Z25: 100 | AA25: 20
G26: 合計 | O26: 21 | P26: 97030134 | Q26: 267266681 | R26: 82223217 | S26: 54126381 | V26: 52220228 | W26: 28145696 | X26: 166017510 | Y26: 9147934 | Z26: 756177781 | AA26: 21
D27: 令和２年度合計 | O27: 22 | P27: 98301075 | Q27: 299962950 | R27: 85994140 | S27: 56104218 | V27: 53937490 | W27: 31941540 | X27: 176149026 | Y27: 8790208 | Z27: 811180648 | AA27: 22
D28: 令和元年度合計 | O28: 23 | P28: 95671670 | Q28: 280249712 | R28: 83659525 | S28: 51774847 | V28: 55718847 | W28: 31605282 | X28: 162423240 | Y28: 8939990 | Z28: 770043113 | AA28: 23
C30: 貸方 | F30: 流動負債 | J30: 短期借入金 | O30: 1 | P30: - | Q30: - | R30: - | S30: - | V30: - | W30: - | X30: - | Y30: - | Z30: - | AA30: 1
J31: 未払金 | O31: 2 | P31: 98505 | Q31: 7239489 | R31: 5898239 | S31: 639430 | V31: - | W31: 1303474 | X31: 8767468 | Y31: 517305 | Z31: 24463910 | AA31: 2
J32: 未払費用 | O32: 3 | P32: 9407490 | Q32: - | R32: 55 | S32: - | V32: - | W32: 23737 | X32: 1823335 | Y32: - | Z32: 11254618 | AA32: 3
J33: 預り金 | O33: 4 | P33: 16272 | Q33: 5815704 | R33: 2755 | S33: - | V33: 23402 | W33: 595 | X33: 7814 | Y33: - | Z33: 5866542 | AA33: 4
J34: 前受収益 | O34: 5 | P34: 939674 | Q34: - | R34: 166045 | S34: 99536 | V34: - | W34: 123244 | X34: 1252302 | Y34: 45505 | Z34: 2626306 | AA34: 5
J35: 仮受金 | O35: 6 | P35: - | Q35: 2233 | R35: - | S35: - | V35: - | W35: 12 | X35: 3521 | Y35: - | Z35: 5767 | AA35: 6
F36: 固定負債 | J36: 長期借入金 | O36: 7 | P36: - | Q36: - | R36: - | S36: - | V36: - | W36: - | X36: - | Y36: - | Z36: - | AA36: 7
J37: 支払準備金 | O37: 8 | P37: 15499707 | Q37: 52340766 | R37: 15199238 | S37: 6343404 | V37: - | W37: 8109312 | X37: 43991386 | Y37: 2439499 | Z37: 143923312 | AA37: 8
F38: 剰余金 （欠損金） | J38: 資本剰余金 | O38: 9 | P38: - | Q38: - | R38: - | S38: - | V38: - | W38: - | X38: - | Y38: - | Z38: - | AA38: 9
J39: 災害給付積立金 | O39: 10 | P39: - | Q39: - | R39: - | S39: - | V39: 24019560 | W39: - | X39: - | Y39: - | Z39: 24019560 | AA39: 10
I40: 利益剰余金又は欠損金 | M40: 欠損金補てん 積立金 | O40: 11 | P40: 8927040 | Q40: 28876621 | R40: 8916660 | S40: 3658288 | V40: - | W40: 3936507 | X40: 23816232 | Y40: 1368828 | Z40: 79500176 | AA40: 11
O41: 12 | P41: 62078157 | Q41: 174288435 | R41: 55366050 | S41: 43576633 | V41: 28177266 | W41: 14471117 | X41: 85923279 | Y41: 4670647 | Z41: 468551584 | AA41: 12
O42: 13 | P42: 63289 | Q42: -1296567 | R42: -3325826 | S42: -190910 | V42: - | W42: 177697 | X42: 432172 | Y42: 106150 | Z42: -4033995 | AA42: 13
G43: 合計 | O43: 14 | P43: 97030134 | Q43: 267266681 | R43: 82223217 | S43: 54126381 | V43: 52220228 | W43: 28145696 | X43: 166017510 | Y43: 9147934 | Z43: 756177781 | AA43: 14
D44: 令和２年度合計 | O44: 15 | P44: 98301075 | Q44: 299962950 | R44: 85994140 | S44: 56104218 | V44: 53937490 | W44: 31941540 | X44: 176149026 | Y44: 8790208 | Z44: 811180648 | AA44: 15
D45: 令和元年度合計 | O45: 16 | P45: 95671670 | Q45: 280249712 | R45: 83659525 | S45: 51774847 | V45: 55718847 | W45: 31605282 | X45: 162423240 | Y45: 8939990 | Z45: 770043113 | AA45: 16

Sheet 8
C1: ８ 短期経理損益計算書
V2: （単位 千円）
M4: 地方職員共済組合 | N4: 公立学校共済組合 | O4: 警察共済組合 | R4: 東京都職員 共済組合 | S4: 全国市町村職員 共済組合連合会 | T4: 指定都市職員 共済組合 | U4: 市町村職員 共済組合 | V4: 都市職員 共済組合 | W4: 合計
C6: 借方 | F6: 経常費用 | J6: 保健給付 | L6: 1 | M6: 80954356 | N6: 250396061 | O6: 82936785 | R6: 31547187 | S6: - | T6: 46876634 | U6: 254529136 | V6: 14172564 | W6: 761412724 | X6: 1
J7: 直営保健給付 | L7: 2 | M7: 158300 | N7: 637715 | O7: 108044 | R7: 38943 | S7: - | T7: - | U7: - | V7: - | W7: 943002 | X7: 2
J8: 休業給付 | L8: 3 | M8: 10912636 | N8: 55454308 | O8: 5838307 | R8: 5602537 | S8: - | T8: 5985878 | U8: 35581106 | V8: 2328985 | W8: 121703758 | X8: 3
J9: 災害給付 | L9: 4 | M9: 30765 | N9: 112736 | O9: 15301 | R9: 4250 | S9: - | T9: 8380 | U9: 107715 | V9: 2640 | W9: 281787 | X9: 4
J10: 附加給付 | L10: 5 | M10: 942183 | N10: 3410670 | O10: 1366949 | R10: 447991 | S10: - | T10: 397101 | U10: 1768140 | V10: 106909 | W10: 8439942 | X10: 5
J11: 老人保健拠出金 | L11: 6 | M11: - | N11: - | O11: - | R11: - | S11: - | T11: - | U11: - | V11: - | W11: - | X11: 6
J12: 退職者給付拠出金 | K12: 1 | L12: 7 | M12: 1439 | N12: 4418 | O12: 1512 | R12: 623 | S12: - | T12: 788 | U12: 4112 | V12: 233 | W12: 13125 | X12: 7
J13: 前期高齢者納付金 | K13: 2 | L13: 8 | M13: 42130071 | N13: 135884264 | O13: 16163480 | R13: 9517397 | S13: - | T13: 18338166 | U13: 140663137 | V13: 6276946 | W13: 368973461 | X13: 8
J14: 後期高齢者支援金 | K14: 3 | L14: 9 | M14: 45786412 | N14: 149339521 | O14: 48021629 | R14: 20184993 | S14: - | T14: 25212027 | U14: 132562701 | V14: 7535521 | W14: 428642804 | X14: 9
J15: 病床転換支援金 | K15: 4 | L15: 10 | M15: 122 | N15: 380 | O15: 141 | R15: 45 | S15: - | T15: 66 | U15: 385 | V15: 20 | W15: 1160 | X15: 10
J16: 介護納付金 | K16: 5 | L16: 11 | M16: 24973439 | N16: 79707411 | O16: 21720651 | R16: 9914567 | S16: - | T16: 13800537 | U16: 69498139 | V16: 3733093 | W16: 223347838 | X16: 11
J17: 一部負担金返還金 | K17: 6 | L17: 12 | M17: 2958 | N17: 428 | O17: - | R17: - | S17: - | T17: - | U17: 427 | V17: - | W17: 3814 | X17: 12
J18: 一部負担金払戻金 | K18: 7 | L18: 13 | M18: 1076703 | N18: 4032679 | O18: 930043 | R18: 419517 | S18: - | T18: 590180 | U18: 3156570 | V18: 179701 | W18: 10385393 | X18: 13
J19: 短期任意継続掛金還付金 | K19: 8 | L19: 14 | M19: 100075 | N19: 474795 | O19: 66483 | R19: 21625 | S19: - | T19: 30603 | U19: 254144 | V19: 12020 | W19: 959746 | X19: 14
J20: 介護任意継続掛金還付金 | K20: 9 | L20: 15 | M20: 15798 | N20: 82703 | O20: 9737 | R20: 4019 | S20: - | T20: 4457 | U20: 38835 | V20: 1534 | W20: 157082 | X20: 15
J21: 連合会払込金 | K21: 10 | L21: 16 | M21: - | N21: - | O21: - | R21: - | S21: - | T21: 1467924 | U21: 7757938 | V21: 444439 | W21: 9670301 | X21: 16
J22: 連合会拠出金 | K22: 11 | L22: 17 | M22: - | N22: - | O22: - | R22: - | S22: - | T22: 5451560 | U22: 29054453 | V22: 1674967 | W22: 36180981 | X22: 17
J23: 連合会返還金 | K23: 12 | L23: 18 | M23: - | N23: - | O23: - | R23: - | S23: - | T23: 87451 | U23: 2405210 | V23: 244590 | W23: 2737251 | X23: 18
J24: 組合交付金 | K24: 13 | L24: 19 | M24: - | N24: - | O24: - | R24: - | S24: 38473009 | T24: - | U24: - | V24: - | W24: 38473009 | X24: 19
J25: 共同事業費 | K25: 14 | L25: 20 | M25: - | N25: - | O25: - | R25: - | S25: 70993 | T25: - | U25: - | V25: - | W25: 70993 | X25: 20
J26: 調整交付金 | K26: 15 | L26: 21 | M26: - | N26: - | O26: - | R26: - | S26: 738693 | T26: - | U26: - | V26: - | W26: 738693 | X26: 21
J27: 高額医療交付金 | K27: 16 | L27: 22 | M27: - | N27: - | O27: - | R27: - | S27: 8125328 | T27: - | U27: - | V27: - | W27: 8125328 | X27: 22
J28: 特別調整交付金 | K28: 17 | L28: 23 | M28: - | N28: - | O28: - | R28: - | S28: 2941525 | T28: - | U28: - | V28: - | W28: 2941525 | X28: 23
J29: 特別保健福祉事業費 | K29: 18 | L29: 24 | M29: - | N29: - | O29: - | R29: - | S29: - | T29: - | U29: - | V29: - | W29: - | X29: 24
J30: 信託等売買手数料 | K30: 19 | L30: 25 | M30: - | N30: - | O30: - | R30: - | S30: - | T30: - | U30: - | V30: - | W30: - | X30: 25
J31: 雑費 | K31: 20 | L31: 26 | M31: - | N31: 3100 | O31: - | R31: - | S31: - | T31: - | U31: - | V31: - | W31: 3100 | X31: 26
J32: 支払利息 | K32: 21 | L32: 27 | M32: - | N32: - | O32: - | R32: - | S32: 0 | T32: - | U32: - | V32: - | W32: 0 | X32: 27
J33: 有価証券売却損 | K33: 22 | L33: 28 | M33: - | N33: - | O33: - | R33: - | S33: - | T33: - | U33: - | V33: - | W33: - | X33: 28
J34: 有価証券評価損 | K34: 23 | L34: 29 | M34: - | N34: - | O34: - | R34: - | S34: - | T34: - | U34: - | V34: - | W34: - | X34: 29
J35: 償還差損 | K35: 24 | L35: 30 | M35: - | N35: - | O35: - | R35: - | S35: - | T35: - | U35: - | V35: - | W35: - | X35: 30
J36: 承継差損 | K36: 25 | L36: 31 | M36: - | N36: - | O36: - | R36: - | S36: - | T36: - | U36: - | V36: - | W36: - | X36: 31
J37: 雑損 | K37: 26 | L37: 32 | M37: - | N37: - | O37: - | R37: - | S37: - | T37: - | U37: - | V37: - | W37: - | X37: 32
G38: 繰入金 | J38: 業務経理へ繰入 | K38: 27 | L38: 33 | M38: 497264 | N38: 1303392 | O38: 522825 | R38: 205804 | S38: - | T38: 216107 | U38: 1709593 | V38: 101589 | W38: 4556573 | X38: 33
J39: 保健経理へ繰入 | K39: 28 | L39: 34 | M39: - | N39: - | O39: - | R39: - | S39: - | T39: - | U39: - | V39: - | W39: - | X39: 34
J40: 保健給付経理へ繰入 | K40: 29 | L40: 35 | M40: - | N40: - | O40: - | R40: - | S40: - | T40: - | U40: - | V40: - | W40: - | X40: 35
G41: 次年度繰越 支払準備金 | J41: 次年度繰越支払準備金 | K41: 30 | L41: 36 | M41: 15499707 | N41: 52340766 | O41: 15199238 | R41: 6343404 | S41: - | T41: 8109312 | U41: 43991386 | V41: 2439499 | W41: 143923312 | X41: 36
G42: 特別損失 | J42: 前期損益修正損 | K42: 31 | L42: 37 | M42: - | N42: 139603 | O42: 48428 | R42: 5670 | S42: 8063 | T42: 3232 | U42: 12861 | V42: 120 | W42: 217977 | X42: 37
G43: 当期利益金 | J43: 当期短期利益金 | K43: 32 | L43: 38 | M43: - | N43: - | O43: - | R43: - | S43: 1559070 | T43: 406109 | U43: 5270848 | V43: 391710 | W43: 7627737 | X43: 38
J44: 当期介護利益金 | K44: 33 | L44: 39 | M44: - | N44: - | O44: - | R44: 144506 | S44: - | T44: 31992 | U44: 738168 | V44: 15804 | W44: 930469 | X44: 39
G45: 合 計 | K45: 34 | L45: 40 | M45: 223082228 | N45: 733324951 | O45: 192949553 | R45: 84403080 | S45: 51916682 | T45: 127018503 | U45: 729105006 | V45: 39662883 | W45: 2181462885 | X45: 40
D46: 令和２年度合計 | K46: 35 | L46: 41 | M46: 219803403 | N46: 696347113 | O46: 187343322 | R46: 86114005 | S46: 50519639 | T46: 122205778 | U46: 698945326 | V46: 39006957 | W46: 2100285544 | X46: 41
D47: 令和元年度合計 | K47: 36 | L47: 42 | M47: 216044085 | N47: 644983052 | O47: 186459761 | R47: 84796363 | S47: 60773067 | T47: 124388063 | U47: 696191300 | V47: 37791794 | W47: 2051427486 | X47: 42
V50: （単位 千円）
M52: 地方職員共済組合 | N52: 公立学校共済組合 | O52: 警察共済組合 | R52: 東京都職員 共済組合 | S52: 全国市町村職員 共済組合連合会 | T52: 指定都市職員 共済組合 | U52: 市町村職員 共済組合 | V52: 都市職員 共済組合 | W52: 合計
C54: 貸方 | F54: 経常収益 | J54: 短期負担金 | L54: 1 | M54: 89984543 | N54: 278612528 | O54: 74889584 | R54: 32662818 | S54: - | T54: 46336670 | U54: 275256774 | V54: 15291580 | W54: 813034498 | X54: 1
J55: 介護負担金 | L55: 2 | M55: 12380706 | N55: 38800834 | O55: 8807125 | R55: 4995793 | S55: - | T55: 6778065 | U55: 34558064 | V55: 1855574 | W55: 108176161 | X55: 2
J56: 短期掛金 | L56: 3 | M56: 89874128 | N56: 277941158 | O56: 74835992 | R56: 32481875 | S56: - | T56: 46274013 | U56: 271673848 | V56: 14827723 | W56: 807908737 | X56: 3
J57: 介護掛金 | L57: 4 | M57: 12388938 | N57: 38800197 | O57: 8823378 | R57: 5001067 | S57: - | T57: 6778087 | U57: 34556062 | V57: 1855557 | W57: 108203285 | X57: 4
J58: 短期任意継続掛金 | L58: 5 | M58: 1255925 | N58: 7541098 | O58: 533747 | R58: 500740 | S58: - | T58: 623202 | U58: 4215887 | V58: 186091 | W58: 14856691 | X58: 5
J59: 介護任意継続掛金 | L59: 6 | M59: 192716 | N59: 1321734 | O59: 87272 | R59: 66231 | S59: - | T59: 93539 | U59: 638701 | V59: 24903 | W59: 2425097 | X59: 6
J60: 前期高齢者交付金 | L60: 7 | M60: - | N60: - | O60: - | R60: - | S60: - | T60: - | U60: - | V60: - | W60: - | X60: 7
J61: 組合払込金 | L61: 8 | M61: - | N61: - | O61: - | R61: - | S61: 1482104 | T61: - | U61: - | V61: - | W61: 1482104 | X61: 8
J62: 組合拠出金 | L62: 9 | M62: - | N62: - | O62: - | R62: - | S62: 44356525 | T62: - | U62: - | V62: - | W62: 44356525 | X62: 9
J63: 返還金 | L63: 10 | M63: - | N63: - | O63: - | R63: - | S63: 2737251 | T63: - | U63: - | V63: - | W63: 2737251 | X63: 10
J64: 雑収入 | L64: 11 | M64: 94760 | N64: 276837 | O64: 93897 | R64: 37716 | S64: - | T64: 58309 | U64: 287089 | V64: 14421 | W64: 863029 | X64: 11
J65: 連合会交付金 | L65: 12 | M65: - | N65: - | O65: - | R65: - | S65: - | T65: 177 | U65: 70632 | V65: 184 | W65: 70993 | X65: 12
J66: 調整交付金 | L66: 13 | M66: - | N66: - | O66: - | R66: - | S66: - | T66: - | U66: 638686 | V66: 100007 | W66: 738693 | X66: 13
J67: 特別調整交付金 | L67: 14 | M67: - | N67: - | O67: - | R67: - | S67: - | T67: - | U67: 2595499 | V67: 346026 | W67: 2941525 | X67: 14
J68: 高額医療交付金 | L68: 15 | M68: - | N68: - | O68: - | R68: - | S68: - | T68: 1286680 | U68: 6377943 | V68: 431405 | W68: 8096028 | X68: 15
J69: 災害給付交付金 | L69: 16 | M69: - | N69: - | O69: - | R69: - | S69: - | T69: 8330 | U69: 107155 | V69: 2640 | W69: 118125 | X69: 16
J70: 育児・介護休業手当金交付金 | L70: 17 | M70: - | N70: - | O70: - | R70: - | S70: - | T70: 5194492 | U70: 31087024 | V70: 2151168 | W70: 38432684 | X70: 17
J71: 調整負担金 | L71: 18 | M71: - | N71: - | O71: - | R71: - | S71: - | T71: 113415 | U71: 603520 | V71: 34858 | W71: 751794 | X71: 18
J72: 補助金 | L72: 19 | M72: 202337 | N72: 4474638 | O72: - | R72: - | S72: - | T72: 289576 | U72: 4927806 | V72: 37830 | W72: 9932187 | X72: 19
J73: 短期利息及び短期配当金 | L73: 20 | M73: 1507 | N73: 6492 | O73: 31740 | R73: 29373 | S73: 51465 | T73: 9330 | U73: 90742 | V73: 3145 | W73: 223793 | X73: 20
J74: 介護利息 | L74: 21 | M74: 0 | N74: - | O74: - | R74: - | S74: - | T74: - | U74: 791 | V74: 0 | W74: 791 | X74: 21
J75: 有価証券売却益 | L75: 22 | M75: - | N75: - | O75: - | R75: - | S75: - | T75: - | U75: 2180 | V75: - | W75: 2180 | X75: 22
J76: 有価証券評価益 | L76: 23 | M76: - | N76: - | O76: - | R76: - | S76: - | T76: - | U76: - | V76: - | W76: - | X76: 23
J77: 償還差益 | L77: 24 | M77: - | N77: - | O77: - | R77: - | S77: 1140 | T77: - | U77: - | V77: - | W77: 1140 | X77: 24
J78: 承継差益 | L78: 25 | M78: - | N78: - | O78: - | R78: - | S78: - | T78: - | U78: - | V78: - | W78: - | X78: 25
J79: 賠償金 | L79: 26 | M79: 59749 | N79: 149654 | O79: 49132 | R79: 31426 | S79: - | T79: 38597 | U79: 274228 | V79: 10749 | W79: 613534 | X79: 26
J80: 雑益 | L80: 27 | M80: - | N80: - | O80: - | R80: - | S80: - | T80: - | U80: 1127 | V80: - | W80: 1127 | X80: 27
G81: 前年度繰越 支払準備金 | J81: 前年度繰越支払準備金 | L81: 28 | M81: 14358992 | N81: 48524701 | O81: 14197332 | R81: 5861320 | S81: - | T81: 7431827 | U81: 40267159 | V81: 2184923 | W81: 132826254 | X81: 28
G82: 特別利益 | J82: 前期損益修正益 | L82: 29 | M82: - | N82: 177124 | O82: 101156 | R82: 45681 | S82: 142 | T82: 62423 | U82: 149074 | V82: 9255 | W82: 544856 | X82: 29
G83: 当期損失金 | J83: 当期短期損失金 | L83: 30 | M83: 2261051 | N83: 35838393 | O83: 6486541 | R83: 2689039 | S83: 3288054 | T83: 5459501 | U83: 20207520 | V83: 280461 | W83: 76510561 | X83: 30
J84: 当期介護損失金 | L84: 31 | M84: 26876 | N84: 859563 | O84: 4012656 | R84: - | S84: - | T84: 182269 | U84: 517495 | V84: 14383 | W84: 5613241 | X84: 31
G85: 合計 | L85: 32 | M85: 223082228 | N85: 733324951 | O85: 192949553 | R85: 84403080 | S85: 51916682 | T85: 127018503 | U85: 729105006 | V85: 39662883 | W85: 2181462885 | X85: 32
D86: 令和２年度合計 | L86: 33 | M86: 219803403 | N86: 696347113 | O86: 187343322 | R86: 86114005 | S86: 50519639 | T86: 122205778 | U86: 698945326 | V86: 39006957 | W86: 2100285544 | X86: 33
D87: 令和元年度合計 | L87: 34 | M87: 216044085 | N87: 644983052 | O87: 186459761 | R87: 84796363 | S87: 60773067 | T87: 124388063 | U87: 696191300 | V87: 37791794 | W87: 2051427486 | X87: 34

Sheet 9
C1: ９ 厚生年金保険経理貸借対照表
T2: （単位 千円）
L4: 地方公務員 共済組合連合会 | M4: 地方職員共済組合 | Q4: 公立学校共済組合 | R4: 警察共済組合 | S4: 東京都職員 共済組合 | T4: 全国市町村職員 共済組合連合会 | U4: 合計
N5: (再掲)団体共済部
C6: 借 方 | E6: 流 動 資 産 | I6: 現金 | K6: 1 | L6: - | M6: - | N6: - | Q6: - | R6: - | S6: - | T6: - | U6: - | V6: 1
I7: 当座預金 | K7: 2 | L7: - | M7: - | N7: - | Q7: - | R7: - | S7: - | T7: - | U7: - | V7: 2
I8: 普通預金 | K8: 3 | L8: 27691441 | M8: 31422660 | N8: 1370257 | Q8: 77118888 | R8: 79735254 | S8: 33345557 | T8: 46417062 | U8: 295730863 | V8: 3
I9: 通知預金 | K9: 4 | L9: - | M9: - | N9: - | Q9: - | R9: - | S9: - | T9: - | U9: - | V9: 4
I10: 定期預金 | K10: 5 | L10: - | M10: 67800000 | N10: - | Q10: 250000000 | R10: 21000000 | S10: - | T10: 293820000 | U10: 632620000 | V10: 5
I11: 保管有価証券 | K11: 6 | L11: - | M11: - | N11: - | Q11: - | R11: - | S11: - | T11: - | U11: - | V11: 6
I12: 証券投資信託 | K12: 7 | L12: - | M12: - | N12: - | Q12: - | R12: - | S12: - | T12: - | U12: - | V12: 7
I13: 立替金 | K13: 8 | L13: - | M13: 166 | N13: - | Q13: - | R13: - | S13: - | T13: - | U13: 166 | V13: 8
I14: 仮払金 | K14: 9 | L14: - | M14: - | N14: - | Q14: - | R14: - | S14: - | T14: - | U14: - | V14: 9
I15: 前渡金 | K15: 10 | L15: - | M15: - | N15: - | Q15: - | R15: - | S15: - | T15: - | U15: - | V15: 10
I16: 未収収益 | K16: 11 | L16: 626244556 | M16: 2744950 | N16: 2744816 | Q16: 149871991 | R16: 104907344 | S16: 17785340 | T16: 339115619 | U16: 1240669800 | V16: 11
I17: 短期貸付金 | K17: 12 | L17: - | M17: - | N17: - | Q17: - | R17: - | S17: - | T17: - | U17: - | V17: 12
I18: 未収金 | K18: 13 | L18: - | M18: 457919 | N18: 4372 | Q18: 2445660 | R18: 254912 | S18: 868333 | T18: 95350015 | U18: 99376839 | V18: 13
I19: 未達回送金 | K19: 14 | L19: - | M19: - | N19: - | Q19: - | R19: - | S19: - | T19: - | U19: - | V19: 14
E20: 固 定 資 産 | I20: 信託 | K20: 15 | L20: 10637206609 | M20: 2500000 | N20: 2500000 | Q20: 1686438298 | R20: 1236017975 | S20: 159822091 | T20: 4370428061 | U20: 18092413033 | V20: 15
I21: 投資有価証券 | K21: 16 | L21: - | M21: - | N21: - | Q21: - | R21: - | S21: - | T21: - | U21: - | V21: 16
I22: 生命保険 | K22: 17 | L22: - | M22: - | N22: - | Q22: - | R22: - | S22: - | T22: - | U22: - | V22: 17
I23: 投資不動産 | K23: 18 | L23: - | M23: - | N23: - | Q23: - | R23: - | S23: - | T23: - | U23: - | V23: 18
I24: 長期貸付金 | K24: 19 | L24: - | M24: - | N24: - | Q24: - | R24: - | S24: - | T24: - | U24: - | V24: 19
I25: 預託金 | K25: 20 | L25: - | M25: - | N25: - | Q25: - | R25: - | S25: - | T25: - | U25: - | V25: 20
I26: 連合会預託金 | K26: 21 | L26: - | M26: 77064915 | N26: 77064915 | Q26: - | R26: - | S26: - | T26: - | U26: 77064915 | V26: 21
I27: 構成組合預託金 | K27: 22 | L27: - | M27: - | N27: - | Q27: - | R27: - | S27: - | T27: - | U27: - | V27: 22
F28: 合計 | K28: 23 | L28: 11291142605 | M28: 181990609 | N28: 83684360 | Q28: 2165874837 | R28: 1441915485 | S28: 211821321 | T28: 5145130758 | U28: 20437875616 | V28: 23
D29: 令和２年度合計 | K29: 24 | L29: 10750028129 | M29: 173940829 | N29: 83021719 | Q29: 2110870300 | R29: 1375626880 | S29: 215667342 | T29: 5008939686 | U29: 19635073166 | V29: 24
D30: 令和元年度合計 | K30: 25 | L30: 10268610625 | M30: 185690015 | N30: 81518938 | Q30: 2095694860 | R30: 1324856759 | S30: 230679031 | T30: 5016158371 | U30: 19121689662 | V30: 25
C32: 貸 方 | F32: 流動負債 | I32: 未払消費税 | K32: 1 | L32: - | M32: - | N32: - | Q32: - | R32: - | S32: - | T32: - | U32: - | V32: 1
I33: 未払金 | K33: 2 | L33: - | M33: 974864 | N33: 28222 | Q33: 3193781 | R33: 678004 | S33: 382953 | T33: 2754440 | U33: 7984043 | V33: 2
I34: 未払費用 | K34: 3 | L34: - | M34: - | N34: - | Q34: - | R34: - | S34: 383163 | T34: - | U34: 383163 | V34: 3
I35: 前受金 | K35: 4 | L35: - | M35: - | N35: - | Q35: - | R35: - | S35: - | T35: - | U35: - | V35: 4
I36: 預り金 | K36: 5 | L36: - | M36: 29806 | N36: 19431 | Q36: 25075 | R36: 509078 | S36: - | T36: 3397 | U36: 567356 | V36: 5
I37: 受入保証金 | K37: 6 | L37: - | M37: - | N37: - | Q37: - | R37: - | S37: - | T37: - | U37: - | V37: 6
I38: 厚生年金拠出金負担金充当金 | K38: 7 | L38: - | M38: - | N38: - | Q38: - | R38: - | S38: - | T38: - | U38: - | V38: 7
I39: 基礎年金拠出金 負担金充当金 | K39: 8 | L39: - | M39: - | N39: - | Q39: - | R39: - | S39: - | T39: - | U39: - | V39: 8
I40: 前受収益 | K40: 9 | L40: - | M40: 373 | N40: - | Q40: - | R40: 22 | S40: - | T40: - | U40: 395 | V40: 9
I41: 仮受金 | K41: 10 | L41: - | M41: - | N41: - | Q41: 557628 | R41: - | S41: - | T41: 22 | U41: 557650 | V41: 10
I42: 預り有価証券 | K42: 11 | L42: - | M42: - | N42: - | Q42: - | R42: - | S42: - | T42: - | U42: - | V42: 11
F43: 剰余金 （欠損金） | I43: 資本剰余金 | K43: 12 | L43: - | M43: - | N43: - | Q43: - | R43: - | S43: - | T43: - | U43: - | V43: 12
I44: 厚生年金保険給付 調整積立金 | K44: 13 | L44: 11291142605 | M44: - | N44: - | Q44: - | R44: - | S44: - | T44: - | U44: 11291142605 | V44: 13
I45: 厚生年金保険給付 組合積立金 | K45: 14 | L45: - | M45: 180985566 | N45: 83636708 | Q45: 2162098353 | R45: 1440728381 | S45: 211055206 | T45: 5142372898 | U45: 9137240404 | V45: 14
I46: 利益剰余金又は欠損金 | K46: 15 | L46: - | M46: - | N46: - | Q46: - | R46: - | S46: - | T46: - | U46: - | V46: 15
F47: 合計 | K47: 16 | L47: 11291142605 | M47: 181990609 | N47: 83684360 | Q47: 2165874837 | R47: 1441915485 | S47: 211821321 | T47: 5145130758 | U47: 20437875616 | V47: 16
C48: 0 | D48: 令和２年度合計 | K48: 17 | L48: 10750028129 | M48: 173940829 | N48: 83021719 | Q48: 2110870300 | R48: 1375626880 | S48: 215667342 | T48: 5008939686 | U48: 19635073166 | V48: 17
C49: 0 | D49: 令和元年度合計 | K49: 18 | L49: 10268610625 | M49: 185690015 | N49: 81518938 | Q49: 2095694860 | R49: 1324856759 | S49: 230679031 | T49: 5016158371 | U49: 19121689662 | V49: 18

Sheet 10
C1: １０ 厚生年金保険経理損益計算書
U2: （単位 千円）
M4: 地方公務員 共済組合連合会 | N4: 地方職員共済組合 | R4: 公立学校共済組合 | S4: 警察共済組合 | T4: 東京都職員 共済組合 | U4: 全国市町村職員 共済組合連合会 | V4: 合計
O5: (再掲)団体共済部
C6: 借方 | F6: 経 常 費 用 | J6: 老齢厚生給付 | L6: 1 | M6: - | N6: 90921072 | O6: 4028860 | R6: 381948553 | S6: 98919559 | T6: 42132298 | U6: 416546566 | V6: 1030468047 | W6: 1
J7: 退職共済給付 | L7: 2 | M7: - | N7: 228971001 | O7: 7906033 | R7: 722840984 | S7: 145759944 | T7: 101974965 | U7: 737667071 | V7: 1937213965 | W7: 2
J8: 障害厚生給付 | L8: 3 | M8: - | N8: 1109947 | O8: 53695 | R8: 3891518 | S8: 1000234 | T8: 378658 | U8: 3862138 | V8: 10242495 | W8: 3
J9: 障害共済給付 | L9: 4 | M9: - | N9: 2319540 | O9: 108055 | R9: 9190519 | S9: 1427579 | T9: 741092 | U9: 8285085 | V9: 21963816 | W9: 4
J10: 遺族厚生給付 | L10: 5 | M10: - | N10: 9463812 | O10: 317706 | R10: 16960036 | S10: 8249725 | T10: 4014867 | U10: 33145638 | V10: 71834078 | W10: 5
J11: 遺族共済給付 | L11: 6 | M11: - | N11: 97115704 | O11: 1840101 | R11: 233938894 | S11: 69981199 | T11: 33625425 | U11: 230315194 | V11: 664976416 | W11: 6
J12: 短期在留脱退一時金 | L12: 7 | M12: - | N12: 8661 | O12: 7397 | R12: 2127 | S12: - | T12: - | U12: 2720 | V12: 13508 | W12: 7
J13: 連合会交付金返還金 | L13: 8 | M13: - | N13: - | O13: - | R13: - | S13: - | T13: - | U13: - | V13: - | W13: 8
J14: 連合会払込金 | L14: 9 | M14: - | N14: 711206 | O14: 711206 | R14: 18612724 | S14: 36017719 | T14: - | U14: 44877381 | V14: 100219030 | W14: 9
J15: 移換金 | L15: 10 | M15: - | N15: - | O15: - | R15: - | S15: - | T15: - | U15: - | V15: - | W15: 10
J16: 消費税 | L16: 11 | M16: - | N16: - | O16: - | R16: - | S16: - | T16: - | U16: - | V16: - | W16: 11
J17: 負担金 | L17: 12 | M17: - | N17: 21905 | O17: - | R17: 71317 | S17: 23355 | T17: - | U17: - | V17: 116577 | W17: 12
J18: 厚生年金拠出金 | L18: 13 | M18: 3274208971 | N18: - | O18: - | R18: - | S18: - | T18: - | U18: - | V18: 3274208971 | W18: 13
J19: 厚生年金交付金支払金 | L19: 14 | M19: 3510580887 | N19: - | O19: - | R19: - | S19: - | T19: - | U19: - | V19: 3510580887 | W19: 14
J20: 厚生年金拠出金負担金 | L20: 15 | M20: 164943223 | N20: 335381515 | O20: 13865722 | R20: 1071833437 | S20: 315321877 | T20: 148238845 | U20: 1238490073 | V20: 3274208971 | W20: 15
J21: 基礎年金拠出金負担金 | L21: 16 | M21: - | N21: 173124740 | O21: 7229074 | R21: 524397248 | S21: 179479161 | T21: 73726402 | U21: 597639093 | V21: 1548366644 | W21: 16
J22: 基礎年金拠出金 | L22: 17 | M22: 1548366644 | N22: - | O22: - | R22: - | S22: - | T22: - | U22: - | V22: 1548366644 | W22: 17
J23: 基礎年金交付金支払金 | L23: 18 | M23: 54431257 | N23: - | O23: - | R23: - | S23: - | T23: - | U23: - | V23: 54431257 | W23: 18
J24: 財政調整拠出金 | L24: 19 | M24: - | N24: - | O24: - | R24: - | S24: - | T24: - | U24: - | V24: - | W24: 19
J25: 組合払込金返還金 | L25: 20 | M25: - | N25: - | O25: - | R25: - | S25: - | T25: - | U25: - | V25: - | W25: 20
J26: 組合交付金 | L26: 21 | M26: 34152000 | N26: - | O26: - | R26: - | S26: - | T26: - | U26: - | V26: 34152000 | W26: 21
J27: 信託の運用損 | L27: 22 | M27: 702356 | N27: - | O27: - | R27: 51535 | S27: 106 | T27: 383163 | U27: 2727687 | V27: 3864847 | W27: 22
J28: 有価証券売却損 | L28: 23 | M28: - | N28: - | O28: - | R28: - | S28: - | T28: - | U28: - | V28: - | W28: 23
J29: 有価証券評価損 | L29: 24 | M29: - | N29: - | O29: - | R29: - | S29: - | T29: - | U29: - | V29: - | W29: 24
J30: 償還差損 | L30: 25 | M30: - | N30: - | O30: - | R30: - | S30: - | T30: - | U30: - | V30: - | W30: 25
J31: 承継差損 | L31: 26 | M31: - | N31: - | O31: - | R31: - | S31: - | T31: - | U31: - | V31: - | W31: 26
J32: 信託等売買手数料 | L32: 27 | M32: - | N32: - | O32: - | R32: - | S32: - | T32: - | U32: - | V32: - | W32: 27
J33: 未収返還金償却額 | L33: 28 | M33: - | N33: - | O33: - | R33: 4377 | S33: 1549 | T33: - | U33: 96827 | V33: 102753 | W33: 28
J34: 雑費 | L34: 29 | M34: - | N34: 555 | O34: 316 | R34: 329 | S34: 25 | T34: - | U34: 2548 | V34: 3456 | W34: 29
G35: 繰入金 | J35: 業務経理へ繰入 | L35: 30 | M35: 2082654 | N35: 671873 | O35: 189959 | R35: 1080260 | S35: 527933 | T35: 294354 | U35: 2701467 | V35: 7358542 | W35: 30
G36: 次年度繰越 厚生年金拠出金 負担金充当金 | J36: 次年度繰越 厚生年金拠出金 負担金充当金 | L36: 31 | M36: - | N36: - | O36: - | R36: - | S36: - | T36: - | U36: - | V36: - | W36: 31
G37: 次年度繰越 厚生年金保険給付 組合積立金 | J37: 次年度繰越 厚生年金保険給付 組合積立金 | L37: 32 | M37: - | N37: 180985566 | O37: 83636708 | R37: 2162098353 | S37: 1440728381 | T37: 211055206 | U37: 5142372898 | V37: 9137240404 | W37: 32
G38: 次年度繰越 基礎年金拠出金 負担金充当金 | J38: 次年度繰越 基礎年金拠出金 負担金充当金 | L38: 33 | M38: - | N38: - | O38: - | R38: - | S38: - | T38: - | U38: - | V38: - | W38: 33
G39: 特別損失 | J39: 前期損益修正損 | L39: 34 | M39: - | N39: - | O39: - | R39: 267810 | S39: 29634 | T39: 12274 | U39: 306 | V39: 310024 | W39: 34
J40: 固定資産売却損 | L40: 35 | M40: - | N40: - | O40: - | R40: - | S40: - | T40: - | U40: - | V40: - | W40: 35
J41: 固定資産除却損 | L41: 36 | M41: - | N41: - | O41: - | R41: - | S41: - | T41: - | U41: - | V41: - | W41: 36
J42: 固定資産評価損 | L42: 37 | M42: - | N42: - | O42: - | R42: - | S42: - | T42: - | U42: - | V42: - | W42: 37
G43: 当期利益金 | J43: 当期利益金 | L43: 38 | M43: 541114476 | N43: - | O43: - | R43: - | S43: - | T43: - | U43: - | V43: 541114476 | W43: 38
G44: 合計 | L44: 39 | M44: 9130582468 | N44: 1120807096 | O44: 119894831 | R44: 5147190020 | S44: 2297467980 | T44: 616577548 | U44: 8458732694 | V44: 26771357805 | W44: 39
D45: 令和２年度合計 | L45: 40 | M45: 8554372637 | N45: 1096923327 | O45: 117276200 | R45: 4994865575 | S45: 2182377089 | T45: 611135310 | U45: 8190349130 | V45: 25630023068 | W45: 40
D46: 令和元年度合計 | L46: 41 | M46: 8293780316 | N46: 1117105534 | O46: 116424708 | R46: 4964600919 | S46: 2143312602 | T46: 617892834 | U46: 8159868048 | V46: 25296560255 | W46: 41
U49: （単位 千円）
M51: 地方公務員 共済組合連合会 | N51: 地方職員共済組合 | R51: 公立学校共済組合 | S51: 警察共済組合 | T51: 東京都職員 共済組合 | U51: 全国市町村職員 共済組合連合会 | V51: 合計
O52: (再掲)団体共済部
C53: 貸方 | F53: 経 常 収 益 | J53: 負担金 | L53: 1 | M53: =[37]作業シート!E50 -> - | N53: =[37]作業シート!F50 -> 317907086 | O53: =[37]作業シート!G50 -> 11980235 | R53: =[37]作業シート!H50 -> 1003119735 | S53: =[37]作業シート!I50 -> 316107222 | T53: =[37]作業シート!J50 -> 127298202 | U53: =[37]作業シート!K50 -> 1042999762 | V53: =[37]作業シート!L50 -> 2807432008 | W53: 1
J54: 組合員保険料 | L54: 2 | M54: =[37]作業シート!E51 -> - | N54: =[37]作業シート!F51 -> 191953999 | O54: =[37]作業シート!G51 -> 7736183 | R54: =[37]作業シート!H51 -> 602564313 | S54: =[37]作業シート!I51 -> 193365285 | T54: =[37]作業シート!J51 -> 78231743 | U54: =[37]作業シート!K51 -> 662533394 | V54: =[37]作業シート!L51 -> 1728648733 | W54: 2
J55: 退職一時金等返還金 | L55: 3 | M55: =[37]作業シート!E52 -> - | N55: =[37]作業シート!F52 -> 160957 | O55: =[37]作業シート!G52 -> 19447 | R55: =[37]作業シート!H52 -> 357135 | S55: =[37]作業シート!I52 -> 190106 | T55: =[37]作業シート!J52 -> 113160 | U55: =[37]作業シート!K52 -> 775066 | V55: =[37]作業シート!L52 -> 1596423 | W55: 3
J56: 連合会払込金返還金 | L56: 4 | M56: =[37]作業シート!E53 -> - | N56: =[37]作業シート!F53 -> - | O56: =[37]作業シート!G53 -> - | R56: =[37]作業シート!H53 -> - | S56: =[37]作業シート!I53 -> - | T56: =[37]作業シート!J53 -> - | U56: =[37]作業シート!K53 -> - | V56: =[37]作業シート!L53 -> - | W56: 4
J57: 移換金 | L57: 5 | M57: =[37]作業シート!E54 -> - | N57: =[37]作業シート!F54 -> - | O57: =[37]作業シート!G54 -> - | R57: =[37]作業シート!H54 -> 56 | S57: =[37]作業シート!I54 -> - | T57: =[37]作業シート!J54 -> - | U57: =[37]作業シート!K54 -> 209 | V57: =[37]作業シート!L54 -> 265 | W57: 5
J58: 厚生年金交付金 （連合会交付金） | L58: 6 | M58: =[37]作業シート!E55 -> - | N58: =[37]作業シート!F55 -> 393790955 | O58: =[37]作業シート!G55 -> 13805581 | R58: =[37]作業シート!H55 -> 1259577319 | S58: =[37]作業シート!I55 -> 300823964 | T58: =[37]作業シート!J55 -> 175069054 | U58: =[37]作業シート!K55 -> 1381319596 | V58: =[37]作業シート!L55 -> 3510580887 | W58: 6
J60: 厚生年金拠出金負担金 | L60: 7 | M60: =[37]作業シート!E56 -> 3274208971 | N60: =[37]作業シート!F56 -> - | O60: =[37]作業シート!G56 -> - | R60: =[37]作業シート!H56 -> - | S60: =[37]作業シート!I56 -> - | T60: =[37]作業シート!J56 -> - | U60: =[37]作業シート!K56 -> - | V60: =[37]作業シート!L56 -> 3274208971 | W60: 7
J61: 厚生年金交付金 | L61: 8 | M61: =[37]作業シート!E57 -> 3510580887 | N61: =[37]作業シート!F57 -> - | O61: =[37]作業シート!G57 -> - | R61: =[37]作業シート!H57 -> - | S61: =[37]作業シート!I57 -> - | T61: =[37]作業シート!J57 -> - | U61: =[37]作業シート!K57 -> - | V61: =[37]作業シート!L57 -> 3510580887 | W61: 8
J62: 基礎年金交付金 （連合会交付金） | L62: 9 | M62: =[37]作業シート!E58 -> - | N62: =[37]作業シート!F58 -> 6099857 | O62: =[37]作業シート!G58 -> 260608 | R62: =[37]作業シート!H58 -> 18340774 | S62: =[37]作業シート!I58 -> 6358900 | T62: =[37]作業シート!J58 -> 2623081 | U62: =[37]作業シート!K58 -> 20949223 | V62: =[37]作業シート!L58 -> 54371835 | W62: 9
J64: 基礎年金拠出金負担金 | L64: 10 | M64: =[37]作業シート!E59 -> 1548366644 | N64: =[37]作業シート!F59 -> - | O64: =[37]作業シート!G59 -> - | R64: =[37]作業シート!H59 -> - | S64: =[37]作業シート!I59 -> - | T64: =[37]作業シート!J59 -> - | U64: =[37]作業シート!K59 -> - | V64: =[37]作業シート!L59 -> 1548366644 | W64: 10
J65: 基礎年金交付金 | L65: 11 | M65: =[37]作業シート!E60 -> 54431257 | N65: =[37]作業シート!F60 -> - | O65: =[37]作業シート!G60 -> - | R65: =[37]作業シート!H60 -> - | S65: =[37]作業シート!I60 -> - | T65: =[37]作業シート!J60 -> - | U65: =[37]作業シート!K60 -> - | V65: =[37]作業シート!L60 -> 54431257 | W65: 11
J66: 財政調整拠出金受入金 | L66: 12 | M66: =[37]作業シート!E61 -> 16097273 | N66: =[37]作業シート!F61 -> - | O66: =[37]作業シート!G61 -> - | R66: =[37]作業シート!H61 -> - | S66: =[37]作業シート!I61 -> - | T66: =[37]作業シート!J61 -> - | U66: =[37]作業シート!K61 -> - | V66: =[37]作業シート!L61 -> 16097273 | W66: 12
J67: 組合払込金 | L67: 13 | M67: =[37]作業シート!E62 -> 100219030 | N67: =[37]作業シート!F62 -> - | O67: =[37]作業シート!G62 -> - | R67: =[37]作業シート!H62 -> - | S67: =[37]作業シート!I62 -> - | T67: =[37]作業シート!J62 -> - | U67: =[37]作業シート!K62 -> - | V67: =[37]作業シート!L62 -> 100219030 | W67: 13
J68: 組合交付金返還金 | L68: 14 | M68: =[37]作業シート!E63 -> - | N68: =[37]作業シート!F63 -> - | O68: =[37]作業シート!G63 -> - | R68: =[37]作業シート!H63 -> - | S68: =[37]作業シート!I63 -> - | T68: =[37]作業シート!J63 -> - | U68: =[37]作業シート!K63 -> - | V68: =[37]作業シート!L63 -> - | W68: 14
J69: 雑収入 | L69: 15 | M69: =[37]作業シート!E64 -> - | N69: =[37]作業シート!F64 -> 2624 | O69: =[37]作業シート!G64 -> - | R69: =[37]作業シート!H64 -> - | S69: =[37]作業シート!I64 -> 49006 | T69: =[37]作業シート!J64 -> - | U69: =[37]作業シート!K64 -> 15371 | V69: =[37]作業シート!L64 -> 67001 | W69: 15
J70: 連合会交付金 | L70: 16 | M70: =[37]作業シート!E65 -> - | N70: =[37]作業シート!F65 -> 34152000 | O70: =[37]作業シート!G65 -> - | R70: =[37]作業シート!H65 -> - | S70: =[37]作業シート!I65 -> - | T70: =[37]作業シート!J65 -> - | U70: =[37]作業シート!K65 -> - | V70: =[37]作業シート!L65 -> 34152000 | W70: 16
J71: 補助金 | L71: 17 | M71: =[37]作業シート!E66 -> - | N71: =[37]作業シート!F66 -> - | O71: =[37]作業シート!G66 -> - | R71: =[37]作業シート!H66 -> - | S71: =[37]作業シート!I66 -> - | T71: =[37]作業シート!J66 -> - | U71: =[37]作業シート!K66 -> - | V71: =[37]作業シート!L66 -> - | W71: 17
J72: 利息及び配当金 | L72: 18 | M72: =[37]作業シート!E67 -> - | N72: =[37]作業シート!F67 -> 3095626 | O72: =[37]作業シート!G67 -> 3094536 | R72: =[37]作業シート!H67 -> 3583 | S72: =[37]作業シート!I67 -> 342 | T72: =[37]作業シート!J67 -> - | U72: =[37]作業シート!K67 -> 6396 | V72: =[37]作業シート!L67 -> 3105946 | W72: 18
J73: 信託の運用益 | L73: 19 | M73: =[37]作業シート!E68 -> 626678406 | N73: =[37]作業シート!F68 -> 647 | O73: =[37]作業シート!G68 -> 647 | R73: =[37]作業シート!H68 -> 153497026 | S73: =[37]作業シート!I68 -> 105571988 | T73: =[37]作業シート!J68 -> 17785340 | U73: =[37]作業シート!K68 -> 341842455 | V73: =[37]作業シート!L68 -> 1245375862 | W73: 19
J74: 有価証券売却益 | L74: 20 | M74: - | N74: - | O74: - | R74: - | S74: - | T74: - | U74: - | V74: - | W74: 20
J75: 有価証券評価益 | L75: 21 | M75: - | N75: - | O75: - | R75: - | S75: - | T75: - | U75: - | V75: - | W75: 21
J76: 償還差益 | L76: 22 | M76: - | N76: - | O76: - | R76: - | S76: - | T76: - | U76: - | V76: - | W76: 22
J77: 承継差益 | L77: 23 | M77: - | N77: - | O77: - | R77: - | S77: - | T77: - | U77: - | V77: - | W77: 23
J78: 賠償金 | L78: 24 | M78: - | N78: - | O78: - | R78: - | S78: - | T78: - | U78: 2148 | V78: 2148 | W78: 24
J79: 雑益 | L79: 25 | M79: - | N79: - | O79: - | R79: - | S79: 148897 | T79: - | U79: - | V79: 148897 | W79: 25
G80: 前年度繰越 厚生年金拠出金 負担金充当金 | J80: 前年度繰越 厚生年金拠出金 負担金充当金 | L80: 26 | M80: - | N80: - | O80: - | R80: - | S80: - | T80: - | U80: - | V80: - | W80: 26
G81: 前年度繰越 厚生年金保険給付 組合積立金 | J81: 前年度繰越 厚生年金保険給付 組合積立金 | L81: 27 | M81: - | N81: 173643345 | O81: 82997594 | R81: 2109305279 | S81: 1374836752 | T81: 215429089 | U81: 5008286278 | V81: 8881500743 | W81: 27
G82: 前年度繰越 基礎年金拠出金 負担金充当金 | J82: 前年度繰越基礎年金拠出金負担金充当金 | L82: 28 | M82: - | N82: - | O82: - | R82: - | S82: - | T82: - | U82: - | V82: - | W82: 28
G83: 特別利益 | J83: 前期損益修正益 | L83: 29 | M83: - | N83: - | O83: - | R83: 424801 | S83: 15519 | T83: 27878 | U83: 2796 | V83: 470994 | W83: 29
J84: 固定資産売却益 | L84: 30 | M84: - | N84: - | O84: - | R84: - | S84: - | T84: - | U84: - | V84: - | W84: 30
J85: 固定資産評価益 | L85: 31 | M85: - | N85: - | O85: - | R85: - | S85: - | T85: - | U85: - | V85: - | W85: 31
G86: 当期損失金 | J86: 当期損失金 | L86: 32 | M86: - | N86: - | O86: - | R86: - | S86: - | T86: - | U86: - | V86: - | W86: 32
G87: 合計 | L87: 33 | M87: 9130582468 | N87: 1120807096 | O87: 119894831 | R87: 5147190020 | S87: 2297467980 | T87: 616577548 | U87: 8458732694 | V87: 26771357805 | W87: 33
D88: 令和２年度合計 | L88: 34 | M88: 8554372637 | N88: 1096923327 | O88: 117276200 | R88: 4994865575 | S88: 2182377089 | T88: 611135310 | U88: 8190349130 | V88: 25630023068 | W88: 34
D89: 令和元年度合計 | L89: 35 | M89: 8293780316 | N89: 1117105534 | O89: 116424708 | R89: 4964600919 | S89: 2143312602 | T89: 617892834 | U89: 8159868048 | V89: 25296560255 | W89: 35
D91: ２.前年度繰越厚生年金保険給付組合積立金は、改正前地共済法の長期経理より承継したものである。

Sheet 11
C1: １１ 退職等年金経理貸借対照表
U2: （単位 千円）
M4: 地方公務員 共済組合連合会 | N4: 地方職員共済組合 | R4: 公立学校共済組合 | S4: 警察共済組合 | T4: 東京都職員 共済組合 | U4: 全国市町村職員 共済組合連合会 | V4: 合計
O5: (再掲)団体共済部
C6: 借 方 | G6: 流 動 資 産 | J6: 現金 | L6: 1 | M6: - | N6: - | O6: - | R6: - | S6: - | T6: - | U6: - | V6: - | W6: 1
J7: 当座預金 | L7: 2 | M7: - | N7: - | O7: - | R7: - | S7: - | T7: - | U7: - | V7: - | W7: 2
J8: 普通預金 | L8: 3 | M8: 45881 | N8: 3120380 | O8: 67306 | R8: 5419914 | S8: 6245681 | T8: 1263229 | U8: 770943 | V8: 16866028 | W8: 3
J9: 通知預金 | L9: 4 | M9: - | N9: - | O9: - | R9: - | S9: - | T9: - | U9: - | V9: - | W9: 4
J10: 定期預金 | L10: 5 | M10: - | N10: 4650000 | O10: 250000 | R10: - | S10: - | T10: - | U10: - | V10: 4650000 | W10: 5
J11: 保管有価証券 | L11: 6 | M11: - | N11: - | O11: - | R11: - | S11: - | T11: - | U11: - | V11: - | W11: 6
J12: 立替金 | L12: 7 | M12: - | N12: - | O12: - | R12: 60 | S12: - | T12: - | U12: - | V12: 60 | W12: 7
J13: 仮払金 | L13: 8 | M13: - | N13: - | O13: - | R13: - | S13: - | T13: - | U13: - | V13: - | W13: 8
J14: 前渡金 | L14: 9 | M14: - | N14: - | O14: - | R14: - | S14: - | T14: - | U14: - | V14: - | W14: 9
J15: 未収収益 | L15: 10 | M15: 272919 | N15: 515113 | O15: 18206 | R15: 1899146 | S15: 612401 | T15: 248347 | U15: 1866908 | V15: 5414834 | W15: 10
J16: 短期貸付金 | L16: 11 | M16: - | N16: - | O16: - | R16: - | S16: - | T16: - | U16: - | V16: - | W16: 11
J17: 未収金 | L17: 12 | M17: - | N17: 5998 | O17: - | R17: 43948 | S17: 3918 | T17: 51383 | U17: 6288837 | V17: 6394084 | W17: 12
J18: 未達回送金 | L18: 13 | M18: - | N18: - | O18: - | R18: - | S18: - | T18: - | U18: - | V18: - | W18: 13
G19: 固 定 資 産 | J19: 信託 | L19: 14 | M19: 89295894 | N19: 165776670 | O19: 5851828 | R19: 580121043 | S19: 165551565 | T19: 77014698 | U19: 594758076 | V19: 1672517946 | W19: 14
J20: 投資有価証券 | L20: 15 | M20: - | N20: 3608220 | O20: - | R20: - | S20: - | T20: - | U20: - | V20: 3608220 | W20: 15
J21: 生命保険 | L21: 16 | M21: - | N21: - | O21: - | R21: - | S21: - | T21: - | U21: - | V21: - | W21: 16
J22: 投資不動産 | L22: 17 | M22: - | N22: 1115669 | O22: - | R22: - | S22: 24841023 | T22: - | U22: - | V22: 25956692 | W22: 17
J23: 長期貸付金 | L23: 18 | M23: - | N23: 13877720 | O23: 1259068 | R23: 2300000 | S23: - | T23: - | U23: - | V23: 16177720 | W23: 18
J24: 預託金 | L24: 19 | M24: - | N24: - | O24: - | R24: - | S24: - | T24: - | U24: - | V24: - | W24: 19
J25: 連合会預託金 | L25: 20 | M25: - | N25: - | O25: - | R25: - | S25: - | T25: - | U25: - | V25: - | W25: 20
J26: 構成組合預託金 | L26: 21 | M26: - | N26: - | O26: - | R26: - | S26: - | T26: - | U26: 60878884 | V26: 60878884 | W26: 21
G27: 合計 | L27: 22 | M27: 89614694 | N27: 192669769 | O27: 7446408 | R27: 589784110 | S27: 197254588 | T27: 78577658 | U27: 664563649 | V27: 1812464468 | W27: 22
D28: 令和２年度合計 | L28: 23 | M28: 75728568 | N28: 162728945 | O28: 6238721 | R28: 495840266 | S28: 166800413 | T28: 66431884 | U28: 560873911 | V28: 1528403988 | W28: 23
D29: 令和元年度合計 | L29: 24 | M29: 61675894 | N29: 132886017 | O29: 5028549 | R29: 400591983 | S29: 136054500 | T29: 54210586 | U29: 458058145 | V29: 1243477125 | W29: 24
C31: 貸 方 | G31: 流動負債 | J31: 未払消費税 | L31: 1 | M31: - | N31: - | O31: - | R31: - | S31: - | T31: - | U31: - | V31: - | W31: 1
J32: 未払金 | L32: 2 | M32: - | N32: 564 | O32: - | R32: 11250 | S32: 7081 | T32: 349 | U32: 503 | V32: 19746 | W32: 2
J33: 未払費用 | L33: 3 | M33: - | N33: 6041 | O33: - | R33: - | S33: - | T33: - | U33: - | V33: 6041 | W33: 3
J34: 前受金 | L34: 4 | M34: - | N34: - | O34: - | R34: - | S34: - | T34: - | U34: - | V34: - | W34: 4
J35: 預り金 | L35: 5 | M35: - | N35: 5536 | O35: 113 | R35: 6450 | S35: 2945 | T35: 0 | U35: 1528 | V35: 16459 | W35: 5
J36: 受入保証金 | L36: 6 | M36: - | N36: - | O36: - | R36: - | S36: - | T36: - | U36: - | V36: - | W36: 6
J37: 前受収益 | L37: 7 | M37: - | N37: 31 | O37: - | R37: - | S37: 2 | T37: - | U37: - | V37: 32 | W37: 7
J38: 仮受金 | L38: 8 | M38: - | N38: 40 | O38: 40 | R38: 292020 | S38: - | T38: - | U38: 2 | V38: 292061 | W38: 8
J39: 預り有価証券 | L39: 9 | M39: - | N39: - | O39: - | R39: - | S39: - | T39: - | U39: - | V39: - | W39: 9
F40: 剰余金 （欠損金） | J40: 資本剰余金 | L40: 10 | M40: - | N40: - | O40: - | R40: - | S40: - | T40: - | U40: - | V40: - | W40: 10
J41: 退職等年金給付 調整積立金 | L41: 11 | M41: 89614694 | N41: - | O41: - | R41: - | S41: - | T41: - | U41: - | V41: 89614694 | W41: 11
J42: 退職等年金給付 組合積立金 | L42: 12 | M42: - | N42: 192657557 | O42: 7446255 | R42: 589474391 | S42: 197244560 | T42: 78577309 | U42: 664561616 | V42: 1722515434 | W42: 12
G43: 合計 | L43: 13 | M43: 89614694 | N43: 192669769 | O43: 7446408 | R43: 589784110 | S43: 197254588 | T43: 78577658 | U43: 664563649 | V43: 1812464468 | W43: 13
D44: 令和２年度合計 | L44: 14 | M44: 75728568 | N44: 162728945 | O44: 6238721 | R44: 495840266 | S44: 166800413 | T44: 66431884 | U44: 560873911 | V44: 1528403988 | W44: 14
D45: 令和元年度合計 | L45: 15 | M45: 61675894 | N45: 132886017 | O45: 5028549 | R45: 400591983 | S45: 136054500 | T45: 54210586 | U45: 458058145 | V45: 1243477125 | W45: 15

Sheet 12
C1: １２ 退職等年金経理損益計算書
U2: （単位 千円）
M4: 地 方 公 務 員 共済組合連合会 | N4: 地方職員共済組合 | R4: 公立学校共済組合 | S4: 警察共済組合 | T4: 東京都職員 共済組合 | U4: 全国市町村職員 共済組合連合会 | V4: 合計
O5: (再掲)団体共済部
C6: 借方 | F6: 経 常 費 用 | J6: 退職等給付 | L6: 1 | M6: - | N6: 451015 | O6: 20121 | R6: 856839 | S6: 293073 | T6: 106963 | U6: 1031536 | V6: 2739426 | W6: 1
J7: 公務障害給付 | L7: 2 | M7: - | N7: - | O7: - | R7: 6779 | S7: 5346 | T7: - | U7: 12760 | V7: 24885 | W7: 2
J8: 公務遺族給付 | L8: 3 | M8: - | N8: 6467 | O8: - | R8: 11406 | S8: 14710 | T8: 659 | U8: 45975 | V8: 79217 | W8: 3
J9: 連合会交付金返還金 | L9: 4 | M9: - | N9: - | O9: - | R9: - | S9: - | T9: - | U9: - | V9: - | W9: 4
J10: 連合会払込金 | L10: 5 | M10: - | N10: 1572631 | O10: 64003 | R10: 4933817 | S10: 1582973 | T10: 640960 | U10: 5486140 | V10: 14216521 | W10: 5
J11: 移換金 | L11: 6 | M11: - | N11: - | O11: - | R11: - | S11: - | T11: - | U11: - | V11: - | W11: 6
J12: 消費税 | L12: 7 | M12: - | N12: 2 | O12: - | R12: - | S12: - | T12: - | U12: - | V12: 2 | W12: 7
J13: 財政調整拠出金 | L13: 8 | M13: - | N13: - | O13: - | R13: - | S13: - | T13: - | U13: - | V13: - | W13: 8
J14: 組合払込金返還金 | L14: 9 | M14: - | N14: - | O14: - | R14: - | S14: - | T14: - | U14: - | V14: - | W14: 9
J15: 組合交付金 | L15: 10 | M15: - | N15: - | O15: - | R15: - | S15: - | T15: - | U15: - | V15: - | W15: 10
J16: 信託の運用損 | L16: 11 | M16: - | N16: - | O16: - | R16: - | S16: - | T16: - | U16: - | V16: - | W16: 11
J17: 有価証券売却損 | L17: 12 | M17: - | N17: - | O17: - | R17: - | S17: - | T17: - | U17: - | V17: - | W17: 12
J18: 有価証券評価損 | L18: 13 | M18: - | N18: - | O18: - | R18: - | S18: - | T18: - | U18: - | V18: - | W18: 13
J19: 償還差損 | L19: 14 | M19: - | N19: 951 | O19: - | R19: - | S19: - | T19: - | U19: - | V19: 951 | W19: 14
J20: 承継差損 | L20: 15 | M20: - | N20: - | O20: - | R20: - | S20: - | T20: - | U20: - | V20: - | W20: 15
J21: 信託等売買手数料 | L21: 16 | M21: - | N21: - | O21: - | R21: - | S21: - | T21: - | U21: - | V21: - | W21: 16
J22: 未収返還金償却額 | L22: 17 | M22: - | N22: - | O22: - | R22: - | S22: - | T22: - | U22: - | V22: - | W22: 17
J23: 雑費 | L23: 18 | M23: - | N23: 24 | O23: - | R23: 18 | S23: - | T23: - | U23: - | V23: 42 | W23: 18
G24: 繰入金 | J24: 業務経理へ繰入 | L24: 19 | M24: 603315 | N24: 230957 | O24: 11030 | R24: 1040568 | S24: 331423 | T24: 180000 | U24: 1023804 | V24: 3410067 | W24: 19
G25: 次年度繰越 退職等年金給付 組合積立金 | J25: 次年度繰越 退職等年金給付 組合積立金 | L25: 20 | M25: - | N25: 192657557 | O25: 7446255 | R25: 589474391 | S25: 197244560 | T25: 78577309 | U25: 664561616 | V25: 1722515434 | W25: 20
G26: 特別損失 | J26: 前期損益修正損 | L26: 21 | M26: - | N26: - | O26: - | R26: 21504 | S26: 3514 | T26: 937 | U26: 25 | V26: 25980 | W26: 21
J27: 固定資産売却損 | L27: 22 | M27: - | N27: - | O27: - | R27: - | S27: - | T27: - | U27: - | V27: - | W27: 22
J28: 固定資産除却損 | L28: 23 | M28: - | N28: - | O28: - | R28: - | S28: - | T28: - | U28: - | V28: - | W28: 23
J29: 固定資産評価損 | L29: 24 | M29: - | N29: - | O29: - | R29: - | S29: - | T29: - | U29: - | V29: - | W29: 24
G30: 当期利益金 | J30: 当期利益金 | L30: 25 | M30: 13886125 | N30: - | O30: - | R30: - | S30: - | T30: - | U30: - | V30: 13886125 | W30: 25
G31: 合計 | L31: 26 | M31: 14489440 | N31: 194919604 | O31: 7541409 | R31: 596345322 | S31: 199475600 | T31: 79506829 | U31: 672161855 | V31: 1756898650 | W31: 26
D32: 令和２年度合計 | L32: 27 | M32: 14546637 | N32: 164777203 | O32: 6320534 | R32: 501661521 | S32: 168828297 | T32: 67322696 | U32: 567955061 | V32: 1485091414 | W32: 27
D33: 令和元年度合計 | L33: 28 | M33: 14377021 | N33: 134710741 | O33: 5112770 | R33: 405968844 | S33: 137899145 | T33: 55053288 | U33: 464547676 | V33: 1212556715 | W33: 28
C35: 貸方 | F35: 経 常 収 益 | J35: 負担金 | L35: 1 | M35: - | N35: 15750300 | O35: 635811 | R35: 49430447 | S35: 15847369 | T35: 6410551 | U35: 54404478 | V35: 141843146 | W35: 1
J36: 掛金 | L36: 2 | M36: - | N36: 15748188 | O36: 635804 | R36: 49430022 | S36: 15849989 | T36: 6414279 | U36: 54403699 | V36: 141846177 | W36: 2
J37: 連合会払込金返還金 | L37: 3 | M37: - | N37: - | O37: - | R37: - | S37: - | T37: - | U37: - | V37: - | W37: 3
J38: 移換金 | L38: 4 | M38: - | N38: - | O38: - | R38: - | S38: - | T38: - | U38: - | V38: - | W38: 4
J39: 財政調整拠出金受入金 | L39: 5 | M39: - | N39: - | O39: - | R39: - | S39: - | T39: - | U39: - | V39: - | W39: 5
J40: 組合払込金 | L40: 6 | M40: 14216521 | N40: - | O40: - | R40: - | S40: - | T40: - | U40: - | V40: 14216521 | W40: 6
J41: 組合交付金返還金 | L41: 7 | M41: - | N41: - | O41: - | R41: - | S41: - | T41: - | U41: - | V41: - | W41: 7
J42: 雑収入 | L42: 8 | M42: - | N42: 3 | O42: - | R42: - | S42: 3 | T42: - | U42: - | V42: 6 | W42: 8
J43: 連合会交付金 | L43: 9 | M43: - | N43: - | O43: - | R43: - | S43: - | T43: - | U43: - | V43: - | W43: 9
J44: 補助金 | L44: 10 | M44: - | N44: - | O44: - | R44: - | S44: - | T44: - | U44: - | V44: - | W44: 10
J45: 利息及び配当金 | L45: 11 | M45: - | N45: 196908 | O45: 12872 | R45: 23000 | S45: 372899 | T45: - | U45: 615802 | V45: 1208609 | W45: 11
J46: 信託の運用益 | L46: 12 | M46: 272919 | N46: 502919 | O46: 18206 | R46: 1899146 | S46: 612401 | T46: 248347 | U46: 1866902 | V46: 5402635 | W46: 12
J47: 有価証券売却益 | L47: 13 | M47: - | N47: - | O47: - | R47: - | S47: - | T47: - | U47: - | V47: - | W47: 13
J48: 有価証券評価益 | L48: 14 | M48: - | N48: - | O48: - | R48: - | S48: - | T48: - | U48: - | V48: - | W48: 14
J49: 償還差益 | L49: 15 | M49: - | N49: 120 | O49: - | R49: - | S49: - | T49: - | U49: - | V49: 120 | W49: 15
J50: 承継差益 | L50: 16 | M50: - | N50: - | O50: - | R50: - | S50: - | T50: - | U50: - | V50: - | W50: 16
J51: 賠償金 | L51: 17 | M51: - | N51: - | O51: - | R51: - | S51: - | T51: - | U51: - | V51: - | W51: 17
J52: 雑益 | L52: 18 | M52: - | N52: - | O52: - | R52: - | S52: - | T52: - | U52: - | V52: - | W52: 18
G53: 前年度繰越 退職等年金給付 組合積立金 | J53: 前年度繰越 退職等年金給付 組合積立金 | L53: 19 | M53: - | N53: 162721165 | O53: 6238716 | R53: 495534296 | S53: 166791946 | T53: 66431884 | U53: 560870946 | V53: 1452350236 | W53: 19
G54: 特別利益 | J54: 前期損益修正益 | L54: 20 | M54: - | N54: - | O54: - | R54: 28412 | S54: 992 | T54: 1767 | U54: 28 | V54: 31199 | W54: 20
J55: 固定資産売却益 | L55: 21 | M55: - | N55: - | O55: - | R55: - | S55: - | T55: - | U55: - | V55: - | W55: 21
J56: 固定資産評価益 | L56: 22 | M56: - | N56: - | O56: - | R56: - | S56: - | T56: - | U56: - | V56: - | W56: 22
G57: 当期損失金 | J57: 当期損失金 | L57: 23 | M57: - | N57: - | O57: - | R57: - | S57: - | T57: - | U57: - | V57: - | W57: 23
G58: 合計 | L58: 24 | M58: 14489440 | N58: 194919604 | O58: 7541409 | R58: 596345322 | S58: 199475600 | T58: 79506829 | U58: 672161855 | V58: 1756898650 | W58: 24
D59: 令和２年度合計 | L59: 25 | M59: 14546637 | N59: 164777203 | O59: 6320534 | R59: 501661521 | S59: 168828297 | T59: 67322696 | U59: 567955061 | V59: 1485091414 | W59: 25
D60: 令和元年度合計 | L60: 26 | M60: 14377021 | N60: 134710741 | O60: 5112770 | R60: 405968844 | S60: 137899145 | T60: 55053288 | U60: 464547676 | V60: 1212556715 | W60: 26

Sheet 13
C1: １３ 経過的長期経理貸借対照表
U2: （単位 千円）
M4: 地方公務員 共済組合連合会 | N4: 地方職員共済組合 | R4: 公立学校共済組合 | S4: 警察共済組合 | T4: 東京都職員 共済組合 | U4: 全国市町村職員 共済組合連合会 | V4: 合計
O5: (再掲)団体共済部
C6: 借 方 | F6: 流 動 資 産 | J6: 現金 | L6: 1 | M6: - | N6: - | O6: - | R6: - | S6: - | T6: - | U6: - | V6: - | W6: 1
J7: 当座預金 | L7: 2 | M7: - | N7: - | O7: - | R7: - | S7: - | T7: - | U7: - | V7: - | W7: 2
J8: 普通預金 | L8: 3 | M8: 13793384 | N8: 157432 | O8: 26123 | R8: 10969983 | S8: 10073584 | T8: 430079 | U8: 48596299 | V8: 84020761 | W8: 3
J9: 通知預金 | L9: 4 | M9: - | N9: - | O9: - | R9: - | S9: - | T9: - | U9: - | V9: - | W9: 4
J10: 定期預金 | L10: 5 | M10: - | N10: 500000 | O10: - | R10: 20000000 | S10: - | T10: - | U10: - | V10: 20500000 | W10: 5
J11: 保管有価証券 | L11: 6 | M11: - | N11: - | O11: - | R11: - | S11: - | T11: - | U11: - | V11: - | W11: 6
J12: 立替金 | L12: 7 | M12: - | N12: - | O12: - | R12: - | S12: - | T12: - | U12: - | V12: - | W12: 7
J13: 仮払金 | L13: 8 | M13: - | N13: - | O13: - | R13: - | S13: - | T13: - | U13: - | V13: - | W13: 8
J14: 前渡金 | L14: 9 | M14: - | N14: - | O14: - | R14: - | S14: - | T14: - | U14: - | V14: - | W14: 9
J15: 未収収益 | L15: 10 | M15: 625724327 | N15: 3018409 | O15: 3018408 | R15: 150757280 | S15: 116453378 | T15: 13189927 | U15: 344679783 | V15: 1253823104 | W15: 10
J16: 短期貸付金 | L16: 11 | M16: - | N16: - | O16: - | R16: - | S16: - | T16: - | U16: - | V16: - | W16: 11
J17: 未収金 | L17: 12 | M17: - | N17: 1030959 | O17: 34768 | R17: 3348203 | S17: 736185 | T17: 388417 | U17: 3778051 | V17: 9281815 | W17: 12
J18: 未達回送金 | L18: 13 | M18: - | N18: - | O18: - | R18: - | S18: - | T18: - | U18: - | V18: - | W18: 13
F19: 固 定 資 産 | J19: 信託 | L19: 14 | M19: 11117075912 | N19: 605369 | O19: 605369 | R19: 1419322741 | S19: 1101340443 | T19: 130271950 | U19: 4499390147 | V19: 18268006561 | W19: 14
J20: 投資有価証券 | L20: 15 | M20: 1241823 | N20: - | O20: - | R20: - | S20: - | T20: - | U20: - | V20: 1241823 | W20: 15
J21: 生命保険 | L21: 16 | M21: 68116737 | N21: - | O21: - | R21: 226605720 | S21: 58011424 | T21: 21459326 | U21: - | V21: 374193207 | W21: 16
J22: 投資不動産 | L22: 17 | M22: - | N22: - | O22: - | R22: 806213 | S22: 2808969 | T22: - | U22: - | V22: 3615182 | W22: 17
J23: 長期貸付金 | L23: 18 | M23: - | N23: - | O23: - | R23: - | S23: - | T23: - | U23: - | V23: - | W23: 18
J24: 預託金 | L24: 19 | M24: - | N24: - | O24: - | R24: - | S24: - | T24: - | U24: - | V24: - | W24: 19
J25: 連合会預託金 | L25: 20 | M25: - | N25: 82985660 | O25: 82985660 | R25: - | S25: - | T25: - | U25: - | V25: 82985660 | W25: 20
J26: 構成組合預託金 | L26: 21 | M26: - | N26: - | O26: - | R26: - | S26: - | T26: - | U26: 180179036 | V26: 180179036 | W26: 21
G27: 合計 | L27: 22 | M27: 11825952182 | N27: 88297829 | O27: 86670328 | R27: 1831810140 | S27: 1289423983 | T27: 165739699 | U27: 5076623316 | V27: 20277847149 | W27: 22
D28: 令和２年度合計 | L28: 23 | M28: 11258168676 | N28: 86746349 | O28: 85431762 | R28: 1867232609 | S28: 1219311845 | T28: 178586339 | U28: 4940914330 | V28: 19550960148 | W28: 23
D29: 令和元年度合計 | L29: 24 | M29: 10696145157 | N29: 85285691 | O29: 83944004 | R29: 1952689752 | S29: 1207385894 | T29: 192808041 | U29: 4875624997 | V29: 19009939532 | W29: 24
C31: 貸 方 | F31: 流動負債 | J31: 未払消費税 | L31: 1 | M31: - | N31: - | O31: - | R31: 16537 | S31: - | T31: - | U31: - | V31: 16537 | W31: 1
J32: 未払金 | L32: 2 | M32: - | N32: 24 | O32: - | R32: 420354 | S32: 70 | T32: 246 | U32: 0 | V32: 420694 | W32: 2
J33: 未払費用 | L33: 3 | M33: - | N33: - | O33: - | R33: - | S33: - | T33: 4096 | U33: - | V33: 4096 | W33: 3
J34: 前受金 | L34: 4 | M34: - | N34: - | O34: - | R34: - | S34: - | T34: - | U34: - | V34: - | W34: 4
J35: 預り金 | L35: 5 | M35: - | N35: 182 | O35: 3 | R35: 801 | S35: 58589 | T35: - | U35: 627 | V35: 60199 | W35: 5
J36: 受入保証金 | L36: 6 | M36: - | N36: - | O36: - | R36: - | S36: - | T36: - | U36: - | V36: - | W36: 6
J37: 前受収益 | L37: 7 | M37: - | N37: - | O37: - | R37: - | S37: - | T37: - | U37: - | V37: - | W37: 7
J38: 仮受金 | L38: 8 | M38: - | N38: - | O38: - | R38: 55433 | S38: - | T38: - | U38: - | V38: 55433 | W38: 8
J39: 預り有価証券 | L39: 9 | M39: - | N39: - | O39: - | R39: - | S39: - | T39: - | U39: - | V39: - | W39: 9
G40: 剰余金 （欠損金） | J40: 資本剰余金 | L40: 10 | M40: - | N40: - | O40: - | R40: - | S40: - | T40: - | U40: - | V40: - | W40: 10
J41: 経過的長期給付 調整積立金 | L41: 11 | M41: 11825952182 | N41: - | O41: - | R41: - | S41: - | T41: - | U41: - | V41: 11825952182 | W41: 11
J42: 経過的長期給付 組合積立金 | L42: 12 | M42: - | N42: 88297623 | O42: 86670324 | R42: 1831317015 | S42: 1289365325 | T42: 165735357 | U42: 5076622689 | V42: 8451338008 | W42: 12
G43: 合計 | L43: 13 | M43: 11825952182 | N43: 88297829 | O43: 86670328 | R43: 1831810140 | S43: 1289423983 | T43: 165739699 | U43: 5076623316 | V43: 20277847149 | W43: 13
D44: 令和２年度合計 | L44: 14 | M44: 11258168676 | N44: 86746349 | O44: 85431762 | R44: 1867232609 | S44: 1219311845 | T44: 178586339 | U44: 4940914330 | V44: 19550960148 | W44: 14
D45: 令和元年度合計 | L45: 15 | M45: 10696145157 | N45: 85285691 | O45: 83944004 | R45: 1952689752 | S45: 1207385894 | T45: 192808041 | U45: 4875624997 | V45: 19009939532 | W45: 15

Sheet 14
C1: １４ 経過的長期経理損益計算書
U2: （単位 千円）
M4: 地方公務員 共済組合連合会 | N4: 地方職員共済組合 | R4: 公立学校共済組合 | S4: 警察共済組合 | T4: 東京都職員 共済組合 | U4: 全国市町村職員 共済組合連合会 | V4: 合計
O5: (再掲)団体共済部
C6: 借方 | F6: 経 常 費 用 | J6: 退職共済給付 | L6: 1 | M6: - | N6: 51787054 | O6: 1924009 | R6: 176428945 | S6: 41442070 | T6: 23578401 | U6: 189079497 | V6: 482315966 | W6: 1
J7: 障害共済給付 | L7: 2 | M7: - | N7: 661842 | O7: 24117 | R7: 2459777 | S7: 664265 | T7: 231215 | U7: 2402838 | V7: 6419938 | W7: 2
J8: 遺族共済給付 | L8: 3 | M8: - | N8: 9353750 | O8: 207943 | R8: 21140948 | S8: 7696439 | T8: 3366569 | U8: 25037104 | V8: 66594810 | W8: 3
J9: 恩給組合条例給付 | L9: 4 | M9: - | N9: - | O9: - | R9: - | S9: - | T9: - | U9: 129468 | V9: 129468 | W9: 4
J10: 旧市町村共済法給付 | L10: 5 | M10: - | N10: - | O10: - | R10: - | S10: - | T10: - | U10: 71240 | V10: 71240 | W10: 5
J11: 連合会交付金返還金 | L11: 6 | M11: - | N11: - | O11: - | R11: - | S11: - | T11: - | U11: - | V11: - | W11: 6
J12: 連合会払込金 | L12: 7 | M12: - | N12: - | O12: - | R12: - | S12: - | T12: - | U12: - | V12: - | W12: 7
J13: 移換金 | L13: 8 | M13: - | N13: - | O13: - | R13: - | S13: - | T13: - | U13: - | V13: - | W13: 8
J14: 消費税 | L14: 9 | M14: - | N14: - | O14: - | R14: - | S14: - | T14: - | U14: - | V14: - | W14: 9
J15: 拠出金 | L15: 10 | M15: - | N15: - | O15: - | R15: - | S15: - | T15: - | U15: - | V15: - | W15: 10
J16: 組合払込金返還金 | L16: 11 | M16: - | N16: - | O16: - | R16: - | S16: - | T16: - | U16: - | V16: - | W16: 11
J17: 組合交付金 | L17: 12 | M17: 58560000 | N17: - | O17: - | R17: - | S17: - | T17: - | U17: - | V17: 58560000 | W17: 12
J18: 信託の運用損 | L18: 13 | M18: 704113 | N18: - | O18: - | R18: 38288 | S18: 117 | T18: 4096 | U18: - | V18: 746613 | W18: 13
J19: 有価証券売却損 | L19: 14 | M19: - | N19: - | O19: - | R19: - | S19: - | T19: - | U19: - | V19: - | W19: 14
J20: 有価証券評価損 | L20: 15 | M20: - | N20: - | O20: - | R20: - | S20: - | T20: - | U20: - | V20: - | W20: 15
J21: 償還差損 | L21: 16 | M21: - | N21: - | O21: - | R21: - | S21: - | T21: - | U21: - | V21: - | W21: 16
J22: 承継差損 | L22: 17 | M22: - | N22: - | O22: - | R22: - | S22: - | T22: - | U22: - | V22: - | W22: 17
J23: 信託等売買手数料 | L23: 18 | M23: - | N23: - | O23: - | R23: - | S23: - | T23: - | U23: - | V23: - | W23: 18
J24: 未収返還金償却額 | L24: 19 | M24: - | N24: 10809 | O24: - | R24: 22712 | S24: 660 | T24: - | U24: 24209 | V24: 58389 | W24: 19
J25: 雑費 | L25: 20 | M25: - | N25: 83 | O25: 46 | R25: 12 | S25: - | T25: - | U25: 292 | V25: 387 | W25: 20
G26: 繰入金 | J26: 業務経理へ繰入 | L26: 21 | M26: 207363 | N26: 68835 | O26: 18949 | R26: 113712 | S26: 54386 | T26: 29435 | U26: 270351 | V26: 744081 | W26: 21
G27: 次年度繰越 経過的長期給付 組合積立金 | J27: 次年度繰越 経過的長期給付 組合積立金 | L27: 22 | M27: - | N27: 88297623 | O27: 86670324 | R27: 1831317015 | S27: 1289365325 | T27: 165735357 | U27: 5076622689 | V27: 8451338008 | W27: 22
G28: 特別損失 | J28: 前期損益修正損 | L28: 23 | M28: - | N28: 173 | O28: - | R28: 136 | S28: 20 | T28: 2 | U28: 122 | V28: 454 | W28: 23
J29: 固定資産売却損 | L29: 24 | M29: - | N29: - | O29: - | R29: - | S29: - | T29: - | U29: - | V29: - | W29: 24
J30: 固定資産除却損 | L30: 25 | M30: - | N30: - | O30: - | R30: - | S30: - | T30: - | U30: - | V30: - | W30: 25
J31: 固定資産評価損 | L31: 26 | M31: - | N31: - | O31: - | R31: - | S31: - | T31: - | U31: - | V31: - | W31: 26
G32: 当期利益金 | J32: 当期利益金 | L32: 27 | M32: 567783506 | N32: - | O32: - | R32: - | S32: - | T32: - | U32: - | V32: 567783506 | W32: 27
G33: 合計 | L33: 28 | M33: 627254982 | N33: 150180168 | O33: 88845388 | R33: 2031521545 | S33: 1339223281 | T33: 192945076 | U33: 5293637809 | V33: 9634762861 | W33: 28
D34: 令和２年度合計 | L34: 29 | M34: 621736821 | N34: 148194054 | O34: 87552353 | R34: 2065865004 | S34: 1268200056 | T34: 205585575 | U34: 5154869380 | V34: 9464450889 | W34: 29
D35: 令和元年度合計 | L35: 30 | M35: 344884433 | N35: 147125348 | O35: 86056759 | R35: 2149290265 | S35: 1256115221 | T35: 219880844 | U35: 5090572225 | V35: 9207868336 | W35: 30
C37: 貸方 | F37: 経 常 収 益 | J37: 負担金 | L37: 1 | M37: - | N37: 1507355 | O37: 35625 | R37: 11637155 | S37: 2388034 | T37: 1075897 | U37: 7748061 | V37: 24356502 | W37: 1
J38: 退職一時金等返還金 | L38: 2 | M38: - | N38: 20124 | O38: 1918 | R38: 34835 | S38: 19518 | T38: 7718 | U38: 81308 | V38: 163504 | W38: 2
J39: 連合会払込金返還金 | L39: 3 | M39: - | N39: - | O39: - | R39: - | S39: - | T39: - | U39: - | V39: - | W39: 3
J40: 移換金 | L40: 4 | M40: - | N40: 3 | O40: - | R40: - | S40: - | T40: - | U40: - | V40: 3 | W40: 4
J41: 基礎年金交付金 （連合会交付金） | L41: 5 | M41: - | N41: 6649 | O41: 279 | R41: 20106 | S41: 6902 | T41: 2838 | U41: 22926 | V41: 59422 | W41: 5
J42: 拠出金受入金 | L42: 6 | M42: - | N42: - | O42: - | R42: - | S42: - | T42: - | U42: - | V42: - | W42: 6
J43: 組合払込金 | L43: 7 | M43: - | N43: - | O43: - | R43: - | S43: - | T43: - | U43: - | V43: - | W43: 7
J44: 組合交付金返還金 | L44: 8 | M44: - | N44: - | O44: - | R44: - | S44: - | T44: - | U44: - | V44: - | W44: 8
J45: 雑収入 | L45: 9 | M45: - | N45: 3242 | O45: 1051 | R45: 20 | S45: 5757 | T45: - | U45: 15002 | V45: 24021 | W45: 9
J46: 連合会交付金 | L46: 10 | M46: - | N46: 58560000 | O46: - | R46: - | S46: - | T46: - | U46: - | V46: 58560000 | W46: 10
J47: 補助金 | L47: 11 | M47: - | N47: - | O47: - | R47: - | S47: - | T47: - | U47: - | V47: - | W47: 11
J48: 利息及び配当金 | L48: 12 | M48: 995825 | N48: 3377522 | O48: 3377508 | R48: 2091642 | S48: 512534 | T48: 220614 | U48: 442901 | V48: 7641038 | W48: 12
J49: 信託の運用益 | L49: 13 | M49: 626259157 | N49: 310 | O49: 310 | R49: 150956535 | S49: 116973445 | T49: 13189927 | U49: 344683887 | V49: 1252063260 | W49: 13
J50: 有価証券売却益 | L50: 14 | M50: - | N50: - | O50: - | R50: - | S50: - | T50: - | U50: - | V50: - | W50: 14
J51: 有価証券評価益 | L51: 15 | M51: - | N51: - | O51: - | R51: - | S51: - | T51: - | U51: - | V51: - | W51: 15
J52: 償還差益 | L52: 16 | M52: - | N52: - | O52: - | R52: - | S52: - | T52: - | U52: - | V52: - | W52: 16
J53: 承継差益 | L53: 17 | M53: - | N53: - | O53: - | R53: - | S53: - | T53: - | U53: - | V53: - | W53: 17
J54: 賠償金 | L54: 18 | M54: - | N54: - | O54: - | R54: - | S54: - | T54: - | U54: - | V54: - | W54: 18
J55: 雑益 | L55: 19 | M55: - | N55: - | O55: - | R55: - | S55: 116897 | T55: - | U55: - | V55: 116897 | W55: 19
G56: 前年度繰越 基礎年金拠出金 負担金充当金 | J56: 前年度繰越 経過的長期給付 組合積立金 | L56: 20 | M56: - | N56: 86704375 | O56: 85428698 | R56: 1866779759 | S56: 1219200185 | T56: 178447961 | U56: 4940642898 | V56: 8291775179 | W56: 20
G57: 特別利益 | J57: 前期損益修正益 | L57: 21 | M57: - | N57: 589 | O57: - | R57: 1492 | S57: 9 | T57: 119 | U57: 826 | V57: 3036 | W57: 21
J58: 固定資産売却益 | L58: 22 | M58: - | N58: - | O58: - | R58: - | S58: - | T58: - | U58: - | V58: - | W58: 22
J59: 固定資産評価益 | L59: 23 | M59: - | N59: - | O59: - | R59: - | S59: - | T59: - | U59: - | V59: - | W59: 23
G60: 当期損失金 | J60: 当期損失金 | L60: 24 | M60: - | N60: - | O60: - | R60: - | S60: - | T60: - | U60: - | V60: - | W60: 24
G61: 合計 | L61: 25 | M61: 627254982 | N61: 150180168 | O61: 88845388 | R61: 2031521545 | S61: 1339223281 | T61: 192945076 | U61: 5293637809 | V61: 9634762861 | W61: 25
D62: 令和２年度合計 | L62: 26 | M62: 621736821 | N62: 148194054 | O62: 87552353 | R62: 2065865004 | S62: 1268200056 | T62: 205585575 | U62: 5154869380 | V62: 9464450889 | W62: 26
D63: 令和元年度合計 | L63: 27 | M63: 344884433 | N63: 147125348 | O63: 86056759 | R63: 2149290265 | S63: 1256115221 | T63: 219880844 | U63: 5090572225 | V63: 9207868336 | W63: 27
D65: ２.前年度繰越経過的長期給付組合積立金は、改正前地共済法の長期経理より承継したものである。

Sheet 15
C1: １５ 業務経理貸借対照表
X2: （単位 千円）
P4: 地方公務員 共済組合連合会 | Q4: 地方職員共済組合 | S4: 公立学校共済組合 | V4: 警察共済組合 | W4: 東京都職員 共済組合 | X4: 全国市町村職員 共済組合連合会 | Y4: 指定都市職員 共 済 組 合 | Z4: 市町村職員 共済組合 | AA4: 都市職員 共済組合 | AB4: 合計
R5: (再掲)団体共済部
C6: 借方 | G6: 流動資産 | J6: 現金 | O6: 1 | P6: - | Q6: - | R6: - | S6: - | V6: - | W6: - | X6: - | Y6: - | Z6: - | AA6: - | AB6: - | AC6: 1
J7: 小口現金 | O7: 2 | P7: - | Q7: - | R7: - | S7: - | V7: 48 | W7: - | X7: - | Y7: - | Z7: 499 | AA7: - | AB7: 547 | AC7: 2
J8: 当座預金 | O8: 3 | P8: - | Q8: - | R8: - | S8: - | V8: - | W8: - | X8: - | Y8: - | Z8: - | AA8: - | AB8: - | AC8: 3
J9: 普通預金 | O9: 4 | P9: 6370857 | Q9: 8758799 | R9: 4510 | S9: 8698086 | V9: 4879096 | W9: 1634347 | X9: 550794 | Y9: 1647223 | Z9: 9612922 | AA9: 409196 | AB9: 42561321 | AC9: 4
J10: 通知預金 | O10: 5 | P10: - | Q10: - | R10: - | S10: - | V10: - | W10: - | X10: - | Y10: - | Z10: 1181 | AA10: - | AB10: 1181 | AC10: 5
J11: 定期預金 | O11: 6 | P11: - | Q11: 250006 | R11: 120000 | S11: 6000000 | V11: - | W11: - | X11: 4900000 | Y11: 100000 | Z11: 14572666 | AA11: 650000 | AB11: 26472672 | AC11: 6
J12: 金銭信託 | O12: 7 | P12: - | Q12: 291536 | R12: 291536 | S12: - | V12: - | W12: - | X12: - | Y12: 300000 | Z12: 2552716 | AA12: - | AB12: 3144251 | AC12: 7
J13: 有価証券 | O13: 8 | P13: - | Q13: 100000 | R13: - | S13: - | V13: - | W13: - | X13: - | Y13: - | Z13: 5474401 | AA13: 748952 | AB13: 6323353 | AC13: 8
J14: 貸付信託 | O14: 9 | P14: - | Q14: - | R14: - | S14: - | V14: - | W14: - | X14: - | Y14: - | Z14: - | AA14: - | AB14: - | AC14: 9
J15: 証券投資信託 | O15: 10 | P15: - | Q15: - | R15: - | S15: - | V15: - | W15: - | X15: - | Y15: - | Z15: - | AA15: - | AB15: - | AC15: 10
J16: 保管有価証券 | O16: 11 | P16: - | Q16: - | R16: - | S16: - | V16: - | W16: - | X16: - | Y16: - | Z16: - | AA16: - | AB16: - | AC16: 11
J17: 貯蔵品 | O17: 12 | P17: - | Q17: - | R17: - | S17: - | V17: - | W17: - | X17: - | Y17: 245 | Z17: 18104 | AA17: 753 | AB17: 19101 | AC17: 12
J18: 立替金 | O18: 13 | P18: 176 | Q18: 18107 | R18: - | S18: 3979 | V18: 4568 | W18: 109 | X18: 2843 | Y18: 1498 | Z18: 2378 | AA18: 26 | AB18: 33684 | AC18: 13
J19: 仮払金 | O19: 14 | P19: - | Q19: 20 | R19: 20 | S19: 9513 | V19: - | W19: - | X19: - | Y19: - | Z19: 17696 | AA19: 210 | AB19: 27439 | AC19: 14
J20: 前渡金 | O20: 15 | P20: - | Q20: - | R20: - | S20: - | V20: - | W20: - | X20: - | Y20: - | Z20: 119 | AA20: - | AB20: 119 | AC20: 15
J21: 前払費用 | O21: 16 | P21: 34222 | Q21: 8640 | R21: - | S21: 15264 | V21: 5781 | W21: - | X21: 10456 | Y21: - | Z21: 12387 | AA21: 3806 | AB21: 90556 | AC21: 16
J22: 未収収益 | O22: 17 | P22: - | Q22: 8 | R22: 1 | S22: 22 | V22: 634 | W22: - | X22: 321 | Y22: 61 | Z22: 11695 | AA22: 3200 | AB22: 15941 | AC22: 17
J23: 短期貸付金 | O23: 18 | P23: - | Q23: - | R23: - | S23: - | V23: 2924000 | W23: - | X23: - | Y23: - | Z23: - | AA23: - | AB23: 2924000 | AC23: 18
J24: 未収金 | O24: 19 | P24: 449 | Q24: 40437 | R24: 60 | S24: 8410 | V24: 955 | W24: - | X24: 383075 | Y24: 6922 | Z24: 4492 | AA24: 34269 | AB24: 479010 | AC24: 19
J25: 未達回送金 | O25: 20 | P25: - | Q25: - | R25: - | S25: - | V25: - | W25: - | X25: - | Y25: - | Z25: - | AA25: - | AB25: - | AC25: 20
G26: 固定資産 | J26: 建物 | O26: 21 | P26: - | Q26: 1048700 | R26: - | S26: 1900633 | V26: 1236225 | W26: - | X26: 489538 | Y26: 1753 | Z26: 1009766 | AA26: 4867 | AB26: 5691481 | AC26: 21
J27: 借入不動産附帯施設 | O27: 22 | P27: - | Q27: 11636 | R27: 11636 | S27: - | V27: - | W27: - | X27: - | Y27: - | Z27: 19144 | AA27: - | AB27: 30780 | AC27: 22
J28: 構築物 | O28: 23 | P28: - | Q28: 2095 | R28: - | S28: 10832 | V28: 17504 | W28: - | X28: - | Y28: - | Z28: 9756 | AA28: - | AB28: 40186 | AC28: 23
J29: 機械及び装置 | O29: 24 | P29: - | Q29: - | R29: - | S29: 342 | V29: 6781 | W29: - | X29: - | Y29: - | Z29: 72 | AA29: - | AB29: 7195 | AC29: 24
J30: 車両及び運搬具 | O30: 25 | P30: - | Q30: - | R30: - | S30: 1545 | V30: 0 | W30: - | X30: - | Y30: - | Z30: 2054 | AA30: - | AB30: 3599 | AC30: 25
J31: 器具及び備品 | O31: 26 | P31: 64733 | Q31: 28491 | R31: 5532 | S31: 98540 | V31: 21058 | W31: 214 | X31: 9436 | Y31: 5409 | Z31: 232488 | AA31: 15598 | AB31: 475969 | AC31: 26
J32: 土地 | O32: 27 | P32: - | Q32: 10932892 | R32: - | S32: 724439 | V32: 2847904 | W32: - | X32: 2595000 | Y32: - | Z32: - | AA32: - | AB32: 17100235 | AC32: 27
J33: 建設仮勘定 | O33: 28 | P33: - | Q33: - | R33: - | S33: - | V33: - | W33: - | X33: - | Y33: - | Z33: - | AA33: - | AB33: - | AC33: 28
J34: 借地権 | O34: 29 | P34: - | Q34: - | R34: - | S34: - | V34: - | W34: - | X34: - | Y34: - | Z34: - | AA34: - | AB34: - | AC34: 29
J35: 電話加入権 | O35: 30 | P35: 1253 | Q35: 22 | R35: - | S35: 123 | V35: 2531 | W35: - | X35: - | Y35: - | Z35: 1156 | AA35: - | AB35: 5085 | AC35: 30
J36: 敷金及び保証金 | O36: 31 | P36: 75675 | Q36: 6606 | R36: 6606 | S36: 3760 | V36: 146 | W36: - | X36: 755 | Y36: - | Z36: 43498 | AA36: - | AB36: 130440 | AC36: 31
J37: 加入金 | O37: 32 | P37: - | Q37: - | R37: - | S37: 10 | V37: 92 | W37: - | X37: - | Y37: - | Z37: - | AA37: - | AB37: 102 | AC37: 32
G38: 繰延資産 | J38: 開発費 | O38: 33 | P38: - | Q38: 296143 | R38: - | S38: 320147 | V38: 648752 | W38: - | X38: - | Y38: 77642 | Z38: 246065 | AA38: - | AB38: 1588750 | AC38: 33
G39: 合計 | O39: 34 | P39: 6547366 | Q39: 21794137 | R39: 439900 | S39: 17795646 | V39: 12596077 | W39: 1634671 | X39: 8942217 | Y39: 2140753 | Z39: 33845253 | AA39: 1870878 | AB39: 107166997 | AC39: 34
D40: 令和２年度合計 | O40: 35 | P40: 5870438 | Q40: 21425461 | R40: 359548 | S40: 17020043 | V40: 11613336 | W40: 2295830 | X40: 9203878 | Y40: 1944052 | Z40: 32811443 | AA40: 1755994 | AB40: 103940474 | AC40: 35
D41: 令和元年度合計 | O41: 36 | P41: 6468172 | Q41: 20991087 | R41: 312677 | S41: 16685259 | V41: 10926398 | W41: 1471238 | X41: 8515430 | Y41: 1814316 | Z41: 31440313 | AA41: 1758701 | AB41: 100070914 | AC41: 36
C43: 貸方 | F43: 流動負債 | J43: 短期借入金 | O43: 1 | P43: - | Q43: - | R43: - | S43: - | V43: - | W43: - | X43: - | Y43: - | Z43: - | AA43: - | AB43: - | AC43: 1
J44: 未払消費税 | O44: 2 | P44: - | Q44: - | R44: - | S44: - | V44: 6727 | W44: 257 | X44: - | Y44: - | Z44: 217 | AA44: 25 | AB44: 7226 | AC44: 2
J45: 未払金 | O45: 3 | P45: 615 | Q45: 341481 | R45: - | S45: 1290140 | V45: 60473 | W45: 734351 | X45: 920437 | Y45: 154993 | Z45: 401407 | AA45: 15178 | AB45: 3919074 | AC45: 3
J46: 未払費用 | O46: 4 | P46: 4497792 | Q46: 881942 | R46: 73676 | S46: 56293 | V46: 618175 | W46: 3868 | X46: 3157 | Y46: 17748 | Z46: 59607 | AA46: 16070 | AB46: 6154653 | AC46: 4
J47: 預り金 | O47: 5 | P47: 5363 | Q47: 90558 | R47: 1152 | S47: 52325 | V47: 9399 | W47: 5080 | X47: 5561 | Y47: 23168 | Z47: 56287 | AA47: 2706 | AB47: 250446 | AC47: 5
J48: 受入保証金 | O48: 6 | P48: - | Q48: 10454 | R48: - | S48: 1465 | V48: - | W48: - | X48: - | Y48: - | Z48: 1231 | AA48: - | AB48: 13150 | AC48: 6
J49: 前受収益 | O49: 7 | P49: - | Q49: - | R49: - | S49: - | V49: 5751 | W49: - | X49: - | Y49: - | Z49: - | AA49: - | AB49: 5751 | AC49: 7
J50: 仮受金 | O50: 8 | P50: - | Q50: - | R50: - | S50: 5600 | V50: - | W50: - | X50: - | Y50: - | Z50: 13224 | AA50: - | AB50: 18825 | AC50: 8
J51: 預り有価証券 | O51: 9 | P51: - | Q51: - | R51: - | S51: - | V51: - | W51: - | X51: - | Y51: - | Z51: - | AA51: - | AB51: - | AC51: 9
G52: 固定負債 | J52: 長期借入金 | O52: 10 | P52: - | Q52: - | R52: - | S52: - | V52: - | W52: - | X52: - | Y52: - | Z52: - | AA52: - | AB52: - | AC52: 10
J53: 土地移換償還金 | O53: 11 | P53: - | Q53: - | R53: - | S53: - | V53: - | W53: - | X53: - | Y53: - | Z53: - | AA53: - | AB53: - | AC53: 11
J54: 退職給与引当金 | O54: 12 | P54: 265350 | Q54: 1222993 | R54: 125550 | S54: 2574792 | V54: 1176785 | W54: 103899 | X54: 608254 | Y54: 105350 | Z54: 8027030 | AA54: 339292 | AB54: 14423746 | AC54: 12
J55: 災害補てん引当金 | O55: 13 | P55: - | Q55: - | R55: - | S55: - | V55: - | W55: - | X55: - | Y55: - | Z55: - | AA55: - | AB55: - | AC55: 13
J56: 特別修繕引当金 | O56: 14 | P56: - | Q56: - | R56: - | S56: - | V56: 192335 | W56: - | X56: 77477 | Y56: - | Z56: 85500 | AA56: 13142 | AB56: 368455 | AC56: 14
G57: 剰余金 (欠損金) | J57: 資本剰余金 | O57: 15 | P57: - | Q57: 12135417 | R57: - | S57: 4374521 | V57: 4796014 | W57: - | X57: 3990000 | Y57: - | Z57: 93893 | AA57: - | AB57: 25389845 | AC57: 15
I58: 利益剰余金又は欠損金 | M58: 建設積立金 | O58: 16 | P58: - | Q58: 1469000 | R58: - | S58: - | V58: - | W58: - | X58: - | Y58: - | Z58: - | AA58: - | AB58: 1469000 | AC58: 16
M59: 改良積立金 | O59: 17 | P59: - | Q59: 246670 | R59: - | S59: - | V59: - | W59: - | X59: - | Y59: - | Z59: 98238 | AA59: - | AB59: 344908 | AC59: 17
M60: 積立金又は 繰越欠損金 | O60: 18 | P60: 1778246 | Q60: 5395622 | R60: 239521 | S60: 9440509 | V60: 5730418 | W60: 787215 | X60: 3337330 | Y60: 1839494 | Z60: 25008619 | AA60: 1484464 | AB60: 54801918 | AC60: 18
G61: 合計 | O61: 19 | P61: 6547366 | Q61: 21794137 | R61: 439900 | S61: 17795646 | V61: 12596077 | W61: 1634671 | X61: 8942217 | Y61: 2140753 | Z61: 33845253 | AA61: 1870878 | AB61: 107166997 | AC61: 19
D62: 令和２年度合計 | O62: 20 | P62: 5870438 | Q62: 21425461 | R62: 359548 | S62: 17020043 | V62: 11613336 | W62: 2295830 | X62: 9203878 | Y62: 1944052 | Z62: 32811443 | AA62: 1755994 | AB62: 103940474 | AC62: 20
D63: 令和元年度合計 | O63: 21 | P63: 6468172 | Q63: 20991087 | R63: 312677 | S63: 16685259 | V63: 10926398 | W63: 1471238 | X63: 8515430 | Y63: 1814316 | Z63: 31440313 | AA63: 1758701 | AB63: 100070914 | AC63: 21

Sheet 16
C1: １６ 業務経理損益計算書
U2: （単位 千円）
M4: 地方公務員 共済組合連合会 | N4: 地方職員共済組合 | P4: 公立学校共済組合 | S4: 警察共済組合 | T4: 東京都職員 共済組合 | U4: 全国市町村職員 共済組合連合会 | V4: 指定都市職員 共済組合 | W4: 市町村職員 共済組合 | X4: 都市職員 共済組合 | Y4: 合計
O5: (再掲)団体共済部
D6: 借方 | G6: 経常費用 | J6: 役員報酬 | L6: 1 | M6: 73788 | N6: 69529 | O6: 15508 | P6: 81452 | S6: 74832 | T6: 3960 | U6: 35546 | V6: 739 | W6: 9426 | X6: 520 | Y6: 349792 | Z6: 1
J7: 職員給与 | L7: 2 | M7: 682112 | N7: 1614661 | O7: 116412 | P7: 3390728 | S7: 1368167 | T7: 67431 | U7: 824123 | V7: 243889 | W7: 6782347 | X7: 345470 | Y7: 15318928 | Z7: 2
J8: 社会保険負担金 | L8: 3 | M8: - | N8: - | O8: - | P8: 552420 | S8: - | T8: - | U8: - | V8: - | W8: - | X8: - | Y8: 552420 | Z8: 3
J9: 厚生費 | L9: 4 | M9: 1831 | N9: 6742 | O9: 125 | P9: 9599 | S9: 3893 | T9: 151 | U9: 1687 | V9: 763 | W9: 10382 | X9: 711 | Y9: 35759 | Z9: 4
J10: 旅費 | L10: 5 | M10: 318 | N10: 5097 | O10: 4 | P10: 5394 | S10: 3028 | T10: 906 | U10: 2495 | V10: 525 | W10: 20404 | X10: 958 | Y10: 39126 | Z10: 5
J11: 事務費 | L11: 6 | M11: 16973 | N11: 325541 | O11: 31500 | P11: 1137042 | S11: 276174 | T11: 164130 | U11: 333319 | V11: 155364 | W11: 879261 | X11: 54066 | Y11: 3341871 | Z11: 6
J12: 賃金 | L12: 7 | M12: - | N12: 71955 | O12: 10436 | P12: - | S12: 17944 | T12: 23202 | U12: 36963 | V12: 37058 | W12: 63167 | X12: 29018 | Y12: 279306 | Z12: 7
J13: 委託費 | L13: 8 | M13: 5253367 | N13: 1521478 | O13: 145554 | P13: 3457483 | S13: 778786 | T13: 1324662 | U13: 1714241 | V13: 197980 | W13: 540887 | X13: 16971 | Y13: 14805856 | Z13: 8
J14: 委託管理費 | L14: 9 | M14: 10076 | N14: 33886 | O14: - | P14: - | S14: 242294 | T14: 308 | U14: - | V14: 835 | W14: 158390 | X14: 10055 | Y14: 455844 | Z14: 9
J15: 光熱水料 | L15: 10 | M15: 3639 | N15: 16024 | O15: 727 | P15: 18184 | S15: 25033 | T15: 653 | U15: 23095 | V15: 2807 | W15: 38342 | X15: 894 | Y15: 128670 | Z15: 10
J16: 燃料費 | L16: 11 | M16: - | N16: - | O16: - | P16: 83 | S16: 79 | T16: - | U16: - | V16: - | W16: 449 | X16: 9 | Y16: 620 | Z16: 11
J17: 被服費 | L17: 12 | M17: - | N17: - | O17: - | P17: - | S17: 104 | T17: - | U17: - | V17: - | W17: 340 | X17: - | Y17: 444 | Z17: 12
J18: 修繕費 | L18: 13 | M18: - | N18: 8804 | O18: - | P18: 87539 | S18: 33608 | T18: 201 | U18: 1026 | V18: - | W18: 6222 | X18: 309 | Y18: 137709 | Z18: 13
J19: 洗濯費 | L19: 14 | M19: - | N19: - | O19: - | P19: 72 | S19: - | T19: - | U19: - | V19: - | W19: - | X19: - | Y19: 72 | Z19: 14
J20: 賃借料 | L20: 15 | M20: 350588 | N20: 253398 | O20: 28017 | P20: 285843 | S20: 232723 | T20: 265279 | U20: 474986 | V20: 108372 | W20: 873219 | X20: 32272 | Y20: 2876679 | Z20: 15
J21: 管理費 | L21: 16 | M21: - | N21: - | O21: - | P21: - | S21: 33 | T21: - | U21: - | V21: - | W21: - | X21: - | Y21: 33 | Z21: 16
J22: 保険料 | L22: 17 | M22: - | N22: 689 | O22: - | P22: 1802 | S22: 857 | T22: - | U22: - | V22: - | W22: 2820 | X22: 37 | Y22: 6205 | Z22: 17
J23: 消耗器具費 | L23: 18 | M23: - | N23: - | O23: - | P23: - | S23: 1437 | T23: - | U23: - | V23: - | W23: - | X23: - | Y23: 1437 | Z23: 18
J24: 調査研究費 | L24: 19 | M24: 129503 | N24: 20365 | O24: - | P24: 2688 | S24: 573 | T24: 14562 | U24: 13760 | V24: 330 | W24: 1972 | X24: 100 | Y24: 183853 | Z24: 19
J25: 普及費 | L25: 20 | M25: 23869 | N25: 22565 | O25: 839 | P25: 135797 | S25: 50303 | T25: 19294 | U25: 49204 | V25: 39776 | W25: 320431 | X25: 9574 | Y25: 670813 | Z25: 20
J26: 広告費 | L26: 21 | M26: 1159 | N26: 550 | O26: - | P26: - | S26: 525 | T26: - | U26: 177 | V26: - | W26: 170 | X26: - | Y26: 2582 | Z26: 21
J27: 諸謝金 | L27: 22 | M27: 2244 | N27: 158 | O27: - | P27: 5754 | S27: 330 | T27: 10164 | U27: 2313 | V27: 176 | W27: 9078 | X27: 468 | Y27: 30684 | Z27: 22
J28: 食糧費 | L28: 23 | M28: 891 | N28: 10 | O28: - | P28: 7 | S28: 23 | T28: - | U28: 3 | V28: - | W28: 590 | X28: - | Y28: 1525 | Z28: 23
J29: 負担金 | L29: 24 | M29: 137657 | N29: 334143 | O29: 25668 | P29: - | S29: 307249 | T29: 24099 | U29: 1530557 | V29: 141933 | W29: 1156583 | X29: 60301 | Y29: 3692522 | Z29: 24
J30: 消費税 | L30: 25 | M30: - | N30: 206948 | O30: - | P30: 538231 | S30: 6727 | T30: - | U30: 240080 | V30: - | W30: 187330 | X30: 11213 | Y30: 1190528 | Z30: 25
J31: 交際費 | L31: 26 | M31: - | N31: 35 | O31: - | P31: - | S31: 17 | T31: - | U31: 81 | V31: - | W31: 154 | X31: 1 | Y31: 288 | Z31: 26
J32: 選挙費 | L32: 27 | M32: - | N32: - | O32: - | P32: - | S32: - | T32: - | U32: - | V32: - | W32: 667 | X32: - | Y32: 667 | Z32: 27
J33: 分担金 | L33: 28 | M33: - | N33: - | O33: - | P33: - | S33: 10616 | T33: - | U33: - | V33: - | W33: - | X33: - | Y33: 10616 | Z33: 28
J34: 公租公課等 | L34: 29 | M34: - | N34: - | O34: - | P34: 29394 | S34: - | T34: - | U34: - | V34: - | W34: - | X34: - | Y34: 29394 | Z34: 29
J35: 連合会分担金 | L35: 30 | M35: - | N35: 366953 | O35: 15559 | P35: 1178773 | S35: 334895 | T35: 140993 | U35: - | V35: 65989 | W35: 363553 | X35: 20120 | Y35: 2471277 | Z35: 30
J36: 事務費負担金払込金 | L36: 31 | M36: - | N36: - | O36: - | P36: - | S36: - | T36: - | U36: - | V36: 604287 | W36: 4996131 | X36: 260831 | Y36: 5861248 | Z36: 31
J37: 構成組合交付金 | L37: 32 | M37: - | N37: - | O37: - | P37: - | S37: - | T37: - | U37: 4963896 | V37: - | W37: - | X37: - | Y37: 4963896 | Z37: 32
J38: 信託等売買手数料 | L38: 33 | M38: - | N38: - | O38: - | P38: - | S38: - | T38: - | U38: - | V38: - | W38: - | X38: - | Y38: - | Z38: 33
J39: 雑費 | L39: 34 | M39: 855 | N39: 7495 | O39: 276 | P39: 27540 | S39: 3399 | T39: 129 | U39: 421 | V39: 231 | W39: 10259 | X39: 7846 | Y39: 58174 | Z39: 34
J40: 減価償却費 | L40: 35 | M40: 13663 | N40: 48289 | O40: 797 | P40: 102489 | S40: 71023 | T40: 22 | U40: 21177 | V40: 1903 | W40: 109372 | X40: 2650 | Y40: 370588 | Z40: 35
J41: 災害補てん引当金繰入 | L41: 36 | M41: - | N41: - | O41: - | P41: - | S41: - | T41: - | U41: - | V41: - | W41: - | X41: - | Y41: - | Z41: 36
J42: 特別修繕引当金繰入 | L42: 37 | M42: - | N42: - | O42: - | P42: - | S42: 23320 | T42: - | U42: 3687 | V42: - | W42: 6000 | X42: - | Y42: 33007 | Z42: 37
J43: 支払利息 | L43: 38 | M43: - | N43: - | O43: - | P43: - | S43: - | T43: - | U43: - | V43: - | W43: - | X43: - | Y43: - | Z43: 38
J44: 開発費償却 | L44: 39 | M44: - | N44: 155700 | O44: - | P44: 150244 | S44: 279544 | T44: - | U44: - | V44: 17944 | W44: 83286 | X44: - | Y44: 686718 | Z44: 39
J45: 有価証券売却損 | L45: 40 | M45: - | N45: - | O45: - | P45: - | S45: - | T45: - | U45: - | V45: - | W45: - | X45: - | Y45: - | Z45: 40
J46: 有価証券評価損 | L46: 41 | M46: - | N46: - | O46: - | P46: - | S46: - | T46: - | U46: - | V46: - | W46: - | X46: - | Y46: - | Z46: 41
J47: 償還差損 | L47: 42 | M47: - | N47: - | O47: - | P47: - | S47: - | T47: - | U47: - | V47: - | W47: - | X47: - | Y47: - | Z47: 42
J48: 承継差損 | L48: 43 | M48: - | N48: - | O48: - | P48: - | S48: - | T48: - | U48: - | V48: - | W48: - | X48: - | Y48: - | Z48: 43
J49: 雑損 | L49: 44 | M49: - | N49: - | O49: - | P49: - | S49: 132 | T49: 257 | U49: 39 | V49: - | W49: - | X49: - | Y49: 428 | Z49: 44
G50: 特別損失 | J50: 前期損益修正損 | L50: 45 | M50: - | N50: 200 | O50: - | P50: 2692 | S50: 13986 | T50: - | U50: - | V50: 6397 | W50: 1603 | X50: 0 | Y50: 24879 | Z50: 45
J51: 固定資産売却損 | L51: 46 | M51: - | N51: - | O51: - | P51: - | S51: - | T51: - | U51: - | V51: - | W51: - | X51: - | Y51: - | Z51: 46
J52: 固定資産除却損 | L52: 47 | M52: - | N52: 2878 | O52: 2878 | P52: 19130 | S52: 117 | T52: - | U52: 764 | V52: 50 | W52: 869 | X52: 0 | Y52: 23808 | Z52: 47
J53: 固定資産評価損 | L53: 48 | M53: - | N53: - | O53: - | P53: - | S53: - | T53: - | U53: - | V53: - | W53: - | X53: - | Y53: - | Z53: 48
G54: 当期利益金 | J54: 当期利益金 | L54: 49 | M54: - | N54: - | O54: - | P54: 590267 | S54: 768438 | T54: - | U54: 88139 | V54: 142371 | W54: 947518 | X54: 63850 | Y54: 2600582 | Z54: 49
G55: 合計 | L55: 50 | M55: 6702534 | N55: 5094093 | O55: 394299 | P55: 11810645 | S55: 4930210 | T55: 2060403 | U55: 10361779 | V55: 1769718 | W55: 17581222 | X55: 928242 | Y55: 61238846 | Z55: 50
D56: 令和２年度合計 | L56: 51 | M56: 6557839 | N56: 4745264 | O56: 279142 | P56: 11390937 | S56: 4793336 | T56: 2267977 | U56: 9739853 | V56: 1701756 | W56: 16812968 | X56: 881722 | Y56: 58891650 | Z56: 51
D57: 令和元年度合計 | L57: 52 | M57: 6149524 | N57: 4645582 | O57: 452885 | P57: 12258355 | S57: 4782915 | T57: 1795279 | U57: 10779869 | V57: 1828041 | W57: 18173683 | X57: 941308 | Y57: 61354556 | Z57: 52
U60: （単位 千円）
M62: 地方公務員 共済組合連合会 | N62: 地方職員共済組合 | P62: 公立学校共済組合 | S62: 警察共済組合 | T62: 東京都職員 共済組合 | U62: 全国市町村職員 共済組合連合会 | V62: 指定都市職員 共済組合 | W62: 市町村職員 共済組合 | X62: 都市職員 共済組合 | Y62: 合計
O63: (再掲)団体共済部
D64: 貸 方 | F64: 経 常 収 益 | J64: 組合分担金 | L64: 1 | M64: 3398145 | N64: - | O64: - | P64: - | S64: - | T64: - | U64: 449662 | V64: - | W64: - | X64: - | Y64: 3847807 | Z64: 1
J65: 負担金 | L65: 2 | M65: - | N65: 3347454 | O65: 173400 | P65: 8236021 | S65: 3342471 | T65: 1123785 | U65: 46893 | V65: 1246836 | W65: 11253098 | X65: 557081 | Y65: 29153639 | Z65: 2
J66: 構成組合事務費 負担金払込金 | L66: 3 | M66: - | N66: - | O66: - | P66: - | S66: - | T66: - | U66: 5861248 | V66: - | W66: - | X66: - | Y66: 5861248 | Z66: 3
J67: 払込金 | L67: 4 | M67: - | N67: - | O67: - | P67: - | S67: - | T67: - | U67: - | V67: - | W67: - | X67: - | Y67: - | Z67: 4
J68: 雑収入 | L68: 5 | M68: 2 | N68: 98682 | O68: 318 | P68: 21820 | S68: 2998 | T68: 18466 | U68: 7660 | V68: 2919 | W68: 16656 | X68: 85 | Y68: 169289 | Z68: 5
J69: 補助金 | L69: 6 | M69: - | N69: - | O69: - | P69: 13051 | S69: 37038 | T69: - | U69: - | V69: - | W69: - | X69: 30321 | Y69: 80409 | Z69: 6
J70: 寄附金 | L70: 7 | M70: - | N70: - | O70: - | P70: - | S70: 29442 | T70: - | U70: - | V70: - | W70: - | X70: - | Y70: 29442 | Z70: 7
J71: 連合会交付金 | L71: 8 | M71: - | N71: - | O71: - | P71: - | S71: - | T71: - | U71: - | V71: 297748 | W71: 4442843 | X71: 223305 | Y71: 4963896 | Z71: 8
J72: 災害補てん引当金戻入 | L72: 9 | M72: - | N72: - | O72: - | P72: - | S72: - | T72: - | U72: - | V72: - | W72: - | X72: - | Y72: - | Z72: 9
J73: 特別修繕引当金戻入 | L73: 10 | M73: - | N73: - | O73: - | P73: - | S73: - | T73: - | U73: - | V73: - | W73: - | X73: - | Y73: - | Z73: 10
J74: 利息及び配当金 | L74: 11 | M74: - | N74: 198 | O74: 62 | P74: 194 | S74: 2106 | T74: - | U74: 687 | V74: 322 | W74: 54911 | X74: 11774 | Y74: 70191 | Z74: 11
J75: 賃貸料 | L75: 12 | M75: - | N75: - | O75: - | P75: - | S75: 68233 | T75: - | U75: - | V75: - | W75: - | X75: - | Y75: 68233 | Z75: 12
J76: 有価証券売却益 | L76: 13 | M76: - | N76: - | O76: - | P76: - | S76: - | T76: - | U76: - | V76: - | W76: 1101 | X76: - | Y76: 1101 | Z76: 13
J77: 有価証券評価益 | L77: 14 | M77: - | N77: - | O77: - | P77: - | S77: - | T77: - | U77: - | V77: - | W77: - | X77: - | Y77: - | Z77: 14
J78: 償還差益 | L78: 15 | M78: - | N78: - | O78: - | P78: - | S78: - | T78: - | U78: - | V78: - | W78: - | X78: - | Y78: - | Z78: 15
J79: 承継差益 | L79: 16 | M79: - | N79: - | O79: - | P79: - | S79: - | T79: - | U79: - | V79: - | W79: - | X79: - | Y79: - | Z79: 16
J80: 雑益 | L80: 17 | M80: - | N80: - | O80: - | P80: - | S80: - | T80: 148 | U80: 5 | V80: - | W80: 273 | X80: 411 | Y80: 836 | Z80: 17
G81: 繰入金 | J81: 短期経理より繰入 | L81: 18 | M81: - | N81: 497264 | O81: - | P81: 1303392 | S81: 522825 | T81: 205804 | U81: - | V81: 216107 | W81: 1709593 | X81: 101589 | Y81: 4556573 | Z81: 18
J82: 長期経理より繰入 | L82: 19 | M82: - | N82: - | O82: - | P82: - | S82: - | T82: - | U82: - | V82: - | W82: - | X82: - | Y82: - | Z82: 19
J83: 厚生年金保険経理より繰入 | L83: 20 | M83: 2082654 | N83: 671873 | O83: 189959 | P83: 1080260 | S83: 527933 | T83: 294354 | U83: 2701467 | V83: - | W83: - | X83: - | Y83: 7358542 | Z83: 20
J84: 退職等年金経理より繰入 | L84: 21 | M84: 603315 | N84: 230957 | O84: 11030 | P84: 1040568 | S84: 331423 | T84: 180000 | U84: 1023804 | V84: - | W84: - | X84: - | Y84: 3410067 | Z84: 21
J85: 経過的長期経理より繰入 | L85: 22 | M85: 207363 | N85: 68835 | O85: 18949 | P85: 113712 | S85: 54386 | T85: 29435 | U85: 270351 | V85: - | W85: - | X85: - | Y85: 744081 | Z85: 22
G86: 特別利益 | J86: 前期損益修正益 | L86: 23 | M86: - | N86: 7913 | O86: - | P86: 1627 | S86: 11356 | T86: 2 | U86: 2 | V86: 205 | W86: 549 | X86: - | Y86: 21653 | Z86: 23
J87: 固定資産売却益 | L87: 24 | M87: - | N87: - | O87: - | P87: - | S87: - | T87: - | U87: - | V87: - | W87: 464 | X87: - | Y87: 464 | Z87: 24
J88: 固定資産評価益 | L88: 25 | M88: - | N88: - | O88: - | P88: - | S88: - | T88: - | U88: - | V88: - | W88: - | X88: - | Y88: - | Z88: 25
G89: 当期損失金 | J89: 当期損失金 | L89: 26 | M89: 411055 | N89: 170916 | O89: 580 | P89: - | S89: - | T89: 208410 | U89: - | V89: 5581 | W89: 101734 | X89: 3678 | Y89: 901374 | Z89: 26
G90: 合計 | L90: 27 | M90: 6702534 | N90: 5094093 | O90: 394299 | P90: 11810645 | S90: 4930210 | T90: 2060403 | U90: 10361779 | V90: 1769718 | W90: 17581222 | X90: 928242 | Y90: 61238846 | Z90: 27
D91: 令和２年度合計 | L91: 28 | M91: 6557839 | N91: 4745264 | O91: 279142 | P91: 11390937 | S91: 4793336 | T91: 2267977 | U91: 9739853 | V91: 1701756 | W91: 16812968 | X91: 881722 | Y91: 58891650 | Z91: 28
D92: 令和元年度合計 | L92: 29 | M92: 6149524 | N92: 4645582 | O92: 452885 | P92: 12258355 | S92: 4782915 | T92: 1795279 | U92: 10779869 | V92: 1828041 | W92: 18173683 | X92: 941308 | Y92: 61354556 | Z92: 29

Sheet 17
C1: １７ 保健経理貸借対照表
Z2: （単位 千円）
P4: 地方職員共済組合 | R4: 公立学校共済組合 | S4: 警察共済組合 | V4: 東京都職員 共済組合 | W4: 全国市町村職員 共済組合連合会 | X4: 指定都市職員 共 済 組 合 | Y4: 市町村職員 共済組合 | Z4: 都市職員 共済組合 | AA4: 合計
Q5: (再掲)団体共済部
D6: 借 方 | G6: 流動資産 | J6: 現金 | O6: 1 | P6: - | Q6: - | R6: - | S6: - | V6: 119 | W6: - | X6: - | Y6: 2389 | Z6: - | AA6: 2508 | AB6: 1 | AC6: - | AD6: 1773
J7: 小口現金 | O7: 2 | P7: - | Q7: - | R7: - | S7: - | V7: - | W7: - | X7: - | Y7: 248 | Z7: - | AA7: 248 | AB7: 2 | AC7: - | AD7: 332
J8: 当座預金 | O8: 3 | P8: - | Q8: - | R8: - | S8: - | V8: - | W8: - | X8: - | Y8: - | Z8: - | AA8: - | AB8: 3 | AC8: - | AD8: 0
J9: 普通預金 | O9: 4 | P9: 11761466 | Q9: 3187 | R9: 22765739 | S9: 4615717 | V9: 7553613 | W9: 1345607 | X9: 3473201 | Y9: 11966224 | Z9: 791744 | AA9: 64273310 | AB9: 4 | AC9: 10673458 | AD9: 47159141
J10: 通知預金 | O10: 5 | P10: - | Q10: - | R10: - | S10: - | V10: - | W10: - | X10: - | Y10: - | Z10: - | AA10: - | AB10: 5 | AC10: - | AD10: 50000
J11: 定期預金 | O11: 6 | P11: 1643724 | Q11: - | R11: 83000000 | S11: - | V11: 1000000 | W11: 320000 | X11: 101061 | Y11: 23427222 | Z11: 940000 | AA11: 110432007 | AB11: 6 | AC11: 1868684 | AD11: 68735167
J12: 金銭信託 | O12: 7 | P12: 147541 | Q12: 147541 | R12: - | S12: 2600000 | V12: - | W12: - | X12: 2360571 | Y12: 4018896 | Z12: - | AA12: 9127008 | AB12: 7 | AC12: 301318 | AD12: 5148669
J13: 有価証券 | O13: 8 | P13: 4280886 | Q13: - | R13: - | S13: - | V13: - | W13: - | X13: - | Y13: 12248295 | Z13: 657028 | AA13: 17186209 | AB13: 8 | AC13: 4413467 | AD13: 14730976
J14: 貸付信託 | O14: 9 | P14: - | Q14: - | R14: - | S14: - | V14: - | W14: - | X14: - | Y14: - | Z14: - | AA14: - | AB14: 9 | AC14: - | AD14: 0
J15: 証券投資信託 | O15: 10 | P15: - | Q15: - | R15: - | S15: - | V15: - | W15: - | X15: - | Y15: - | Z15: - | AA15: - | AB15: 10 | AC15: - | AD15: 0
J16: 差入有価証券 | O16: 11 | P16: - | Q16: - | R16: - | S16: - | V16: - | W16: - | X16: - | Y16: - | Z16: - | AA16: - | AB16: 11 | AC16: - | AD16: 0
J17: 保管有価証券 | O17: 12 | P17: - | Q17: - | R17: - | S17: - | V17: - | W17: - | X17: - | Y17: - | Z17: - | AA17: - | AB17: 12 | AC17: - | AD17: 0
J18: 商品 | O18: 13 | P18: - | Q18: - | R18: - | S18: 41 | V18: - | W18: - | X18: - | Y18: - | Z18: - | AA18: 41 | AB18: 13 | AC18: - | AD18: 22
J19: 貯蔵品 | O19: 14 | P19: - | Q19: - | R19: - | S19: 2 | V19: 84 | W19: - | X19: - | Y19: 9533 | Z19: - | AA19: 9619 | AB19: 14 | AC19: - | AD19: 10638
J20: 立替金 | O20: 15 | P20: 774 | Q20: - | R20: 2395 | S20: 4153 | V20: 72 | W20: - | X20: 98 | Y20: 76541 | Z20: - | AA20: 84033 | AB20: 15 | AC20: 1158 | AD20: 88820
J21: 仮払金 | O21: 16 | P21: - | Q21: - | R21: 1388 | S21: - | V21: - | W21: - | X21: - | Y21: 11751 | Z21: 48 | AA21: 13187 | AB21: 16 | AC21: - | AD21: 9487
J22: 前渡金 | O22: 17 | P22: - | Q22: - | R22: - | S22: - | V22: - | W22: - | X22: - | Y22: - | Z22: - | AA22: - | AB22: 17 | AC22: - | AD22: 0
J23: 前払費用 | O23: 18 | P23: 681 | Q23: - | R23: 972 | S23: 164 | V23: 532 | W23: - | X23: 30 | Y23: 2630 | Z23: 126 | AA23: 5135 | AB23: 18 | AC23: 623 | AD23: 17753
J24: 未収収益 | O24: 19 | P24: 17999 | Q24: 0 | R24: 153 | S24: 1144 | V24: 23 | W24: 1 | X24: 583 | Y24: 28105 | Z24: 1518 | AA24: 49527 | AB24: 19 | AC24: 16430 | AD24: 43739
J25: 短期貸付金 | O25: 20 | P25: - | Q25: - | R25: - | S25: 9286865 | V25: - | W25: - | X25: - | Y25: - | Z25: - | AA25: 9286865 | AB25: 20 | AC25: - | AD25: 12253120
J26: 未収金 | O26: 21 | P26: 605710 | Q26: - | R26: 765846 | S26: 56081 | V26: 66295 | W26: 420 | X26: 326998 | Y26: 114561 | Z26: 1545 | AA26: 1937455 | AB26: 21 | AC26: 655510 | AD26: 1530678
J27: 未達回送金 | O27: 22 | P27: - | Q27: - | R27: - | S27: - | V27: - | W27: - | X27: - | Y27: 2435 | Z27: - | AA27: 2435 | AB27: 22 | AC27: - | AD27: 23
J28: 貸倒引当金 | O28: 23 | P28: -21 | Q28: - | R28: - | S28: - | V28: -721 | W28: - | X28: - | Y28: - | Z28: - | AA28: -741 | AB28: 23 | AC28: -15 | AD28: -626
G29: 固定資産 | J29: 建物 | O29: 24 | P29: 22214 | Q29: - | R29: 262862 | S29: 4360 | V29: 12573 | W29: - | X29: 197058 | Y29: 1791411 | Z29: - | AA29: 2290478 | AB29: 24 | AC29: 25495 | AD29: 2669363
J30: 借入不動産附帯施設 | O30: 25 | P30: - | Q30: - | R30: - | S30: - | V30: - | W30: - | X30: - | Y30: 136 | Z30: - | AA30: 136 | AB30: 25 | AC30: - | AD30: 0
J31: 構築物 | O31: 26 | P31: 2896 | Q31: - | R31: - | S31: 5081 | V31: 64043 | W31: - | X31: 0 | Y31: 61131 | Z31: - | AA31: 133150 | AB31: 26 | AC31: 4223 | AD31: 179181
J32: 機械及び装置 | O32: 27 | P32: 83 | Q32: - | R32: - | S32: 14 | V32: 181 | W32: - | X32: 956 | Y32: 28794 | Z32: - | AA32: 30028 | AB32: 27 | AC32: 170 | AD32: 17948
J33: 医療器具機械 | O33: 28 | P33: - | Q33: - | R33: - | S33: - | V33: 74416 | W33: - | X33: - | Y33: - | Z33: - | AA33: 74416 | AB33: 28 | AC33: - | AD33: 79757
J34: 車両及び運搬具 | O34: 29 | P34: 1242 | Q34: - | R34: 4 | S34: 697 | V34: 4450 | W34: - | X34: - | Y34: 3864 | Z34: - | AA34: 10256 | AB34: 29 | AC34: 297 | AD34: 13891
J35: 器具及び備品 | O35: 30 | P35: 4817 | Q35: - | R35: 4963 | S35: 28162 | V35: 12920 | W35: - | X35: 22332 | Y35: 51998 | Z35: 793 | AA35: 125985 | AB35: 30 | AC35: 6461 | AD35: 168894
J36: 立木竹 | O36: 31 | P36: - | Q36: - | R36: - | S36: - | V36: 544 | W36: - | X36: - | Y36: - | Z36: - | AA36: 544 | AB36: 31 | AC36: - | AD36: 544
J37: 土地 | O37: 32 | P37: 18724 | Q37: - | R37: 2811011 | S37: 3605 | V37: 187619 | W37: - | X37: 102800 | Y37: 1402669 | Z37: 79200 | AA37: 4605627 | AB37: 32 | AC37: 18724 | AD37: 4605131
J38: 建設仮勘定 | O38: 33 | P38: - | Q38: - | R38: - | S38: - | V38: 551 | W38: - | X38: 3457 | Y38: - | Z38: - | AA38: 4008 | AB38: 33 | AC38: - | AD38: 0
J39: 借地権 | O39: 34 | P39: - | Q39: - | R39: - | S39: - | V39: - | W39: - | X39: - | Y39: - | Z39: - | AA39: - | AB39: 34 | AC39: - | AD39: 0
J40: 引湯権 | O40: 35 | P40: - | Q40: - | R40: - | S40: - | V40: - | W40: - | X40: - | Y40: - | Z40: - | AA40: - | AB40: 35 | AC40: - | AD40: 0
J41: 電話加入権 | O41: 36 | P41: - | Q41: - | R41: 325 | S41: 34 | V41: - | W41: - | X41: 148 | Y41: 51 | Z41: - | AA41: 558 | AB41: 36 | AC41: - | AD41: 593
J42: 敷金及び保証金 | O42: 37 | P42: 45 | Q42: - | R42: 840 | S42: - | V42: 13335 | W42: - | X42: 5048 | Y42: 6000 | Z42: - | AA42: 25267 | AB42: 37 | AC42: 50 | AD42: 25669
J43: 加入金 | O43: 38 | P43: 19500 | Q43: - | R43: 1500 | S43: 1030 | V43: - | W43: - | X43: 450000 | Y43: - | Z43: - | AA43: 472031 | AB43: 38 | AC43: 19500 | AD43: 452530
J44: 預託金 | O44: 39 | P44: - | Q44: - | R44: - | S44: - | V44: - | W44: - | X44: - | Y44: - | Z44: - | AA44: - | AB44: 39 | AC44: - | AD44: 0
J45: 長期貸付金 | O45: 40 | P45: - | Q45: - | R45: 46485169 | S45: - | V45: - | W45: - | X45: - | Y45: - | Z45: - | AA45: 46485169 | AB45: 40 | AC45: - | AD45: 91571042
J46: 投資有価証券 | O46: 41 | P46: - | Q46: - | R46: - | S46: - | V46: 25858172 | W46: - | X46: - | Y46: - | Z46: - | AA46: 25858172 | AB46: 41 | AC46: - | AD46: 20997586
F47: 繰延資産 | J47: 創業費 | O47: 42 | P47: - | Q47: - | R47: - | S47: - | V47: - | W47: - | X47: - | Y47: - | Z47: - | AA47: - | AB47: 42 | AC47: - | AD47: 0
J48: 開発費 | O48: 43 | P48: 25185 | Q48: - | R48: 128413 | S48: 32496 | V48: - | W48: - | X48: 4497 | Y48: 61530 | Z48: - | AA48: 252120 | AB48: 43 | AC48: 40595 | AD48: 381618
G49: 合計 | O49: 44 | P49: 18553466 | Q49: 150728 | R49: 156231580 | S49: 16639647 | V49: 34848821 | W49: 1666027 | X49: 7048837 | Y49: 55316413 | Z49: 2472002 | AA49: 292776792 | AB49: 44 | AC49: 18046147 | AD49: 270943458
D50: 令和２年度合計 | O50: 45 | P50: 18216617 | Q50: 157698 | R50: 155439542 | S50: 17026288 | V50: 33869886 | W50: 1577593 | X50: 6954985 | Y50: 55232819 | Z50: 2433481 | AA50: 290751211 | AB50: 45 | AC50: 17718440 | AD50: 270087040
D51: 令和元年度合計 | O51: 46 | P51: 18046147 | Q51: 194970 | R51: 154112843 | S51: 16928420 | V51: 33500844 | W51: 1390057 | X51: 6628051 | Y51: 55923257 | Z51: 2459986 | AA51: 288989605 | AB51: 46 | AC51: 17728606 | AD51: 268218334
AC52: 0 | AD52: 0
D53: 貸方 | G53: 流動負債 | J53: 短期借入金 | O53: 1 | P53: - | Q53: - | R53: - | S53: - | V53: - | W53: - | X53: - | Y53: - | Z53: - | AA53: - | AB53: 1 | AC53: - | AD53: 0
J54: 未払消費税 | O54: 2 | P54: 622 | Q54: - | R54: 8343 | S54: 23731 | V54: - | W54: - | X54: - | Y54: 3285 | Z54: 1303 | AA54: 37283 | AB54: 2 | AC54: 2248 | AD54: 26568
J55: 未払金 | O55: 3 | P55: 359428 | Q55: - | R55: 1207026 | S55: 111730 | V55: 263841 | W55: 15730 | X55: 396228 | Y55: 1475223 | Z55: 146341 | AA55: 3975546 | AB55: 3 | AC55: 436118 | AD55: 3464533
J56: 未払費用 | O56: 4 | P56: 17279 | Q56: 488 | R56: 29070 | S56: 298733 | V56: 23605 | W56: 62 | X56: 92450 | Y56: 466763 | Z56: 241 | AA56: 928203 | AB56: 4 | AC56: 18207 | AD56: 958615
J57: 前受金 | O57: 5 | P57: - | Q57: - | R57: - | S57: - | V57: - | W57: - | X57: 80 | Y57: 2210 | Z57: - | AA57: 2290 | AB57: 5 | AC57: - | AD57: 127
J58: 預り金 | O58: 6 | P58: 92858 | Q58: - | R58: 864824 | S58: 1305 | V58: 1618 | W58: - | X58: 791 | Y58: 650217 | Z58: 6032 | AA58: 1617643 | AB58: 6 | AC58: 97853 | AD58: 1562079
J59: 受入保証金 | O59: 7 | P59: 1898 | Q59: - | R59: - | S59: 4670 | V59: - | W59: - | X59: - | Y59: - | Z59: - | AA59: 6568 | AB59: 7 | AC59: - | AD59: 2660
J60: 前受収益 | O60: 8 | P60: 372743 | Q60: - | R60: - | S60: 9 | V60: - | W60: - | X60: 22 | Y60: 1781 | Z60: - | AA60: 374555 | AB60: 8 | AC60: 320692 | AD60: 1794
J61: 仮受金 | O61: 9 | P61: - | Q61: - | R61: - | S61: - | V61: - | W61: - | X61: 1 | Y61: 4222 | Z61: - | AA61: 4222 | AB61: 9 | AC61: - | AD61: 30242
J62: 預り有価証券 | O62: 10 | P62: - | Q62: - | R62: - | S62: - | V62: - | W62: - | X62: - | Y62: - | Z62: - | AA62: - | AB62: 10 | AC62: - | AD62: 0
G63: 固定負債 | J63: 長期借入金 | O63: 11 | P63: - | Q63: - | R63: - | S63: - | V63: - | W63: - | X63: - | Y63: - | Z63: - | AA63: - | AB63: 11 | AC63: - | AD63: 0
J64: 退職給与引当金 | O64: 12 | P64: 350783 | Q64: - | R64: 1449591 | S64: 48185 | V64: - | W64: 31202 | X64: 30579 | Y64: 1666558 | Z64: 55960 | AA64: 3632858 | AB64: 12 | AC64: 364498 | AD64: 3502827
J65: 災害補てん引当金 | O65: 13 | P65: - | Q65: - | R65: - | S65: - | V65: - | W65: - | X65: - | Y65: - | Z65: - | AA65: - | AB65: 13 | AC65: - | AD65: 0
J66: 特別修繕引当金 | O66: 14 | P66: - | Q66: - | R66: - | S66: - | V66: - | W66: - | X66: 131138 | Y66: 66261 | Z66: - | AA66: 197399 | AB66: 14 | AC66: - | AD66: 138879
G67: 剰余金 (欠損金） | J67: 資本剰余金 | O67: 15 | P67: 412448 | Q67: - | R67: 103802561 | S67: 439552 | V67: 622831 | W67: - | X67: 1060083 | Y67: 2927617 | Z67: 79200 | AA67: 109344291 | AB67: 15 | AC67: 417158 | AD67: 109382001
I68: 利益剰余金又は欠損金 | M68: 建設積立金 | O68: 16 | P68: - | Q68: - | R68: - | S68: - | V68: - | W68: - | X68: - | Y68: 1568814 | Z68: - | AA68: 1568814 | AB68: 16 | AC68: - | AD68: 1568814
M69: 改良積立金 | O69: 17 | P69: - | Q69: - | R69: - | S69: - | V69: 6775478 | W69: - | X69: - | Y69: 2882037 | Z69: - | AA69: 9657516 | AB69: 17 | AC69: - | AD69: 9743531
M70: 欠損金補てん 積立金 | O70: 18 | P70: 20585 | Q70: - | R70: 154075 | S70: 2149 | V70: 18504 | W70: - | X70: 42371 | Y70: 475351 | Z70: - | AA70: 713035 | AB70: 18 | AC70: 20806 | AD70: 802009
M71: 積立金又は 繰越欠損金 | O71: 19 | P71: 16924822 | Q71: 150240 | R71: 48716091 | S71: 15709583 | V71: 27142945 | W71: 1619032 | X71: 5295095 | Y71: 43126075 | Z71: 2182926 | AA71: 160716570 | AB71: 19 | AC71: 16368568 | AD71: 139758778
G72: 合計 | O72: 21 | P72: 18553466 | Q72: 150728 | R72: 156231580 | S72: 16639647 | V72: 34848821 | W72: 1666027 | X72: 7048837 | Y72: 55316413 | Z72: 2472002 | AA72: 292776792 | AB72: 21 | AC72: 18046147 | AD72: 270943458
D73: 令和２年度合計 | O73: 22 | P73: 18216617 | Q73: 157698 | R73: 155439542 | S73: 17026288 | V73: 33869886 | W73: 1577593 | X73: 6954985 | Y73: 55232819 | Z73: 2433481 | AA73: 290751211 | AB73: 22 | AC73: 17718440 | AD73: 270087040
D74: 令和元年度合計 | O74: 23 | P74: 18046147 | Q74: 194970 | R74: 154112843 | S74: 16928420 | V74: 33500844 | W74: 1390057 | X74: 6628051 | Y74: 55923257 | Z74: 2459986 | AA74: 288989605 | AB74: 23 | AC74: 17728606 | AD74: 268218334
AC75: 0 | AD75: 0

Sheet 18
C1: １８ 保健経理損益計算書
W2: （単位 千円）
M4: 地方職員共済組合 | O4: 公立学校共済組合 | P4: 警察共済組合 | S4: 東京都職員 共済組合 | T4: 全国市町村職員 共済組合連合会 | U4: 指定都市職員 共済組合 | V4: 市町村職員 共済組合 | W4: 都市職員 共済組合 | X4: 合計
N5: (再掲)団体共済部
D6: 借方 | G6: 経常費用 | J6: 役員報酬 | L6: 1 | M6: - | N6: - | O6: - | P6: - | S6: - | T6: - | U6: - | V6: 261 | W6: - | X6: 261 | Y6: 1
J7: 職員給与 | L7: 2 | M7: 499546 | N7: 39917 | O7: 2324199 | P7: 42018 | S7: 66905 | T7: 11601 | U7: 58057 | V7: 1096815 | W7: 69461 | X7: 4168602 | Y7: 2
J8: 社会保険負担金 | L8: 3 | M8: - | N8: - | O8: 380899 | P8: - | S8: - | T8: - | U8: - | V8: - | W8: - | X8: 380899 | Y8: 3
J9: 厚生事業費 | L9: 4 | M9: - | N9: - | O9: 5392973 | P9: 4907214 | S9: - | T9: - | U9: - | V9: - | W9: - | X9: 10300187 | Y9: 4
J10: 厚生費 | L10: 5 | M10: 4373914 | N10: 142836 | O10: 6587 | P10: 17 | S10: 1364375 | T10: 28 | U10: 2810967 | V10: 16000442 | W10: 1091889 | X10: 25648219 | Y10: 5
J11: 特定健康診査等費 | L11: 6 | M11: 543586 | N11: - | O11: 11004169 | P11: - | S11: 311464 | T11: - | U11: 384860 | V11: 1457495 | W11: 66850 | X11: 13768424 | Y11: 6
J12: 旅費 | L12: 7 | M12: 374 | N12: 1 | O12: 3388 | P12: 75 | S12: 1129 | T12: - | U12: 225 | V12: 4766 | W12: 253 | X12: 10210 | Y12: 7
J13: 事務費 | L13: 8 | M13: 14755 | N13: 2255 | O13: 107452 | P13: 5957 | S13: 146435 | T13: 106 | U13: 10255 | V13: 125369 | W13: 6954 | X13: 417283 | Y13: 8
J14: 商品仕入 | L14: 9 | M14: - | N14: - | O14: - | P14: 2 | S14: - | T14: - | U14: - | V14: 1227 | W14: - | X14: 1230 | Y14: 9
J15: 消耗器具費 | L15: 10 | M15: - | N15: - | O15: - | P15: 373 | S15: - | T15: - | U15: - | V15: - | W15: - | X15: 373 | Y15: 10
J16: 事業用消耗品費 | L16: 11 | M16: 317 | N16: - | O16: - | P16: 464 | S16: 5270 | T16: - | U16: 1985 | V16: 13889 | W16: - | X16: 21924 | Y16: 11
J17: 薬品費 | L17: 12 | M17: - | N17: - | O17: - | P17: - | S17: 62750 | T17: - | U17: - | V17: - | W17: - | X17: 62750 | Y17: 12
J18: 医療材料費 | L18: 13 | M18: - | N18: - | O18: - | P18: - | S18: 4860 | T18: - | U18: - | V18: - | W18: - | X18: 4860 | Y18: 13
J19: 飲食材料費 | L19: 14 | M19: - | N19: - | O19: - | P19: - | S19: - | T19: - | U19: - | V19: 28334 | W19: - | X19: 28334 | Y19: 14
J20: 加工賃 | L20: 15 | M20: - | N20: - | O20: - | P20: - | S20: 3087 | T20: - | U20: - | V20: - | W20: - | X20: 3087 | Y20: 15
J21: 賃金 | L21: 16 | M21: 60813 | N21: 6674 | O21: - | P21: 3225 | S21: 51275 | T21: - | U21: 22365 | V21: 16494 | W21: - | X21: 154172 | Y21: 16
J22: 委託費 | L22: 17 | M22: 80073 | N22: 2192 | O22: 254582 | P22: 660875 | S22: 126778 | T22: - | U22: 397888 | V22: 499661 | W22: 21823 | X22: 2041680 | Y22: 17
J23: 委託管理費 | L23: 18 | M23: 8835 | N23: - | O23: - | P23: 303 | S23: 19516 | T23: - | U23: 88596 | V23: 191857 | W23: 6035 | X23: 315143 | Y23: 18
J24: 委託検査料 | L24: 19 | M24: - | N24: - | O24: - | P24: - | S24: 1399 | T24: - | U24: - | V24: - | W24: - | X24: 1399 | Y24: 19
J25: 光熱水料 | L25: 20 | M25: 2565 | N25: 249 | O25: 5000 | P25: 362 | S25: 4322 | T25: - | U25: 8825 | V25: 74640 | W25: 968 | X25: 96681 | Y25: 20
J26: 燃料費 | L26: 21 | M26: 89 | N26: - | O26: 199 | P26: - | S26: 282 | T26: - | U26: 11 | V26: 4321 | W26: - | X26: 4902 | Y26: 21
J27: 被服費 | L27: 22 | M27: - | N27: - | O27: - | P27: - | S27: 539 | T27: - | U27: - | V27: 644 | W27: - | X27: 1183 | Y27: 22
J28: 修繕費 | L28: 23 | M28: 4956 | N28: - | O28: 5637 | P28: 29 | S28: 4201 | T28: - | U28: 5436 | V28: 21369 | W28: - | X28: 41629 | Y28: 23
J29: 洗濯費 | L29: 24 | M29: 103 | N29: - | O29: 17 | P29: 93 | S29: 1870 | T29: - | U29: 82 | V29: 3621 | W29: - | X29: 5787 | Y29: 24
J30: 賃借料 | L30: 25 | M30: 15113 | N30: 9547 | O30: 47151 | P30: 2721 | S30: 49345 | T30: 425 | U30: 19565 | V30: 197439 | W30: 10717 | X30: 342476 | Y30: 25
J31: 保険料 | L31: 26 | M31: 378968 | N31: - | O31: 128810 | P31: 236 | S31: 653 | T31: - | U31: 738 | V31: 3231 | W31: - | X31: 512637 | Y31: 26
J32: 調査研究費 | L32: 27 | M32: 1362 | N32: - | O32: - | P32: - | S32: 784 | T32: 126946 | U32: 12 | V32: 2173 | W32: 190 | X32: 131466 | Y32: 27
J33: 施設経営推進事業費 | L33: 28 | M33: - | N33: - | O33: - | P33: - | S33: - | T33: 1840 | U33: - | V33: - | W33: - | X33: 1840 | Y33: 28
J34: 普及費 | L34: 29 | M34: 4732 | N34: 148 | O34: 49706 | P34: 2431 | S34: 20942 | T34: 4158 | U34: 35178 | V34: 144957 | W34: 17115 | X34: 279218 | Y34: 29
J35: 広告費 | L35: 30 | M35: - | N35: - | O35: - | P35: - | S35: - | T35: - | U35: - | V35: - | W35: - | X35: - | Y35: 30
J36: 組合交付金 | L36: 31 | M36: - | N36: - | O36: - | P36: - | S36: - | T36: - | U36: - | V36: - | W36: - | X36: - | Y36: 31
J37: 諸謝金 | L37: 32 | M37: 8 | N37: - | O37: 3103 | P37: - | S37: - | T37: 250 | U37: 225 | V37: 4192 | W37: - | X37: 7779 | Y37: 32
J38: 食糧費 | L38: 33 | M38: - | N38: - | O38: 1899 | P38: - | S38: - | T38: - | U38: - | V38: 705 | W38: - | X38: 2604 | Y38: 33
J39: 負担金 | L39: 34 | M39: 596142 | N39: 7990 | O39: 1561895 | P39: 539462 | S39: 8465 | T39: 1853 | U39: 59147 | V39: 209336 | W39: 10617 | X39: 2986917 | Y39: 34
J40: 消費税 | L40: 35 | M40: 375543 | N40: - | O40: 51747 | P40: 23731 | S40: 647 | T40: 13195 | U40: 32 | V40: 841356 | W40: 89357 | X40: 1395607 | Y40: 35
J41: 連合会分担金 | L41: 36 | M41: - | N41: - | O41: - | P41: - | S41: - | T41: - | U41: 44505 | V41: 238183 | W41: 13615 | X41: 296303 | Y41: 36
J42: 公租公課等 | L42: 37 | M42: - | N42: - | O42: 4595 | P42: - | S42: - | T42: - | U42: - | V42: - | W42: - | X42: 4595 | Y42: 37
J43: 通信交通費 | L43: 38 | M43: - | N43: - | O43: - | P43: 33 | S43: - | T43: - | U43: - | V43: - | W43: - | X43: 33 | Y43: 38
J44: 助成金及び交付金 | L44: 39 | M44: - | N44: - | O44: - | P44: - | S44: - | T44: - | U44: - | V44: 3649 | W44: - | X44: 3649 | Y44: 39
J45: 保険料充当金返還金 | L45: 40 | M45: 3245 | N45: - | O45: - | P45: - | S45: - | T45: - | U45: - | V45: - | W45: - | X45: 3245 | Y45: 40
J46: 信託等売買手数料 | L46: 41 | M46: - | N46: - | O46: - | P46: - | S46: - | T46: - | U46: - | V46: - | W46: - | X46: - | Y46: 41
J47: 施設経営推進事業資金 | L47: 42 | M47: - | N47: - | O47: - | P47: - | S47: - | T47: - | U47: - | V47: - | W47: - | X47: - | Y47: 42
J48: 災害見舞品費 | L48: 43 | M48: - | N48: - | O48: - | P48: - | S48: - | T48: 6860 | U48: - | V48: - | W48: - | X48: 6860 | Y48: 43
J49: 分担金 | L49: 44 | M49: - | N49: - | O49: - | P49: 122 | S49: - | T49: - | U49: - | V49: - | W49: - | X49: 122 | Y49: 44
J50: 現金過不足 | L50: 45 | M50: - | N50: - | O50: - | P50: - | S50: - | T50: - | U50: - | V50: - | W50: - | X50: - | Y50: 45
J51: 雑費 | L51: 46 | M51: 257 | N51: 42 | O51: 13490 | P51: 293 | S51: 129 | T51: - | U51: 712 | V51: 3099 | W51: 4 | X51: 17984 | Y51: 46
J52: 減価償却費 | L52: 47 | M52: 5172 | N52: - | O52: 9980 | P52: 10907 | S52: 30247 | T52: - | U52: 21129 | V52: 114190 | W52: 793 | X52: 192417 | Y52: 47
J53: 貸倒引当金繰入 | L53: 48 | M53: 21 | N53: - | O53: - | P53: - | S53: 721 | T53: - | U53: - | V53: - | W53: - | X53: 741 | Y53: 48
J54: 災害補てん引当金繰入 | L54: 49 | M54: - | N54: - | O54: - | P54: - | S54: - | T54: - | U54: - | V54: - | W54: - | X54: - | Y54: 49
J55: 特別修繕引当金繰入 | L55: 50 | M55: - | N55: - | O55: - | P55: - | S55: - | T55: - | U55: 1236 | V55: 53000 | W55: - | X55: 54236 | Y55: 50
J56: 支払利息 | L56: 51 | M56: - | N56: - | O56: - | P56: - | S56: - | T56: - | U56: - | V56: - | W56: - | X56: - | Y56: 51
J57: 創業費償却 | L57: 52 | M57: - | N57: - | O57: - | P57: - | S57: - | T57: - | U57: - | V57: - | W57: - | X57: - | Y57: 52
J58: 開発費償却 | L58: 53 | M58: 10817 | N58: - | O58: 85140 | P58: 23107 | S58: - | T58: - | U58: 1811 | V58: 15260 | W58: - | X58: 136135 | Y58: 53
J59: 有価証券売却損 | L59: 54 | M59: - | N59: - | O59: - | P59: - | S59: - | T59: - | U59: - | V59: - | W59: - | X59: - | Y59: 54
J60: 有価証券評価損 | L60: 55 | M60: - | N60: - | O60: - | P60: - | S60: - | T60: - | U60: - | V60: - | W60: - | X60: - | Y60: 55
J61: 償還差損 | L61: 56 | M61: 587 | N61: - | O61: - | P61: - | S61: - | T61: - | U61: - | V61: - | W61: - | X61: 587 | Y61: 56
J62: 承継差損 | L62: 57 | M62: - | N62: - | O62: - | P62: - | S62: - | T62: - | U62: - | V62: - | W62: - | X62: - | Y62: 57
J63: 貸倒損失 | L63: 58 | M63: - | N63: - | O63: - | P63: - | S63: - | T63: - | U63: - | V63: - | W63: - | X63: - | Y63: 58
J64: 雑損 | L64: 59 | M64: 0 | N64: - | O64: - | P64: - | S64: - | T64: - | U64: - | V64: - | W64: - | X64: 0 | Y64: 59
F65: 繰入金 | J65: 業務経理へ繰入 | L65: 60 | M65: - | N65: - | O65: - | P65: - | S65: - | T65: - | U65: - | V65: - | W65: - | X65: - | Y65: 60
J66: 保健経理へ繰入 | L66: 61 | M66: - | N66: - | O66: - | P66: - | S66: - | T66: - | U66: - | V66: 80760 | W66: - | X66: 80760 | Y66: 61
J67: 医療経理へ繰入 | L67: 62 | M67: 8488 | N67: - | O67: - | P67: - | S67: - | T67: - | U67: - | V67: - | W67: - | X67: 8488 | Y67: 62
J68: 宿泊経理へ繰入 | L68: 63 | M68: 80167 | N68: - | O68: 323721 | P68: 85000 | S68: 913210 | T68: 24231 | U68: - | V68: 1452770 | W68: 25000 | X68: 2904099 | Y68: 63
J69: 貯金経理へ繰入 | L69: 64 | M69: - | N69: - | O69: - | P69: - | S69: - | T69: - | U69: - | V69: - | W69: - | X69: - | Y69: 64
J70: 貸付経理へ繰入 | L70: 65 | M70: - | N70: - | O70: - | P70: - | S70: - | T70: - | U70: - | V70: - | W70: - | X70: - | Y70: 65
J71: 物資経理へ繰入 | L71: 66 | M71: - | N71: - | O71: - | P71: - | S71: - | T71: - | U71: - | V71: - | W71: - | X71: - | Y71: 66
J72: 住宅経理へ繰入 | L72: 67 | M72: - | N72: - | O72: - | P72: - | S72: - | T72: - | U72: - | V72: - | W72: - | X72: - | Y72: 67
J73: 医療経理へ相互繰入 | L73: 68 | M73: 20098 | N73: - | O73: 1270000 | P73: - | S73: - | T73: - | U73: - | V73: - | W73: - | X73: 1290098 | Y73: 68
J74: 宿泊経理へ相互繰入 | L74: 69 | M74: 84328 | N74: - | O74: 490000 | P74: 420596 | S74: - | T74: - | U74: - | V74: 300000 | W74: 120000 | X74: 1414924 | Y74: 69
J75: 貸付経理へ相互繰入 | L75: 70 | M75: - | N75: - | O75: - | P75: 190 | S75: - | T75: - | U75: - | V75: - | W75: - | X75: 190 | Y75: 70
J76: 物資経理へ相互繰入 | L76: 71 | M76: 12822 | N76: - | O76: - | P76: 61006 | S76: - | T76: - | U76: - | V76: - | W76: - | X76: 73828 | Y76: 71
G77: 特別損失 | J77: 前期損益修正損 | L77: 72 | M77: 1874 | N77: - | O77: 32579 | P77: 754 | S77: 545 | T77: - | U77: 88 | V77: 25635 | W77: 15487 | X77: 76961 | Y77: 72
J78: 固定資産売却損 | L78: 73 | M78: - | N78: - | O78: - | P78: - | S78: - | T78: - | U78: - | V78: 86912 | W78: - | X78: 86912 | Y78: 73
J79: 固定資産除却損 | L79: 74 | M79: 5 | N79: 5 | O79: 34 | P79: 479 | S79: 0 | T79: - | U79: 2407 | V79: 35 | W79: - | X79: 2960 | Y79: 74
J80: 固定資産評価損 | L80: 75 | M80: - | N80: - | O80: - | P80: - | S80: - | T80: - | U80: - | V80: - | W80: - | X80: - | Y80: 75
G81: 当期利益金 | J81: 当期利益金 | L81: 76 | M81: 378745 | N81: - | O81: 624242 | P81: - | S81: 1038486 | T81: 105396 | U81: 423654 | V81: 1213254 | W81: 73624 | X81: 3857400 | Y81: 76
G82: 合計 | L82: 77 | M82: 7568421 | N82: 211857 | O82: 24183194 | P82: 6792077 | S82: 4240628 | T82: 296888 | U82: 4399992 | V82: 24531342 | W82: 1640750 | X82: 73653292 | Y82: 77
D83: 令和２年度合計 | L83: 78 | M83: 7426969 | N83: 204260 | O83: 24489994 | P83: 6461977 | S83: 4014175 | T83: 297498 | U83: 3872048 | V83: 25249668 | W83: 1646393 | X83: 73458721 | Y83: 78
D84: 令和元年度合計 | L84: 79 | M84: 7591065 | N84: 203173 | O84: 24098137 | P84: 6426759 | S84: 4088798 | T84: 300811 | U84: 4290440 | V84: 24043395 | W84: 1690861 | X84: 72530266 | Y84: 79
W87: （単位 千円）
M89: 地方職員共済組合 | O89: 公立学校共済組合 | P89: 警察共済組合 | S89: 東京都職員 共済組合 | T89: 全国市町村職員 共済組合連合会 | U89: 指定都市職員 共済組合 | V89: 市町村職員 共済組合 | W89: 都市職員 共済組合 | X89: 合計
N90: (再掲)団体共済部
D91: 貸方 | F91: 経常収益 | J91: 負担金 | L91: 1 | M91: 2642889 | N91: 102454 | O91: 9457445 | P91: 2681469 | S91: 1521353 | T91: - | U91: 1815517 | V91: 11416288 | W91: 800500 | X91: 30335460 | Y91: 1
J92: 掛金 | L92: 2 | M92: 2558861 | N92: 102372 | O92: 9308861 | P92: 2591499 | S92: 1639980 | T92: - | U92: 1556595 | V92: 10830481 | W92: 787169 | X92: 29273446 | Y92: 2
J93: 内部患者収入 | L93: 3 | M93: - | N93: - | O93: - | P93: - | S93: 52460 | T93: - | U93: - | V93: - | W93: - | X93: 52460 | Y93: 3
J94: 保険患者収入 | L94: 4 | M94: - | N94: - | O94: - | P94: - | S94: 62217 | T94: - | U94: - | V94: - | W94: - | X94: 62217 | Y94: 4
J95: 一般患者収入 | L95: 5 | M95: - | N95: - | O95: - | P95: - | S95: 17742 | T95: - | U95: - | V95: - | W95: - | X95: 17742 | Y95: 5
J96: 老人保健患者収入 | L96: 6 | M96: - | N96: - | O96: - | P96: - | S96: 19790 | T96: - | U96: - | V96: - | W96: - | X96: 19790 | Y96: 6
J97: 施設収入 | L97: 7 | M97: 709096 | N97: - | O97: - | P97: 323 | S97: 2032 | T97: - | U97: 248932 | V97: 277166 | W97: - | X97: 1237549 | Y97: 7
J98: 商品売上 | L98: 8 | M98: - | N98: - | O98: - | P98: 3 | S98: - | T98: - | U98: - | V98: 1623 | W98: - | X98: 1626 | Y98: 8
J99: 商品販売益 | L99: 9 | M99: - | N99: - | O99: - | P99: - | S99: - | T99: - | U99: - | V99: - | W99: - | X99: - | Y99: 9
J100: 組合分担金 | L100: 10 | M100: - | N100: - | O100: - | P100: - | S100: - | T100: 296310 | U100: - | V100: - | W100: - | X100: 296310 | Y100: 10
J101: 保険手数料 | L101: 11 | M101: 117427 | N101: - | O101: 1501 | P101: 964121 | S101: - | T101: - | U101: - | V101: 288608 | W101: 12986 | X101: 1384643 | Y101: 11
J102: 保険料充当金 | L102: 12 | M102: 381624 | N102: - | O102: - | P102: - | S102: - | T102: - | U102: - | V102: - | W102: - | X102: 381624 | Y102: 12
J103: 現金過不足 | L103: 13 | M103: - | N103: - | O103: - | P103: - | S103: - | T103: - | U103: - | V103: - | W103: - | X103: - | Y103: 13
J104: 特定健康診査等収入 | L104: 14 | M104: 23 | N104: - | O104: 126120 | P104: 21687 | S104: - | T104: - | U104: 14516 | V104: 218396 | W104: - | X104: 380741 | Y104: 14
...

Sheet 19
C1: １９ 医療経理貸借対照表
X2: （単位 千円）
P4: 地方職員共済組合 | Q4: 公立学校共済組合 | R4: 警察共済組合 | U4: 東京都職員 共済組合 | V4: 指定都市職員 共済組合 | W4: 市町村職員 共済組合 | X4: 都市職員 共済組合 | Y4: 合計
D6: 借方 | F6: 流動資産 | J6: 現金 | O6: 1 | P6: 835 | Q6: 14078 | R6: - | U6: - | V6: - | W6: - | X6: - | Y6: 14913 | Z6: 1
J7: 小口現金 | O7: 2 | P7: 105 | Q7: 800 | R7: - | U7: - | V7: - | W7: - | X7: - | Y7: 905 | Z7: 2
J8: 当座預金 | O8: 3 | P8: - | Q8: - | R8: - | U8: - | V8: - | W8: - | X8: - | Y8: - | Z8: 3
J9: 普通預金 | O9: 4 | P9: 1027711 | Q9: 16747528 | R9: 278233 | U9: - | V9: - | W9: - | X9: - | Y9: 18053472 | Z9: 4
J10: 通知預金 | O10: 5 | P10: 2000 | Q10: - | R10: - | U10: - | V10: - | W10: - | X10: - | Y10: 2000 | Z10: 5
J11: 定期預金 | O11: 6 | P11: 239000 | Q11: - | R11: - | U11: - | V11: - | W11: - | X11: - | Y11: 239000 | Z11: 6
J12: 金銭信託 | O12: 7 | P12: - | Q12: - | R12: - | U12: - | V12: - | W12: - | X12: - | Y12: - | Z12: 7
J13: 有価証券 | O13: 8 | P13: 314913 | Q13: - | R13: - | U13: - | V13: - | W13: - | X13: - | Y13: 314913 | Z13: 8
J14: 貸付信託 | O14: 9 | P14: - | Q14: - | R14: - | U14: - | V14: - | W14: - | X14: - | Y14: - | Z14: 9
J15: 証券投資信託 | O15: 10 | P15: - | Q15: - | R15: - | U15: - | V15: - | W15: - | X15: - | Y15: - | Z15: 10
J16: 差入有価証券 | O16: 11 | P16: - | Q16: - | R16: - | U16: - | V16: - | W16: - | X16: - | Y16: - | Z16: 11
J17: 有価証券信託 | O17: 12 | P17: - | Q17: - | R17: - | U17: - | V17: - | W17: - | X17: - | Y17: - | Z17: 12
J18: 保管有価証券 | O18: 13 | P18: - | Q18: - | R18: - | U18: - | V18: - | W18: - | X18: - | Y18: - | Z18: 13
J19: 商品 | O19: 14 | P19: 1 | Q19: - | R19: - | U19: - | V19: - | W19: - | X19: - | Y19: 1 | Z19: 14
J20: 貯蔵品 | O20: 15 | P20: 34984 | Q20: 343006 | R20: 14549 | U20: - | V20: - | W20: - | X20: - | Y20: 392539 | Z20: 15
J21: 立替金 | O21: 16 | P21: 85 | Q21: 38333 | R21: 0 | U21: - | V21: - | W21: - | X21: - | Y21: 38418 | Z21: 16
J22: 仮払金 | O22: 17 | P22: - | Q22: 73 | R22: - | U22: - | V22: - | W22: - | X22: - | Y22: 73 | Z22: 17
J23: 前渡金 | O23: 18 | P23: - | Q23: - | R23: - | U23: - | V23: - | W23: - | X23: - | Y23: - | Z23: 18
J24: 前払費用 | O24: 19 | P24: 345 | Q24: 56013 | R24: 267 | U24: - | V24: - | W24: - | X24: - | Y24: 56625 | Z24: 19
J25: 未収収益 | O25: 20 | P25: 646 | Q25: - | R25: 47 | U25: - | V25: - | W25: - | X25: - | Y25: 693 | Z25: 20
J26: 短期貸付金 | O26: 21 | P26: - | Q26: - | R26: 293000 | U26: - | V26: - | W26: - | X26: - | Y26: 293000 | Z26: 21
J27: 未収金 | O27: 22 | P27: 243724 | Q27: 10347565 | R27: 2714 | U27: - | V27: - | W27: - | X27: - | Y27: 10594003 | Z27: 22
J28: 未達回送金 | O28: 23 | P28: - | Q28: - | R28: - | U28: - | V28: - | W28: - | X28: - | Y28: - | Z28: 23
J29: 貸倒引当金 | O29: 24 | P29: -4313 | Q29: -177111 | R29: -14 | U29: - | V29: - | W29: - | X29: - | Y29: -181437 | Z29: 24
F30: 固定資産 | J30: 建物 | O30: 25 | P30: - | Q30: 22779626 | R30: - | U30: - | V30: - | W30: - | X30: - | Y30: 22779626 | Z30: 25
J31: 借入不動産附帯施設 | O31: 26 | P31: - | Q31: 161 | R31: - | U31: - | V31: - | W31: - | X31: - | Y31: 161 | Z31: 26
J32: 構築物 | O32: 27 | P32: - | Q32: 577175 | R32: - | U32: - | V32: - | W32: - | X32: - | Y32: 577175 | Z32: 27
J33: 機械及び装置 | O33: 28 | P33: - | Q33: 8241 | R33: - | U33: - | V33: - | W33: - | X33: - | Y33: 8241 | Z33: 28
J34: 医療器具機械 | O34: 29 | P34: 26353 | Q34: 3222522 | R34: 2634 | U34: - | V34: - | W34: - | X34: - | Y34: 3251508 | Z34: 29
J35: 車両及び運搬具 | O35: 30 | P35: 0 | Q35: 2731 | R35: - | U35: - | V35: - | W35: - | X35: - | Y35: 2731 | Z35: 30
J36: 器具及び備品 | O36: 31 | P36: 9613 | Q36: 608615 | R36: 2250 | U36: - | V36: - | W36: - | X36: - | Y36: 620478 | Z36: 31
J37: 立木竹 | O37: 32 | P37: - | Q37: - | R37: - | U37: - | V37: - | W37: - | X37: - | Y37: - | Z37: 32
J38: 土地 | O38: 33 | P38: - | Q38: 24031288 | R38: - | U38: - | V38: - | W38: - | X38: - | Y38: 24031288 | Z38: 33
J39: 建設仮勘定 | O39: 34 | P39: - | Q39: 198576 | R39: - | U39: - | V39: - | W39: - | X39: - | Y39: 198576 | Z39: 34
J40: 借地権 | O40: 35 | P40: - | Q40: - | R40: - | U40: - | V40: - | W40: - | X40: - | Y40: - | Z40: 35
J41: 修学貸付金 | O41: 36 | P41: - | Q41: 26860 | R41: - | U41: - | V41: - | W41: - | X41: - | Y41: 26860 | Z41: 36
J42: 電話加入権 | O42: 37 | P42: - | Q42: 726 | R42: 74 | U42: - | V42: - | W42: - | X42: - | Y42: 800 | Z42: 37
J43: 敷金及び保証金 | O43: 38 | P43: - | Q43: 8015 | R43: 35 | U43: - | V43: - | W43: - | X43: - | Y43: 8050 | Z43: 38
J44: 加入金 | O44: 39 | P44: - | Q44: - | R44: - | U44: - | V44: - | W44: - | X44: - | Y44: - | Z44: 39
J45: 長期貸付金 | O45: 40 | P45: - | Q45: 20348944 | R45: - | U45: - | V45: - | W45: - | X45: - | Y45: 20348944 | Z45: 40
F46: 繰延資産 | J46: 創業費 | O46: 41 | P46: - | Q46: - | R46: - | U46: - | V46: - | W46: - | X46: - | Y46: - | Z46: 41
J47: 開発費 | O47: 42 | P47: 1266 | Q47: 1252525 | R47: - | U47: - | V47: - | W47: - | X47: - | Y47: 1253791 | Z47: 42
G48: 合計 | O48: 43 | P48: 1897268 | Q48: 100436290 | R48: 593790 | U48: - | V48: - | W48: - | X48: - | Y48: 102927348 | Z48: 43
D49: 令和２年度合計 | O49: 44 | P49: 1922015 | Q49: 95047852 | R49: 738898 | U49: - | V49: - | W49: - | X49: - | Y49: 97708764 | Z49: 44
D50: 令和元年度合計 | O50: 45 | P50: 1978723 | Q50: 93081899 | R50: 1776479 | U50: - | V50: - | W50: - | X50: - | Y50: 96837100 | Z50: 45
D52: 貸方 | F52: 流動負債 | J52: 短期借入金 | O52: 1 | P52: - | Q52: - | R52: - | U52: - | V52: - | W52: - | X52: - | Y52: - | Z52: 1
J53: 未払消費税 | O53: 2 | P53: 2403 | Q53: 140600 | R53: 2733 | U53: - | V53: - | W53: - | X53: - | Y53: 145736 | Z53: 2
J54: 未払金 | O54: 3 | P54: 219194 | Q54: 5188445 | R54: 6222 | U54: - | V54: - | W54: - | X54: - | Y54: 5413861 | Z54: 3
J55: 未払費用 | O55: 4 | P55: 10669 | Q55: 642933 | R55: 9647 | U55: - | V55: - | W55: - | X55: - | Y55: 663249 | Z55: 4
J56: 前受金 | O56: 5 | P56: - | Q56: 687 | R56: - | U56: - | V56: - | W56: - | X56: - | Y56: 687 | Z56: 5
J57: 預り金 | O57: 6 | P57: 2691 | Q57: 317943 | R57: 569 | U57: - | V57: - | W57: - | X57: - | Y57: 321203 | Z57: 6
J58: 受入保証金 | O58: 7 | P58: - | Q58: - | R58: 1295 | U58: - | V58: - | W58: - | X58: - | Y58: 1295 | Z58: 7
J59: 前受収益 | O59: 8 | P59: - | Q59: 4267 | R59: - | U59: - | V59: - | W59: - | X59: - | Y59: 4267 | Z59: 8
J60: 仮受金 | O60: 9 | P60: - | Q60: - | R60: - | U60: - | V60: - | W60: - | X60: - | Y60: - | Z60: 9
J61: 預り品 | O61: 10 | P61: - | Q61: - | R61: - | U61: - | V61: - | W61: - | X61: - | Y61: - | Z61: 10
J62: 預り有価証券 | O62: 11 | P62: - | Q62: - | R62: - | U62: - | V62: - | W62: - | X62: - | Y62: - | Z62: 11
F63: 固定負債 | J63: 長期借入金 | O63: 12 | P63: - | Q63: 2370000 | R63: - | U63: - | V63: - | W63: - | X63: - | Y63: 2370000 | Z63: 12
J64: 退職給与引当金 | O64: 13 | P64: 217124 | Q64: 11269726 | R64: 42796 | U64: - | V64: - | W64: - | X64: - | Y64: 11529647 | Z64: 13
J65: 災害補てん引当金 | O65: 14 | P65: - | Q65: 998676 | R65: - | U65: - | V65: - | W65: - | X65: - | Y65: 998676 | Z65: 14
J66: 特別修繕引当金 | O66: 15 | P66: 108000 | Q66: - | R66: - | U66: - | V66: - | W66: - | X66: - | Y66: 108000 | Z66: 15
F67: 剰余金 （欠損金） | J67: 資本剰余金 | O67: 16 | P67: 234429 | Q67: 55048594 | R67: - | U67: - | V67: - | W67: - | X67: - | Y67: 55283023 | Z67: 16
I68: 利益剰余金又は欠損金 | M68: 建設積立金 | O68: 17 | P68: - | Q68: - | R68: - | U68: - | V68: - | W68: - | X68: - | Y68: - | Z68: 17
M69: 改良積立金 | O69: 18 | P69: 26697 | Q69: 160547 | R69: - | U69: - | V69: - | W69: - | X69: - | Y69: 187244 | Z69: 18
M70: 欠損金補てん積立金 | O70: 19 | P70: 9672 | Q70: 5146454 | R70: 250 | U70: - | V70: - | W70: - | X70: - | Y70: 5156375 | Z70: 19
M71: 積立金又は 繰越欠損金 | O71: 20 | P71: 1066389 | Q71: 19147418 | R71: 530278 | U71: - | V71: - | W71: - | X71: - | Y71: 20744086 | Z71: 20
G72: 合計 | O72: 21 | P72: 1897268 | Q72: 100436290 | R72: 593790 | U72: - | V72: - | W72: - | X72: - | Y72: 102927348 | Z72: 21
D73: 令和２年度合計 | O73: 22 | P73: 1922015 | Q73: 95047852 | R73: 738898 | U73: - | V73: - | W73: - | X73: - | Y73: 97708764 | Z73: 22
D74: 令和元年度合計 | O74: 23 | P74: 1978723 | Q74: 93081899 | R74: 1776479 | U74: - | V74: - | W74: - | X74: - | Y74: 96837100 | Z74: 23

Sheet 20
C1: ２０ 医療経理損益計算書
R2: （単位 千円）
M4: 地方職員共済組合 | N4: 公立学校共済組合 | O4: 警察共済組合 | R4: 東京都職員 共済組合 | S4: 指定都市職員 共済組合 | T4: 市町村職員 共済組合 | U4: 都市職員 共済組合 | V4: 合計
D6: 借方 | F6: 経常費用 | J6: 役員報酬 | L6: 1 | M6: - | N6: - | O6: - | R6: - | S6: - | T6: - | U6: - | V6: - | W6: 1
J7: 職員給与 | L7: 2 | M7: 282727 | N7: 30236669 | O7: 96634 | R7: - | S7: - | T7: - | U7: - | V7: 30616030 | W7: 2
J8: 社会保険負担金 | L8: 3 | M8: - | N8: 4352037 | O8: - | R8: - | S8: - | T8: - | U8: - | V8: 4352037 | W8: 3
J9: 厚生費 | L9: 4 | M9: 12546 | N9: 16656 | O9: 362 | R9: - | S9: - | T9: - | U9: - | V9: 29563 | W9: 4
J10: 旅費 | L10: 5 | M10: 334 | N10: 13160 | O10: 35 | R10: - | S10: - | T10: - | U10: - | V10: 13530 | W10: 5
J11: 事務費 | L11: 6 | M11: 3875 | N11: 180670 | O11: 2279 | R11: - | S11: - | T11: - | U11: - | V11: 186825 | W11: 6
J12: 商品仕入 | L12: 7 | M12: 7 | N12: - | O12: - | R12: - | S12: - | T12: - | U12: - | V12: 7 | W12: 7
J13: 消耗器具費 | L13: 8 | M13: - | N13: - | O13: 181 | R13: - | S13: - | T13: - | U13: - | V13: 181 | W13: 8
J14: 事業用消耗品費 | L14: 9 | M14: 7589 | N14: 406218 | O14: 1688 | R14: - | S14: - | T14: - | U14: - | V14: 415495 | W14: 9
J15: 薬品費 | L15: 10 | M15: 849737 | N15: 8307105 | O15: 74760 | R15: - | S15: - | T15: - | U15: - | V15: 9231602 | W15: 10
J16: 医療材料費 | L16: 11 | M16: 17395 | N16: 4808030 | O16: 5465 | R16: - | S16: - | T16: - | U16: - | V16: 4830890 | W16: 11
J17: 飲食材料費 | L17: 12 | M17: - | N17: 433948 | O17: - | R17: - | S17: - | T17: - | U17: - | V17: 433948 | W17: 12
J18: 加工賃 | L18: 13 | M18: 3077 | N18: - | O18: - | R18: - | S18: - | T18: - | U18: - | V18: 3077 | W18: 13
J19: 賃金 | L19: 14 | M19: 58917 | N19: - | O19: 12439 | R19: - | S19: - | T19: - | U19: - | V19: 71356 | W19: 14
J20: 委託費 | L20: 15 | M20: 30877 | N20: 4851275 | O20: 4713 | R20: - | S20: - | T20: - | U20: - | V20: 4886864 | W20: 15
J21: 委託管理費 | L21: 16 | M21: 33732 | N21: - | O21: 1181 | R21: - | S21: - | T21: - | U21: - | V21: 34913 | W21: 16
J22: 委託診療費 | L22: 17 | M22: - | N22: - | O22: 2106 | R22: - | S22: - | T22: - | U22: - | V22: 2106 | W22: 17
J23: 委託検査料 | L23: 18 | M23: 20061 | N23: - | O23: 7656 | R23: - | S23: - | T23: - | U23: - | V23: 27717 | W23: 18
J24: 光熱水料 | L24: 19 | M24: 10783 | N24: 1022056 | O24: 441 | R24: - | S24: - | T24: - | U24: - | V24: 1033279 | W24: 19
J25: 燃料費 | L25: 20 | M25: - | N25: 883 | O25: 0 | R25: - | S25: - | T25: - | U25: - | V25: 884 | W25: 20
J26: 被服費 | L26: 21 | M26: 528 | N26: 15909 | O26: 136 | R26: - | S26: - | T26: - | U26: - | V26: 16573 | W26: 21
J27: 修繕費 | L27: 22 | M27: 6852 | N27: 592113 | O27: 260 | R27: - | S27: - | T27: - | U27: - | V27: 599224 | W27: 22
J28: 洗濯費 | L28: 23 | M28: 2933 | N28: 37108 | O28: 666 | R28: - | S28: - | T28: - | U28: - | V28: 40706 | W28: 23
J29: 管理費 | L29: 24 | M29: - | N29: - | O29: 3 | R29: - | S29: - | T29: - | U29: - | V29: 3 | W29: 24
J30: 賃借料 | L30: 25 | M30: 13188 | N30: 957233 | O30: 8142 | R30: - | S30: - | T30: - | U30: - | V30: 978563 | W30: 25
J31: 保険料 | L31: 26 | M31: 2719 | N31: 74380 | O31: 611 | R31: - | S31: - | T31: - | U31: - | V31: 77710 | W31: 26
J32: 調査研究費 | L32: 27 | M32: 994 | N32: 219265 | O32: 20 | R32: - | S32: - | T32: - | U32: - | V32: 220279 | W32: 27
J33: 普及費 | L33: 28 | M33: 864 | N33: 1010746 | O33: 496 | R33: - | S33: - | T33: - | U33: - | V33: 1012107 | W33: 28
J34: 広告費 | L34: 29 | M34: 271 | N34: - | O34: - | R34: - | S34: - | T34: - | U34: - | V34: 271 | W34: 29
J35: 患者費 | L35: 30 | M35: 147 | N35: - | O35: - | R35: - | S35: - | T35: - | U35: - | V35: 147 | W35: 30
J36: 諸謝金 | L36: 31 | M36: 53257 | N36: 27117 | O36: - | R36: - | S36: - | T36: - | U36: - | V36: 80374 | W36: 31
J37: 食糧費 | L37: 32 | M37: - | N37: 5523 | O37: - | R37: - | S37: - | T37: - | U37: - | V37: 5523 | W37: 32
J38: 負担金 | L38: 33 | M38: 53316 | N38: - | O38: 14269 | R38: - | S38: - | T38: - | U38: - | V38: 67585 | W38: 33
J39: 分担金 | L39: 34 | M39: - | N39: - | O39: 1282 | R39: - | S39: - | T39: - | U39: - | V39: 1282 | W39: 34
J40: 消費税 | L40: 35 | M40: 87019 | N40: 2310905 | O40: 2733 | R40: - | S40: - | T40: - | U40: - | V40: 2400657 | W40: 35
J41: 公租公課等 | L41: 36 | M41: - | N41: 77825 | O41: - | R41: - | S41: - | T41: - | U41: - | V41: 77825 | W41: 36
J42: 信託等売買手数料 | L42: 37 | M42: - | N42: - | O42: - | R42: - | S42: - | T42: - | U42: - | V42: - | W42: 37
J43: 現金過不足 | L43: 38 | M43: - | N43: - | O43: - | R43: - | S43: - | T43: - | U43: - | V43: - | W43: 38
J44: 雑費 | L44: 39 | M44: 2190 | N44: 277409 | O44: 365 | R44: - | S44: - | T44: - | U44: - | V44: 279964 | W44: 39
J45: 減価償却費 | L45: 40 | M45: 11463 | N45: 2949798 | O45: 1587 | R45: - | S45: - | T45: - | U45: - | V45: 2962848 | W45: 40
J46: 貸倒引当金繰入 | L46: 41 | M46: 4313 | N46: 177111 | O46: 14 | R46: - | S46: - | T46: - | U46: - | V46: 181437 | W46: 41
J47: 災害補てん引当金繰入 | L47: 42 | M47: - | N47: 51606 | O47: - | R47: - | S47: - | T47: - | U47: - | V47: 51606 | W47: 42
J48: 特別修繕引当金繰入 | L48: 43 | M48: 2000 | N48: - | O48: - | R48: - | S48: - | T48: - | U48: - | V48: 2000 | W48: 43
J49: 支払利息 | L49: 44 | M49: - | N49: - | O49: - | R49: - | S49: - | T49: - | U49: - | V49: - | W49: 44
J50: 創業費償却 | L50: 45 | M50: - | N50: - | O50: - | R50: - | S50: - | T50: - | U50: - | V50: - | W50: 45
J51: 開発費償却 | L51: 46 | M51: 507 | N51: 138508 | O51: 0 | R51: - | S51: - | T51: - | U51: - | V51: 139015 | W51: 46
J52: 有価証券売却損 | L52: 47 | M52: - | N52: - | O52: - | R52: - | S52: - | T52: - | U52: - | V52: - | W52: 47
J53: 有価証券評価損 | L53: 48 | M53: - | N53: - | O53: - | R53: - | S53: - | T53: - | U53: - | V53: - | W53: 48
J54: 償還差損 | L54: 49 | M54: 924 | N54: - | O54: - | R54: - | S54: - | T54: - | U54: - | V54: 924 | W54: 49
J55: 承継差損 | L55: 50 | M55: - | N55: - | O55: - | R55: - | S55: - | T55: - | U55: - | V55: - | W55: 50
J56: 貸倒損失 | L56: 51 | M56: - | N56: - | O56: - | R56: - | S56: - | T56: - | U56: - | V56: - | W56: 51
J57: 雑損 | L57: 52 | M57: - | N57: 45159 | O57: - | R57: - | S57: - | T57: - | U57: - | V57: 45159 | W57: 52
G58: 繰入金 | J58: 保健経理へ相互繰入 | L58: 53 | M58: - | N58: - | O58: - | R58: - | S58: - | T58: - | U58: - | V58: - | W58: 53
J59: 宿泊経理へ相互繰入 | L59: 54 | M59: - | N59: - | O59: 100000 | R59: - | S59: - | T59: - | U59: - | V59: 100000 | W59: 54
G60: 特別損失 | J60: 前期損益修正損 | L60: 55 | M60: - | N60: 22516 | O60: 2839 | R60: - | S60: - | T60: - | U60: - | V60: 25355 | W60: 55
J61: 固定資産売却損 | L61: 56 | M61: - | N61: - | O61: - | R61: - | S61: - | T61: - | U61: - | V61: - | W61: 56
J62: 固定資産除却損 | L62: 57 | M62: 0 | N62: 36139 | O62: 210 | R62: - | S62: - | T62: - | U62: - | V62: 36349 | W62: 57
J63: 固定資産評価損 | L63: 58 | M63: - | N63: - | O63: - | R63: - | S63: - | T63: - | U63: - | V63: - | W63: 58
G64: 当期利益金 | J64: 当期利益金 | L64: 59 | M64: - | N64: 2169057 | O64: - | R64: - | S64: - | T64: - | U64: - | V64: 2169057 | W64: 59
G65: 合計 | L65: 60 | M65: 1575143 | N65: 65824132 | O65: 343571 | R65: - | S65: - | T65: - | U65: - | V65: 67742846 | W65: 60
D66: 令和２年度合計 | L66: 61 | M66: 1742385 | N66: 63012704 | O66: 947146 | R66: - | S66: - | T66: - | U66: - | V66: 65702235 | W66: 61
D67: 令和元年度合計 | L67: 62 | M67: 1813863 | N67: 63290163 | O67: 2229857 | R67: - | S67: - | T67: - | U67: - | V67: 67333883 | W67: 62
U70: （単位 千円）
M72: 地方職員共済組合 | N72: 公立学校共済組合 | O72: 警察共済組合 | R72: 東京都職員 共済組合 | S72: 指定都市職員 共済組合 | T72: 市町村職員 共済組合 | U72: 都市職員 共済組合 | V72: 合計
D74: 貸方 | F74: 経常収益 | J74: 内部患者収入 | L74: 1 | M74: 212613 | N74: - | O74: 178720 | R74: - | S74: - | T74: - | U74: - | V74: 391334 | W74: 1
J75: 保険患者収入 | L75: 2 | M75: 1036807 | N75: - | O75: 8474 | R75: - | S75: - | T75: - | U75: - | V75: 1045281 | W75: 2
J76: 一般患者収入 | L76: 3 | M76: 33059 | N76: - | O76: 5153 | R76: - | S76: - | T76: - | U76: - | V76: 38212 | W76: 3
J77: 検診収入 | L77: 4 | M77: - | N77: - | O77: 22264 | R77: - | S77: - | T77: - | U77: - | V77: 22264 | W77: 4
J78: 入院診療収入 | L78: 5 | M78: - | N78: 36122985 | O78: - | R78: - | S78: - | T78: - | U78: - | V78: 36122985 | W78: 5
J79: 外来診療収入 | L79: 6 | M79: - | N79: 17088899 | O79: - | R79: - | S79: - | T79: - | U79: - | V79: 17088899 | W79: 6
J80: 雑診療収入 | L80: 7 | M80: - | N80: 158480 | O80: - | R80: - | S80: - | T80: - | U80: - | V80: 158480 | W80: 7
J81: 施設収入 | L81: 8 | M81: 181017 | N81: 3514710 | O81: - | R81: - | S81: - | T81: - | U81: - | V81: 3695728 | W81: 8
J82: 商品売上 | L82: 9 | M82: 9 | N82: - | O82: - | R82: - | S82: - | T82: - | U82: - | V82: 9 | W82: 9
J83: 商品販売益 | L83: 10 | M83: - | N83: - | O83: - | R83: - | S83: - | T83: - | U83: - | V83: - | W83: 10
J84: 現金過不足 | L84: 11 | M84: - | N84: - | O84: - | R84: - | S84: - | T84: - | U84: - | V84: - | W84: 11
J85: 雑収入 | L85: 12 | M85: 45666 | N85: 1295345 | O85: 242 | R85: - | S85: - | T85: - | U85: - | V85: 1341254 | W85: 12
J86: 補助金 | L86: 13 | M86: - | N86: 5987694 | O86: - | R86: - | S86: - | T86: - | U86: - | V86: 5987694 | W86: 13
J87: 寄附金 | L87: 14 | M87: 720 | N87: 8939 | O87: - | R87: - | S87: - | T87: - | U87: - | V87: 9659 | W87: 14
J88: 貸倒引当金戻入 | L88: 15 | M88: 4096 | N88: 157926 | O88: 21 | R88: - | S88: - | T88: - | U88: - | V88: 162043 | W88: 15
J89: 災害補てん引当金戻入 | L89: 16 | M89: - | N89: 76343 | O89: - | R89: - | S89: - | T89: - | U89: - | V89: 76343 | W89: 16
J90: 特別修繕引当金戻入 | L90: 17 | M90: - | N90: - | O90: - | R90: - | S90: - | T90: - | U90: - | V90: - | W90: 17
J91: 利息及び配当金 | L91: 18 | M91: 1380 | N91: 100487 | O91: 187 | R91: - | S91: - | T91: - | U91: - | V91: 102054 | W91: 18
J92: 賃貸料 | L92: 19 | M92: - | N92: - | O92: - | R92: - | S92: - | T92: - | U92: - | V92: - | W92: 19
J93: 有価証券売却益 | L93: 20 | M93: - | N93: - | O93: - | R93: - | S93: - | T93: - | U93: - | V93: - | W93: 20
J94: 有価証券評価益 | L94: 21 | M94: - | N94: - | O94: - | R94: - | S94: - | T94: - | U94: - | V94: - | W94: 21
J95: 償還差益 | L95: 22 | M95: 38 | N95: - | O95: - | R95: - | S95: - | T95: - | U95: - | V95: 38 | W95: 22
J96: 承継差益 | L96: 23 | M96: - | N96: - | O96: - | R96: - | S96: - | T96: - | U96: - | V96: - | W96: 23
J97: 雑益 | L97: 24 | M97: - | N97: 37898 | O97: - | R97: - | S97: - | T97: - | U97: - | V97: 37898 | W97: 24
G98: 繰入金 | J98: 保健経理より繰入 | L98: 25 | M98: 8488 | N98: - | O98: - | R98: - | S98: - | T98: - | U98: - | V98: 8488 | W98: 25
J99: 保健経理より相互繰入 | L99: 26 | M99: 20098 | N99: 1270000 | O99: - | R99: - | S99: - | T99: - | U99: - | V99: 1290098 | W99: 26
J100: 宿泊経理より相互繰入 | L100: 27 | M100: - | N100: - | O100: - | R100: - | S100: - | T100: - | U100: - | V100: - | W100: 27
J101: 住宅経理より相互繰入 | L101: 28 | M101: - | N101: - | O101: - | R101: - | S101: - | T101: - | U101: - | V101: - | W101: 28
J102: 貯金経理より相互繰入 | L102: 29 | M102: - | N102: - | O102: - | R102: - | S102: - | T102: - | U102: - | V102: - | W102: 29
J103: 物資経理より相互繰入 | L103: 30 | M103: - | N103: - | O103: - | R103: - | S103: - | T103: - | U103: - | V103: - | W103: 30
G104: 特別利益 | J104: 前期損益修正益 | L104: 31 | M104: 500 | N104: 4287 | O104: 1050 | R104: - | S104: - | T104: - | U104: - | V104: 5837 | W104: 31
J105: 固定資産売却益 | L105: 32 | M105: - | N105: 136 | O105: - | R105: - | S105: - | T105: - | U105: - | V105: 136 | W105: 32
J106: 固定資産評価益 | L106: 33 | M106: - | N106: - | O106: - | R106: - | S106: - | T106: - | U106: - | V106: - | W106: 33
...

Sheet 21
C1: ２１ 宿泊経理貸借対照表
V2: （単位 千円）
P4: 地方職員共済組合 | Q4: 公立学校共済組合 | R4: 警察共済組合 | U4: 東京都職員 共済組合 | V4: 全国市町村職員 共済組合連合会 | W4: 指定都市職員 共済組合 | X4: 市町村職員 共済組合 | Y4: 都市職員 共済組合 | Z4: 合計
D6: 借方 | F6: 流動資産 | J6: 現金 | O6: 1 | P6: 7195 | Q6: 24836 | R6: 7131 | U6: 217 | V6: - | W6: - | X6: 30116 | Y6: 955 | Z6: 70450 | AA6: 1
J7: 小口現金 | O7: 2 | P7: 728 | Q7: 3057 | R7: 379 | U7: - | V7: - | W7: - | X7: 1060 | Y7: 100 | Z7: 5325 | AA7: 2
J8: 当座預金 | O8: 3 | P8: - | Q8: - | R8: - | U8: - | V8: - | W8: - | X8: 19751 | Y8: - | Z8: 19751 | AA8: 3
J9: 普通預金 | O9: 4 | P9: 1241054 | Q9: 19520062 | R9: 1507546 | U9: 4183210 | V9: 436688 | W9: - | X9: 8778700 | Y9: 243884 | Z9: 35911145 | AA9: 4
J10: 通知預金 | O10: 5 | P10: - | Q10: - | R10: - | U10: - | V10: - | W10: - | X10: - | Y10: - | Z10: - | AA10: 5
J11: 定期預金 | O11: 6 | P11: 80000 | Q11: 100000 | R11: - | U11: - | V11: - | W11: - | X11: 5375535 | Y11: - | Z11: 5555535 | AA11: 6
J12: 金銭信託 | O12: 7 | P12: - | Q12: - | R12: - | U12: - | V12: - | W12: - | X12: 2010032 | Y12: - | Z12: 2010032 | AA12: 7
J13: 有価証券 | O13: 8 | P13: 229940 | Q13: - | R13: 1200 | U13: - | V13: - | W13: - | X13: 9872521 | Y13: 499955 | Z13: 10603616 | AA13: 8
J14: 貸付信託 | O14: 9 | P14: - | Q14: - | R14: - | U14: - | V14: - | W14: - | X14: - | Y14: - | Z14: - | AA14: 9
J15: 証券投資信託 | O15: 10 | P15: - | Q15: - | R15: - | U15: - | V15: - | W15: - | X15: - | Y15: - | Z15: - | AA15: 10
J16: 差入有価証券 | O16: 11 | P16: - | Q16: - | R16: - | U16: - | V16: - | W16: - | X16: - | Y16: - | Z16: - | AA16: 11
J17: 保管有価証券 | O17: 12 | P17: - | Q17: - | R17: - | U17: - | V17: - | W17: - | X17: 2630 | Y17: - | Z17: 2630 | AA17: 12
J18: 商品 | O18: 13 | P18: 1753 | Q18: 15448 | R18: 2643 | U18: - | V18: - | W18: - | X18: 5652 | Y18: - | Z18: 25496 | AA18: 13
J19: 受託商品 | O19: 14 | P19: 5 | Q19: - | R19: - | U19: - | V19: - | W19: - | X19: - | Y19: - | Z19: 5 | AA19: 14
J20: 貯蔵品 | O20: 15 | P20: 15441 | Q20: 99923 | R20: 38608 | U20: - | V20: - | W20: - | X20: 551521 | Y20: 4992 | Z20: 710484 | AA20: 15
J21: 立替金 | O21: 16 | P21: 442 | Q21: 21242 | R21: 224 | U21: - | V21: - | W21: - | X21: 3146 | Y21: - | Z21: 25053 | AA21: 16
J22: 仮払金 | O22: 17 | P22: - | Q22: 11 | R22: - | U22: - | V22: - | W22: - | X22: 48309 | Y22: - | Z22: 48320 | AA22: 17
J23: 前渡金 | O23: 18 | P23: - | Q23: - | R23: - | U23: - | V23: - | W23: - | X23: - | Y23: - | Z23: - | AA23: 18
J24: 前払費用 | O24: 19 | P24: 5786 | Q24: 13415 | R24: 35615 | U24: 6672 | V24: 216 | W24: - | X24: 31446 | Y24: 2946 | Z24: 96096 | AA24: 19
J25: 未収収益 | O25: 20 | P25: 299 | Q25: 1 | R25: 457 | U25: - | V25: 1 | W25: - | X25: 21398 | Y25: 2089 | Z25: 24246 | AA25: 20
J26: 短期貸付金 | O26: 21 | P26: - | Q26: - | R26: 4478000 | U26: - | V26: - | W26: - | X26: - | Y26: - | Z26: 4478000 | AA26: 21
J27: 未収金 | O27: 22 | P27: 185302 | Q27: 563832 | R27: 147598 | U27: 130493 | V27: 57241 | W27: - | X27: 1821939 | Y27: 13963 | Z27: 2920368 | AA27: 22
J28: 未達回送金 | O28: 23 | P28: - | Q28: - | R28: - | U28: - | V28: - | W28: - | X28: 5448 | Y28: - | Z28: 5448 | AA28: 23
J29: 貸倒引当金 | O29: 24 | P29: -2293 | Q29: -7260 | R29: -1617 | U29: -2610 | V29: - | W29: - | X29: -30775 | Y29: -49 | Z29: -44604 | AA29: 24
F30: 固定資産 | J30: 建物 | O30: 25 | P30: 8770510 | Q30: 19313160 | R30: 8088892 | U30: 5375084 | V30: 1922205 | W30: - | X30: 32769986 | Y30: 1235685 | Z30: 77475524 | AA30: 25
J31: 借入不動産附帯施設 | O31: 26 | P31: 78635 | Q31: - | R31: 34102 | U31: - | V31: - | W31: - | X31: - | Y31: - | Z31: 112737 | AA31: 26
J32: 構築物 | O32: 27 | P32: 16183 | Q32: 562046 | R32: 18280 | U32: 17254 | V32: 27892 | W32: - | X32: 664504 | Y32: 4767 | Z32: 1310926 | AA32: 27
J33: 機械及び装置 | O33: 28 | P33: 44689 | Q33: 50881 | R33: 2970 | U33: 8645 | V33: 2522 | W33: - | X33: 286162 | Y33: 44397 | Z33: 440264 | AA33: 28
J34: 車両及び運搬具 | O34: 29 | P34: 135 | Q34: 2853 | R34: 0 | U34: 0 | V34: 0 | W34: - | X34: 14970 | Y34: - | Z34: 17959 | AA34: 29
J35: 器具及び備品 | O35: 30 | P35: 125279 | Q35: 409972 | R35: 312590 | U35: 61537 | V35: 34015 | W35: - | X35: 524879 | Y35: 12746 | Z35: 1481018 | AA35: 30
J36: 立木竹 | O36: 31 | P36: - | Q36: 147 | R36: - | U36: 46 | V36: - | W36: - | X36: 602 | Y36: - | Z36: 795 | AA36: 31
J37: 土地 | O37: 32 | P37: 989585 | Q37: 51015097 | R37: 2442083 | U37: 273758 | V37: 1843204 | W37: - | X37: 21899798 | Y37: 479777 | Z37: 78943303 | AA37: 32
J38: 建設仮勘定 | O38: 33 | P38: - | Q38: - | R38: - | U38: 159927 | V38: - | W38: - | X38: 158500 | Y38: - | Z38: 318427 | AA38: 33
J39: 借地権 | O39: 34 | P39: - | Q39: - | R39: - | U39: - | V39: - | W39: - | X39: - | Y39: - | Z39: - | AA39: 34
J40: 引湯権 | O40: 35 | P40: - | Q40: - | R40: - | U40: - | V40: - | W40: - | X40: 14144 | Y40: - | Z40: 14144 | AA40: 35
J41: 電話加入権 | O41: 36 | P41: - | Q41: 754 | R41: 1077 | U41: - | V41: - | W41: - | X41: 15877 | Y41: - | Z41: 17709 | AA41: 36
J42: 敷金及び保証金 | O42: 37 | P42: 181 | Q42: 2195 | R42: - | U42: - | V42: - | W42: - | X42: 642 | Y42: 4 | Z42: 3022 | AA42: 37
J43: 加入金 | O43: 38 | P43: 11 | Q43: 8180 | R43: 45 | U43: - | V43: - | W43: - | X43: 81 | Y43: - | Z43: 8316 | AA43: 38
J44: 土地移換金 | O44: 39 | P44: - | Q44: - | R44: - | U44: - | V44: - | W44: - | X44: - | Y44: - | Z44: - | AA44: 39
J45: 水道施設利用権 | O45: 40 | P45: - | Q45: - | R45: - | U45: - | V45: - | W45: - | X45: - | Y45: - | Z45: - | AA45: 40
J46: 長期貸付金 | O46: 41 | P46: - | Q46: 12962622 | R46: - | U46: - | V46: - | W46: - | X46: - | Y46: - | Z46: 12962622 | AA46: 41
J47: 生命保険 | O47: 42 | P47: - | Q47: - | R47: - | U47: 4694868 | V47: - | W47: - | X47: - | Y47: - | Z47: 4694868 | AA47: 42
F48: 繰延資産 | J48: 創業費 | O48: 43 | P48: - | Q48: - | R48: - | U48: - | V48: - | W48: - | X48: - | Y48: - | Z48: - | AA48: 43
J49: 開発費 | O49: 44 | P49: 8900 | Q49: 106657 | R49: 5445 | U49: - | V49: - | W49: - | X49: 1602 | Y49: - | Z49: 122605 | AA49: 44
G50: 合計 | O50: 45 | P50: 11799761 | Q50: 104789130 | R50: 17123269 | U50: 14909102 | V50: 4323983 | W50: - | X50: 84900179 | Y50: 2546212 | Z50: 240391636 | AA50: 45
D51: 令和２年度合計 | O51: 46 | P51: 12414831 | Q51: 107783606 | R51: 18170440 | U51: 14712038 | V51: 4376715 | W51: - | X51: 86630669 | Y51: 2758555 | Z51: 246846855 | AA51: 46
D52: 令和元年度合計 | O52: 47 | P52: 12698040 | Q52: 114444486 | R52: 20280167 | U52: 14454187 | V52: 4688986 | W52: - | X52: 88268607 | Y52: 2874952 | Z52: 257709425 | AA52: 47
V55: （単位 千円）
P57: 地方職員共済組合 | Q57: 公立学校共済組合 | R57: 警察共済組合 | U57: 東京都職員 | V57: 全国市町村職員 | W57: 指定都市職員 | X57: 市町村職員 | Y57: 都市職員 | Z57: 合計
U58: 共 済 組 合 | V58: 共済組合連合会 | W58: 共 済 組 合 | X58: 共 済 組 合 | Y58: 共済組合
D59: 貸方 | F59: 流動負債 | J59: 短期借入金 | O59: 1 | P59: - | Q59: - | R59: - | U59: - | V59: - | W59: - | X59: - | Y59: - | Z59: - | AA59: 1
J60: 未払消費税 | O60: 2 | P60: 3126 | Q60: 74924 | R60: 2690 | U60: - | V60: - | W60: - | X60: 44538 | Y60: - | Z60: 125279 | AA60: 2
J61: 未払金 | O61: 3 | P61: 204397 | Q61: 628957 | R61: 193213 | U61: 243993 | V61: 57542 | W61: - | X61: 439746 | Y61: 15182 | Z61: 1783030 | AA61: 3
J62: 未払税金 | O62: 4 | P62: - | Q62: - | R62: 348 | U62: - | V62: - | W62: - | X62: - | Y62: - | Z62: 348 | AA62: 4
J63: 未払費用 | O63: 5 | P63: 28927 | Q63: 107498 | R63: 12062 | U63: 1512 | V63: 23 | W63: - | X63: 275408 | Y63: 14486 | Z63: 439916 | AA63: 5
J64: 前受金 | O64: 6 | P64: 3081 | Q64: 56024 | R64: 8063 | U64: - | V64: 11911 | W64: - | X64: 66914 | Y64: 2478 | Z64: 148471 | AA64: 6
J65: 預り金 | O65: 7 | P65: 6467 | Q65: 117340 | R65: 3271 | U65: 36 | V65: 39280 | W65: - | X65: 37640 | Y65: - | Z65: 204033 | AA65: 7
J66: 受入保証金 | O66: 8 | P66: - | Q66: 1555 | R66: 15570 | U66: - | V66: 48102 | W66: - | X66: 206237 | Y66: - | Z66: 271463 | AA66: 8
J67: 前受収益 | O67: 9 | P67: 1848 | Q67: 3073 | R67: 4997 | U67: - | V67: - | W67: - | X67: 10639 | Y67: 7 | Z67: 20564 | AA67: 9
J68: 仮受金 | O68: 10 | P68: - | Q68: - | R68: - | U68: 25834 | V68: - | W68: - | X68: 21101 | Y68: - | Z68: 46935 | AA68: 10
J69: 受託商品引受 | O69: 11 | P69: 5 | Q69: - | R69: - | U69: - | V69: - | W69: - | X69: - | Y69: - | Z69: 5 | AA69: 11
J70: 預り品 | O70: 12 | P70: - | Q70: - | R70: - | U70: - | V70: - | W70: - | X70: - | Y70: - | Z70: - | AA70: 12
J71: 受託建物 | O71: 13 | P71: 1548088 | Q71: - | R71: - | U71: - | V71: - | W71: - | X71: - | Y71: - | Z71: 1548088 | AA71: 13
G72: 固定負債 | J72: 長期借入金 | O72: 14 | P72: 1512000 | Q72: - | R72: - | U72: - | V72: 742000 | W72: - | X72: 1249634 | Y72: - | Z72: 3503634 | AA72: 14
J73: 退職給与引当金 | O73: 15 | P73: 590017 | Q73: 1648425 | R73: 226983 | U73: - | V73: 8799 | W73: - | X73: 1099884 | Y73: 47274 | Z73: 3621382 | AA73: 15
J74: 災害補てん引当金 | O74: 16 | P74: - | Q74: - | R74: - | U74: - | V74: - | W74: - | X74: - | Y74: - | Z74: - | AA74: 16
J75: 特別修繕引当金 | O75: 17 | P75: 89897 | Q75: 70077 | R75: - | U75: - | V75: 524000 | W75: - | X75: 2348195 | Y75: 72918 | Z75: 3105088 | AA75: 17
J76: 土地圧縮引当金 | O76: 18 | P76: 534081 | Q76: - | R76: - | U76: - | V76: - | W76: - | X76: - | Y76: - | Z76: 534081 | AA76: 18
G77: 剰余金 （欠損金） | J77: 資本剰余金 | O77: 19 | P77: 14896811 | Q77: 34718277 | R77: 15034022 | U77: 10619766 | V77: - | W77: - | X77: 59964345 | Y77: 2131098 | Z77: 137364318 | AA77: 19
I78: 利益剰余金又は欠損金 | M78: 建設積立金 | O78: 20 | P78: - | Q78: - | R78: - | U78: - | V78: - | W78: - | X78: - | Y78: - | Z78: - | AA78: 20
M79: 改良積立金 | O79: 21 | P79: - | Q79: - | R79: - | U79: - | V79: - | W79: - | X79: 475399 | Y79: - | Z79: 475399 | AA79: 21
M80: 整理積立金 | O80: 22 | P80: - | Q80: - | R80: 1077048 | U80: - | V80: - | W80: - | X80: - | Y80: - | Z80: 1077048 | AA80: 22
M81: 欠損金補てん 積立金 | O81: 23 | P81: 63580 | Q81: 7136528 | R81: 545002 | U81: 225211 | V81: 102708 | W81: - | X81: 6922820 | Y81: 113666 | Z81: 15109515 | AA81: 23
M82: 積立金又は 繰越欠損金 | O82: 24 | P82: -7682564 | Q82: 60226450 | R82: - | U82: 3792750 | V82: 2789619 | W82: - | X82: 11737678 | Y82: 149103 | Z82: 71013036 | AA82: 24
G83: 合計 | O83: 25 | P83: 11799761 | Q83: 104789130 | R83: 17123269 | U83: 14909102 | V83: 4323983 | W83: - | X83: 84900179 | Y83: 2546212 | Z83: 240391636 | AA83: 25
D84: 令和２年度合計 | O84: 26 | P84: 12414831 | Q84: 107783606 | R84: 18170440 | U84: 14712038 | V84: 4376715 | W84: - | X84: 86630669 | Y84: 2758555 | Z84: 246846855 | AA84: 26
D85: 令和元年度合計 | O85: 27 | P85: 12698040 | Q85: 114444486 | R85: 20280167 | U85: 14454187 | V85: 4688986 | W85: - | X85: 88268607 | Y85: 2874952 | Z85: 257709425 | AA85: 27

Sheet 22
D1: ２２ 宿泊経理損益計算書
V2: （単位 千円）
M4: 地方職員共済組合 | N4: 公立学校共済組合 | O4: 警察共済組合 | R4: 東京都職員 共済組合 | S4: 全国市町村職員 共済組合連合会 | T4: 指定都市職員 共済組合 | U4: 市町村職員 共済組合 | V4: 都市職員 共済組合 | W4: 合計
D6: 借方 | F6: 経常費用 | J6: 役員報酬 | L6: 1 | M6: - | N6: - | O6: - | R6: - | S6: - | T6: - | U6: - | V6: - | W6: - | X6: 1
J7: 職員給与 | L7: 2 | M7: 514499 | N7: 3500618 | O7: 290779 | R7: 3578 | S7: 4633 | T7: - | U7: 1075517 | V7: 54755 | W7: 5444379 | X7: 2
J8: 社会保険負担金 | L8: 3 | M8: - | N8: 647978 | O8: - | R8: - | S8: - | T8: - | U8: - | V8: - | W8: 647978 | X8: 3
J9: 厚生費 | L9: 4 | M9: 2964 | N9: 12305 | O9: 1585 | R9: - | S9: 14 | T9: - | U9: 7401 | V9: 211 | W9: 24480 | X9: 4
J10: 旅費 | L10: 5 | M10: 64 | N10: 2500 | O10: 135 | R10: 519 | S10: - | T10: - | U10: 3005 | V10: 51 | W10: 6274 | X10: 5
J11: 事務費 | L11: 6 | M11: 13328 | N11: 115307 | O11: 3008 | R11: 1167 | S11: 104 | T11: - | U11: 49379 | V11: 697 | W11: 182991 | X11: 6
J12: 商品仕入 | L12: 7 | M12: 5019 | N12: 471250 | O12: 86698 | R12: - | S12: - | T12: - | U12: 98500 | V12: 1505 | W12: 662971 | X12: 7
J13: 消耗器具費 | L13: 8 | M13: - | N13: - | O13: 1719 | R13: - | S13: - | T13: - | U13: - | V13: - | W13: 1719 | X13: 8
J14: 事業用消耗品費 | L14: 9 | M14: 58770 | N14: 299739 | O14: 42965 | R14: 376 | S14: 2851 | T14: - | U14: 312448 | V14: 5017 | W14: 722166 | X14: 9
J15: 飲食材料費 | L15: 10 | M15: 236693 | N15: 866027 | O15: 138287 | R15: - | S15: 1590 | T15: - | U15: 861182 | V15: 8675 | W15: 2112454 | X15: 10
